Workbook

Sheet Summary
A1: Curriculum Request Summary Sheet | F1: 2026-2027
A2: Name | E2: Date: | J2: Select
A3: Grade | J3: Yes
A4: Parent
A5: Consultant | C5: Choose Consultant
A6: Filled | B6: Qty | C6: Product # | D6: Title | E6: Grade | F6: Vendor | G6: Subject | H6: Cost | I6: Total
B7: =Art!A25 -> 0 | C7: =Art!B25 -> HL-ART | D7: Kindergarten art materials | E7: =Art!D25 -> K only | F7: =Art!E25 -> 0 | G7: =Art!F25 -> Art | H7: =Art!G25 -> 0 | I7: =Art!H25 -> 0
B8: ='High School'!A4 -> 0 | C8: ='High School'!B4 -> 9781264320219 | D8: ='High School'!C4 -> CUS Glencoe Health Student Edition | E8: ='High School'!D4 -> 9 | F8: ='High School'!E4 -> McGraw Hill | G8: ='High School'!F4 -> Health
B9: ='High School'!A5 -> 0 | C9: ='High School'!B5 -> 9781264320233 | D9: ='High School'!C5 -> CUS Glencoe Health Teacher Edition | E9: ='High School'!D5 -> 9 | F9: ='High School'!E5 -> McGraw Hill | G9: ='High School'!F5 -> Health
B10: ='High School'!A8 -> 0 | C10: ='High School'!B8 -> 003999 | D10: ='High School'!C8 -> Art of Problem Solving Algebra | E10: ='High School'!D8 -> 0 | F10: ='High School'!E8 -> Rainbow Resource | G10: ='High School'!F8 -> Math
B11: ='High School'!A9 -> 0 | C11: ='High School'!B9 -> 002304 | D11: ='High School'!C9 -> Art of Problem Solving Algebra Solutions Manual | E11: ='High School'!D9 -> 0 | F11: ='High School'!E9 -> Rainbow Resource | G11: ='High School'!F9 -> Math
B12: ='High School'!A11 -> 0 | C12: ='High School'!B11 -> 004640 | D12: ='High School'!C11 -> Art of Problem Solving Geometry | E12: ='High School'!D11 -> 0 | F12: ='High School'!E11 -> Rainbow Resource | G12: ='High School'!F11 -> Math
B13: ='High School'!A12 -> 0 | C13: ='High School'!B12 -> 004638 | D13: ='High School'!C12 -> Art of Problem Solving Geometry Solutions Manual | E13: ='High School'!D12 -> 0 | F13: ='High School'!E12 -> Rainbow Resource | G13: ='High School'!F12 -> Math
B14: ='High School'!A14 -> 0 | C14: ='High School'!B14 -> 052330 | D14: ='High School'!C14 -> Envisions Algebra Set | E14: ='High School'!D14 -> 0 | F14: ='High School'!E14 -> Rainbow Resource | G14: ='High School'!F14 -> Math
B15: ='High School'!A16 -> 0 | C15: ='High School'!B16 -> Digital Access | D15: ='High School'!C16 -> ALEKS Pre Algebra | E15: ='High School'!D16 -> 0 | F15: ='High School'!E16 -> ALEKS | G15: ='High School'!F16 -> Math
B16: ='High School'!A17 -> 0 | C16: ='High School'!B17 -> Digital Access | D16: ='High School'!C17 -> ALEKS Algebra | E16: ='High School'!D17 -> 0 | F16: ='High School'!E17 -> ALEKS | G16: ='High School'!F17 -> Math
B17: ='High School'!A18 -> 0 | C17: ='High School'!B18 -> Digital Access | D17: ='High School'!C18 -> ALEKS Geometry | E17: ='High School'!D18 -> 0 | F17: ='High School'!E18 -> ALEKS | G17: ='High School'!F18 -> Math
B18: ='High School'!A19 -> 0 | C18: ='High School'!B19 -> Digital Access | D18: ='High School'!C19 -> ALEKS Algebra 2 | E18: ='High School'!D19 -> 0 | F18: ='High School'!E19 -> ALEKS | G18: ='High School'!F19 -> Math
B19: ='High School'!A21 -> 0 | C19: ='High School'!B21 -> 0 | D19: ='High School'!C21 -> Teaching Textbooks Algebra 1 Textbook and Answer Key | E19: ='High School'!D21 -> 0 | F19: ='High School'!E21 -> Teaching Textbooks | G19: ='High School'!F21 -> Math
B20: ='High School'!A22 -> 0 | C20: ='High School'!B22 -> Digital Access | D20: ='High School'!C22 -> Teaching Textbooks Algebra 1 Online Access | E20: ='High School'!D22 -> 0 | F20: ='High School'!E22 -> Teaching Textbooks | G20: ='High School'!F22 -> Math
B21: ='High School'!A24 -> 0 | C21: ='High School'!B24 -> 0 | D21: ='High School'!C24 -> Teaching Textbooks Algebra 2 Textbook and Answer Key | E21: ='High School'!D24 -> 0 | F21: ='High School'!E24 -> Teaching Textbooks | G21: ='High School'!F24 -> Math
B22: ='High School'!A25 -> 0 | C22: ='High School'!B25 -> Digital Access | D22: ='High School'!C25 -> Teaching Textbooks Algebra 2 Online Access | E22: ='High School'!D25 -> 0 | F22: ='High School'!E25 -> Teaching Textbooks | G22: ='High School'!F25 -> Math
B23: ='High School'!A27 -> 0 | C23: ='High School'!B27 -> 0 | D23: ='High School'!C27 -> Teaching Textbooks Geometry Textbook and Answer Key | E23: ='High School'!D27 -> 0 | F23: ='High School'!E27 -> Teaching Textbooks | G23: ='High School'!F27 -> Math
B24: ='High School'!A28 -> 0 | C24: ='High School'!B28 -> Digital Access | D24: ='High School'!C28 -> Teaching Textbooks Geometry Online Access | E24: ='High School'!D28 -> 0 | F24: ='High School'!E28 -> Teaching Textbooks | G24: ='High School'!F28 -> Math
B25: ='High School'!A31 -> 0 | C25: ='High School'!B31 -> IHP | D25: ='High School'!C31 -> I - American History I Package INCLUDES: Books Consumables- History Parent Guide (IHB-PGB), History Student Guide (IHB-PGB) *MUST ORDER REQUIRED RESOURCES SEPERATELY | E25: ='High School'!D31 -> 9 | F25: ='High School'!E31 -> Bookshark | G25: ='High School'!F31 -> History
B26: ='High School'!A32 -> 0 | C26: ='High School'!B32 -> IHB-PG | D26: ='High School'!C32 -> I - American History Parent Guide (extra) | E26: ='High School'!D32 -> 9 | F26: ='High School'!E32 -> Bookshark | G26: ='High School'!F32 -> History
B27: ='High School'!A33 -> 0 | C27: ='High School'!B33 -> IHB-SG | D27: ='High School'!C33 -> I - American History Student Guide (extra) | E27: ='High School'!D33 -> 9 | F27: ='High School'!E33 -> Bookshark | G27: ='High School'!F33 -> History
B28: ='High School'!A34 -> 0 | C28: ='High School'!B34 -> STOCK | D28: ='High School'!C34 -> I - BOOKS ONLY - American History | E28: ='High School'!D34 -> 9 | F28: ='High School'!E34 -> 0 | G28: ='High School'!F34 -> History
B29: ='High School'!A37 -> 0 | C29: ='High School'!B37 -> 9781423646365 | D29: ='High School'!C37 -> Washington Journey Student Textbook | E29: ='High School'!D37 -> 7 | F29: ='High School'!E37 -> Gibbs Smith | G29: ='High School'!F37 -> Social Studies
B30: ='High School'!A38 -> 0 | C30: ='High School'!B38 -> PDF | D30: ='High School'!C38 -> Washington Journey Teacher's Guide (PDF) | E30: ='High School'!D38 -> 7 | F30: ='High School'!E38 -> Gibbs Smith | G30: ='High School'!F38 -> Social Studies
B31: ='High School'!A41 -> 0 | C31: ='High School'!B41 -> ILLA | D31: ='High School'!C41 -> I - Literature & Language Arts I Package INCLUDES: Books Consumables- American Historical Literature & Language Arts I Student Guide (ILB-SG) and Parent Guide (ILB-PG) *MUST ORDER REQUIRED RESOURCES SEPERATELY | E31: ='High School'!D41 -> 0 | F31: ='High School'!E41 -> Bookshark | G31: ='High School'!F41 -> LA
B32: ='High School'!A42 -> 0 | C32: ='High School'!B42 -> ILB-SG | D32: ='High School'!C42 -> I - American Historical Literature & Language Arts Student Guide (extra) | E32: ='High School'!D42 -> 0 | F32: ='High School'!E42 -> Bookshark | G32: ='High School'!F42 -> LA
B33: ='High School'!A43 -> 0 | C33: ='High School'!B43 -> ILB-PG | D33: ='High School'!C43 -> I - American Historical Literature & Language Arts Parent Guide (extra) | E33: ='High School'!D43 -> 0 | F33: ='High School'!E43 -> Bookshark | G33: ='High School'!F43 -> LA
B34: ='High School'!A44 -> 0 | C34: ='High School'!B44 -> STOCK | D34: ='High School'!C44 -> I - BOOKS ONLY- American Historical Literature | E34: ='High School'!D44 -> 0 | F34: ='High School'!E44 -> 0 | G34: ='High School'!F44 -> LA
B35: ='High School'!A45 -> 0 | C35: ='High School'!B45 -> B-140-35 | D35: ='High School'!C45 -> Wordly Wise 8 book & Answer Key | E35: ='High School'!D45 -> 0 | F35: ='High School'!E45 -> Bookshark | G35: ='High School'!F45 -> LA
B36: ='High School'!A46 -> 0 | C36: ='High School'!B46 -> 140-11 | D36: ='High School'!C46 -> Thinking Analogies B1 | E36: ='High School'!D46 -> 0 | F36: ='High School'!E46 -> Bookshark | G36: ='High School'!F46 -> LA
B37: ='High School'!A48 -> 0 | C37: ='High School'!B48 -> JLLA | D37: ='High School'!C48 -> J-Literature & Language Arts Package *Includes Books Consumables- Classical Literature & Language Arts J Student Guide (JLB-SG) Classical Literature & Language Arts J Parent Guide (JLB-PG) *MUST ORDER REQUIRED RESOURCES SEPERATELY | E37: ='High School'!D48 -> 0 | F37: ='High School'!E48 -> Bookshark | G37: ='High School'!F48 -> LA
B38: ='High School'!A49 -> 0 | C38: ='High School'!B49 -> JLB-SG | D38: ='High School'!C49 -> Classical Literature & Language Arts J Student Guide (JLB-SG) extra | E38: ='High School'!D49 -> 0 | F38: ='High School'!E49 -> Bookshark | G38: ='High School'!F49 -> LA
B39: ='High School'!A50 -> 0 | C39: ='High School'!B50 -> JLB-PG | D39: ='High School'!C50 -> Classical Literature & Language Arts J Parent Guide (JLB-PG) extra | E39: ='High School'!D50 -> 0 | F39: ='High School'!E50 -> Bookshark | G39: ='High School'!F50 -> LA
B40: ='High School'!A51 -> 0 | C40: ='High School'!B51 -> STOCK | D40: ='High School'!C51 -> J - BOOKS ONLY Literature & Language Arts | E40: ='High School'!D51 -> 0 | F40: ='High School'!E51 -> 0 | G40: ='High School'!F51 -> LA
B41: ='High School'!A52 -> 0 | C41: ='High School'!B52 -> B-240-35 | D41: ='High School'!C52 -> Wordly Wise 9 Book & Answer key | E41: ='High School'!D52 -> 0 | F41: ='High School'!E52 -> Bookshark | G41: ='High School'!F52 -> LA
B42: ='High School'!A53 -> 0 | C42: ='High School'!B53 -> 140-11 | D42: ='High School'!C53 -> Thinking Analogies B1 | E42: ='High School'!D53 -> 0 | F42: ='High School'!E53 -> Bookshark | G42: ='High School'!F53 -> LA
B43: ='High School'!A59 -> 0 | C43: ='High School'!B59 -> 017769 | D43: ='High School'!C59 -> The Adventures of Huckleberry Finn Novel Units Teacher Guide | E43: ='High School'!D59 -> 11 | F43: ='High School'!E59 -> Rainbow Resource | G43: ='High School'!F59 -> LA - Literature
B44: ='High School'!A60 -> 0 | C44: ='High School'!B60 -> 017768 | D44: ='High School'!C60 -> The Adventures of Huckleberry Finn Novel Units Student Guide | E44: ='High School'!D60 -> 11 | F44: ='High School'!E60 -> Rainbow Resource | G44: ='High School'!F60 -> LA - Literature
B45: ='High School'!A61 -> 0 | C45: ='High School'!B61 -> cc2012 | D45: ='High School'!C61 -> The Adventures of Huckleberry Finn Classroom Complete Press Guide | E45: ='High School'!D61 -> 11 | F45: ='High School'!E61 -> Classroom Complete Press | G45: ='High School'!F61 -> LA - Literature
B46: ='High School'!A62 -> 0 | C46: ='High School'!B62 -> stock41 | D46: ='High School'!C62 -> The Adventures of Huckleberry Finn by Mark Twain | E46: ='High School'!D62 -> 0 | F46: ='High School'!E62 -> 0 | G46: ='High School'!F62 -> 0
B47: ='High School'!A64 -> 0 | C47: ='High School'!B64 -> 017771 | D47: ='High School'!C64 -> The Adventures of Tom Sawyer Novel Units Teacher Guide | E47: ='High School'!D64 -> 9-12 | F47: ='High School'!E64 -> Rainbow Resource | G47: ='High School'!F64 -> LA - Literature
B48: ='High School'!A65 -> 0 | C48: ='High School'!B65 -> 017770 | D48: ='High School'!C65 -> The Adventures of Tom Sawyer Novel Units Student Guide | E48: ='High School'!D65 -> 9-12 | F48: ='High School'!E65 -> Rainbow Resource | G48: ='High School'!F65 -> LA - Literature
B49: ='High School'!A66 -> 0 | C49: ='High School'!B66 -> stock4155 | D49: ='High School'!C66 -> The Adventures of Tom Sawyer by Mark Twain | E49: ='High School'!D66 -> 0 | F49: ='High School'!E66 -> 0 | G49: ='High School'!F66 -> 0
B50: ='High School'!A68 -> 0 | C50: ='High School'!B68 -> cc2002 | D50: ='High School'!C68 -> Angela's Ashes Classroom Complete Press Guide | E50: ='High School'!D68 -> 12 | F50: ='High School'!E68 -> Classroom Complete Press | G50: ='High School'!F68 -> LA - Literature
B51: ='High School'!A69 -> 0 | C51: ='High School'!B69 -> stock | D51: ='High School'!C69 -> Angela's Ashes by Frank McCourt | E51: ='High School'!D69 -> 0 | F51: ='High School'!E69 -> 0 | G51: ='High School'!F69 -> 0
B52: ='High School'!A71 -> 0 | C52: ='High School'!B71 -> 017777 | D52: ='High School'!C71 -> Animal Farm Novel Units Teacher Guide | E52: ='High School'!D71 -> 9 | F52: ='High School'!E71 -> Rainbow Resource | G52: ='High School'!F71 -> LA - Literature
B53: ='High School'!A72 -> 0 | C53: ='High School'!B72 -> 017776 | D53: ='High School'!C72 -> Animal Farm Novel Units Student Guide | E53: ='High School'!D72 -> 9 | F53: ='High School'!E72 -> Rainbow Resource | G53: ='High School'!F72 -> LA - Literature
B54: ='High School'!A73 -> 0 | C54: ='High School'!B73 -> cc2019 | D54: ='High School'!C73 -> Animal Farm Classroom Complete Press Guide Teacher Guide | E54: ='High School'!D73 -> 9 | F54: ='High School'!E73 -> Classroom Complete Press | G54: ='High School'!F73 -> LA - Literature
B55: ='High School'!A74 -> 0 | C55: ='High School'!B74 -> stock82 | D55: ='High School'!C74 -> Animal Farm by George Orwell | E55: ='High School'!D74 -> 0 | F55: ='High School'!E74 -> 0 | G55: ='High School'!F74 -> 0
B56: ='High School'!A76 -> 0 | C56: ='High School'!B76 -> cc2711 | D56: ='High School'!C76 -> Catching Fire Classroom Complete Press Guide | E56: ='High School'!D76 -> 10 | F56: ='High School'!E76 -> Classroom Complete Press | G56: ='High School'!F76 -> LA - Literature
B57: ='High School'!A77 -> 0 | C57: ='High School'!B77 -> stock | D57: ='High School'!C77 -> Catching Fire by Suzanne Collins | E57: ='High School'!D77 -> 0 | F57: ='High School'!E77 -> 0 | G57: ='High School'!F77 -> 0
B58: ='High School'!A79 -> 0 | C58: ='High School'!B79 -> 0 | D58: ='High School'!C79 -> The Catcher in the Rye Novel Units Teacher Guide | E58: ='High School'!D79 -> 12 | F58: ='High School'!E79 -> Novel Units | G58: ='High School'!F79 -> LA - Literature
B59: ='High School'!A80 -> 0 | C59: ='High School'!B80 -> 017801 | D59: ='High School'!C80 -> The Catcher in the Rye Novel Units Student Guide | E59: ='High School'!D80 -> 12 | F59: ='High School'!E80 -> Rainbow Resource | G59: ='High School'!F80 -> LA - Literature
B60: ='High School'!A81 -> 0 | C60: ='High School'!B81 -> cc2023 | D60: ='High School'!C81 -> The Catcher in the Rye Classroom Complete Press Guide | E60: ='High School'!D81 -> 12 | F60: ='High School'!E81 -> Classroom Complete Press | G60: ='High School'!F81 -> LA - Literature
B61: ='High School'!A82 -> 0 | C61: ='High School'!B82 -> stock | D61: ='High School'!C82 -> The Catcher in the Rye by J.D. Salinger | E61: ='High School'!D82 -> 0 | F61: ='High School'!E82 -> 0 | G61: ='High School'!F82 -> 0
B62: ='High School'!A84 -> 0 | C62: ='High School'!B84 -> 0 | D62: ='High School'!C84 -> The Crucible Novel Units Teacher Guide | E62: ='High School'!D84 -> 11 | F62: ='High School'!E84 -> Novel Units | G62: ='High School'!F84 -> LA - Literature
B63: ='High School'!A85 -> 0 | C63: ='High School'!B85 -> 0 | D63: ='High School'!C85 -> The Crucible Novel Units Student Guide | E63: ='High School'!D85 -> 11 | F63: ='High School'!E85 -> Novel Units | G63: ='High School'!F85 -> LA - Literature
B64: ='High School'!A86 -> 0 | C64: ='High School'!B86 -> 046918 | D64: ='High School'!C86 -> The Crucible Classroom Complete Press Guide | E64: ='High School'!D86 -> 11 | F64: ='High School'!E86 -> Rainbow Resource | G64: ='High School'!F86 -> LA - Literature
B65: ='High School'!A87 -> 0 | C65: ='High School'!B87 -> stock36 | D65: ='High School'!C87 -> The Crucible by Arthur Miller | E65: ='High School'!D87 -> 0 | F65: ='High School'!E87 -> 0 | G65: ='High School'!F87 -> 0
B66: ='High School'!A89 -> 0 | C66: ='High School'!B89 -> cc2014 | D66: ='High School'!C89 -> Fahrenheit 451 Classroom Complete Press Guide | E66: ='High School'!D89 -> 10 | F66: ='High School'!E89 -> Classroom Complete Press | G66: ='High School'!F89 -> LA - Literature
B67: ='High School'!A90 -> 0 | C67: ='High School'!B90 -> stock14 | D67: ='High School'!C90 -> Fahrenheit 451 by Ray Bradbury | E67: ='High School'!D90 -> 0 | F67: ='High School'!E90 -> 0 | G67: ='High School'!F90 -> 0
B68: ='High School'!A92 -> 0 | C68: ='High School'!B92 -> 017828 | D68: ='High School'!C92 -> Frankenstein Novel Units Teacher Guide | E68: ='High School'!D92 -> 12 | F68: ='High School'!E92 -> Rainbow Resource | G68: ='High School'!F92 -> LA - Literature
B69: ='High School'!A93 -> 0 | C69: ='High School'!B93 -> 017827 | D69: ='High School'!C93 -> Frankenstein Novel Units Student Guide | E69: ='High School'!D93 -> 12 | F69: ='High School'!E93 -> Rainbow Resource | G69: ='High School'!F93 -> LA - Literature
B70: ='High School'!A94 -> 0 | C70: ='High School'!B94 -> stock | D70: ='High School'!C94 -> Frankenstein by Mary Shelley | E70: ='High School'!D94 -> 0 | F70: ='High School'!E94 -> 0 | G70: ='High School'!F94 -> 0
B71: ='High School'!A96 -> 0 | C71: ='High School'!B96 -> 0 | D71: ='High School'!C96 -> The Fellowship of the Ring Novel Units Teacher Guide | E71: ='High School'!D96 -> 12 | F71: ='High School'!E96 -> Novel Units | G71: ='High School'!F96 -> LA - Literature
B72: ='High School'!A97 -> 0 | C72: ='High School'!B97 -> 0 | D72: ='High School'!C97 -> The Fellowship of the Ring Novel Units Student Guide | E72: ='High School'!D97 -> 12 | F72: ='High School'!E97 -> Novel Units | G72: ='High School'!F97 -> LA - Literature
B73: ='High School'!A98 -> 0 | C73: ='High School'!B98 -> stock | D73: ='High School'!C98 -> The Fellowship of the Ring by J.R.R. Tolkien | E73: ='High School'!D98 -> 0 | F73: ='High School'!E98 -> 0 | G73: ='High School'!F98 -> 0
B74: ='High School'!A100 -> 0 | C74: ='High School'!B100 -> cc2003 | D74: ='High School'!C100 -> The Grapes of Wrath Classroom Complete Press Guide | E74: ='High School'!D100 -> 11 | F74: ='High School'!E100 -> Novel Units | G74: ='High School'!F100 -> LA - Literature
B75: ='High School'!A101 -> 0 | C75: ='High School'!B101 -> stock15 | D75: ='High School'!C101 -> The Grapes of Wrath by John Steinbeck | E75: ='High School'!D101 -> 0 | F75: ='High School'!E101 -> 0 | G75: ='High School'!F101 -> 0
B76: ='High School'!A103 -> 0 | C76: ='High School'!B103 -> 017841 | D76: ='High School'!C103 -> The Great Gatsby Novel Units Teacher Guide | E76: ='High School'!D103 -> 11 | F76: ='High School'!E103 -> Rainbow Resource | G76: ='High School'!F103 -> LA - Literature
B77: ='High School'!A104 -> 0 | C77: ='High School'!B104 -> 017840 | D77: ='High School'!C104 -> The Great Gatsby Novel Units Student Guide | E77: ='High School'!D104 -> 11 | F77: ='High School'!E104 -> Rainbow Resource | G77: ='High School'!F104 -> LA - Literature
B78: ='High School'!A105 -> 0 | C78: ='High School'!B105 -> 047048 | D78: ='High School'!C105 -> The Great Gatsby Classroom Complete Press Guide | E78: ='High School'!D105 -> 11 | F78: ='High School'!E105 -> Rainbow Resource | G78: ='High School'!F105 -> LA - Literature
B79: ='High School'!A106 -> 0 | C79: ='High School'!B106 -> stock39 | D79: ='High School'!C106 -> The Great Gatsby by F. Scott Fitzgerald | E79: ='High School'!D106 -> 0 | F79: ='High School'!E106 -> 0 | G79: ='High School'!F106 -> 0
B80: ='High School'!A108 -> 0 | C80: ='High School'!B108 -> 047080 | D80: ='High School'!C108 -> Hamlet Classroom Complete Press Guide | E80: ='High School'!D108 -> 12 | F80: ='High School'!E108 -> Rainbow Resource | G80: ='High School'!F108 -> LA - Literature
B81: ='High School'!A109 -> 0 | C81: ='High School'!B109 -> stock | D81: ='High School'!C109 -> Hamlet by William Shakespeare | E81: ='High School'!D109 -> 0 | F81: ='High School'!E109 -> 0 | G81: ='High School'!F109 -> 0
B82: ='High School'!A111 -> 0 | C82: ='High School'!B111 -> 0 | D82: ='High School'!C111 -> The House of the Scorpion Novel Units Teacher Guide | E82: ='High School'!D111 -> 12 | F82: ='High School'!E111 -> Novel Units | G82: ='High School'!F111 -> LA - Literature
B83: ='High School'!A112 -> 0 | C83: ='High School'!B112 -> 0 | D83: ='High School'!C112 -> The House of the Scorpion Novel Units Student Guide | E83: ='High School'!D112 -> 12 | F83: ='High School'!E112 -> Novel Units | G83: ='High School'!F112 -> LA - Literature
B84: ='High School'!A113 -> 0 | C84: ='High School'!B113 -> stock1214 | D84: ='High School'!C113 -> The House of the Scorpion by Nancy Farmer | E84: ='High School'!D113 -> 0 | F84: ='High School'!E113 -> 0 | G84: ='High School'!F113 -> 0
B85: ='High School'!A115 -> 0 | C85: ='High School'!B115 -> 047177 | D85: ='High School'!C115 -> The Hunger Games Classroom Complete Press Guide | E85: ='High School'!D115 -> 9 | F85: ='High School'!E115 -> Rainbow Resource | G85: ='High School'!F115 -> LA - Literature
B86: ='High School'!A116 -> 0 | C86: ='High School'!B116 -> stock33 | D86: ='High School'!C116 -> The Hunger Games by Suzanne Collins | E86: ='High School'!D116 -> 0 | F86: ='High School'!E116 -> 0 | G86: ='High School'!F116 -> 0
B87: ='High School'!A118 -> 0 | C87: ='High School'!B118 -> cc2021 | D87: ='High School'!C118 -> Julius Caesar Classroom Complete Press Guide | E87: ='High School'!D118 -> 10 | F87: ='High School'!E118 -> Classroom Complete Press | G87: ='High School'!F118 -> LA - Literature
B88: ='High School'!A119 -> 0 | C88: ='High School'!B119 -> stock | D88: ='High School'!C119 -> Julius Caesar by William Shakespeare | E88: ='High School'!D119 -> 0 | F88: ='High School'!E119 -> 0 | G88: ='High School'!F119 -> 0
B89: ='High School'!A121 -> 0 | C89: ='High School'!B121 -> 017890 | D89: ='High School'!C121 -> Lord of the Flies Novel Units Teacher Guide | E89: ='High School'!D121 -> 10 | F89: ='High School'!E121 -> Rainbow Resource | G89: ='High School'!F121 -> LA - Literature
B90: ='High School'!A122 -> 0 | C90: ='High School'!B122 -> 017889 | D90: ='High School'!C122 -> Lord of the Flies Novel Units Student Guide | E90: ='High School'!D122 -> 10 | F90: ='High School'!E122 -> Rainbow Resource | G90: ='High School'!F122 -> LA - Literature
B91: ='High School'!A123 -> 0 | C91: ='High School'!B123 -> 047200 | D91: ='High School'!C123 -> Lord of the Flies Classroom Complete Press Guide | E91: ='High School'!D123 -> 10 | F91: ='High School'!E123 -> Rainbow Resource | G91: ='High School'!F123 -> LA - Literature
B92: ='High School'!A124 -> 0 | C92: ='High School'!B124 -> stock | D92: ='High School'!C124 -> Lord of the Flies by William Golding | E92: ='High School'!D124 -> 0 | F92: ='High School'!E124 -> 0 | G92: ='High School'!F124 -> 0
B93: ='High School'!A126 -> 0 | C93: ='High School'!B126 -> cc2013 | D93: ='High School'!C126 -> Macbeth Classroom Complete Press Guide | E93: ='High School'!D126 -> 11 | F93: ='High School'!E126 -> Classroom Complete Press | G93: ='High School'!F126 -> LA - Literature
B94: ='High School'!A127 -> 0 | C94: ='High School'!B127 -> stock36 | D94: ='High School'!C127 -> Macbeth by William Shakespeare | E94: ='High School'!D127 -> 0 | F94: ='High School'!E127 -> 0 | G94: ='High School'!F127 -> 0
B95: ='High School'!A129 -> 0 | C95: ='High School'!B129 -> 0 | D95: ='High School'!C129 -> Nineteen Eighty-Four Novel Units Teacher Guide | E95: ='High School'!D129 -> 10 | F95: ='High School'!E129 -> Novel Units | G95: ='High School'!F129 -> LA - Literature
B96: ='High School'!A130 -> 0 | C96: ='High School'!B130 -> 0 | D96: ='High School'!C130 -> Nineteen Eighty-Four Novel Units Student Guide | E96: ='High School'!D130 -> 10 | F96: ='High School'!E130 -> Novel Units | G96: ='High School'!F130 -> LA - Literature
B97: ='High School'!A131 -> 0 | C97: ='High School'!B131 -> cc2020 | D97: ='High School'!C131 -> Nineteen Eighty-Four Classroom Complete Press Guide | E97: ='High School'!D131 -> 10 | F97: ='High School'!E131 -> Classroom Complete Press | G97: ='High School'!F131 -> LA - Literature
B98: ='High School'!A132 -> 0 | C98: ='High School'!B132 -> stock29 | D98: ='High School'!C132 -> Nineteen Eighty-Four by George Orwell | E98: ='High School'!D132 -> 0 | F98: ='High School'!E132 -> 0 | G98: ='High School'!F132 -> 0
B99: ='High School'!A134 -> 0 | C99: ='High School'!B134 -> 017914 | D99: ='High School'!C134 -> Of Mice and Men Novel Units Teacher Guide | E99: ='High School'!D134 -> 9 | F99: ='High School'!E134 -> Rainbow Resource | G99: ='High School'!F134 -> LA - Literature
B100: ='High School'!A135 -> 0 | C100: ='High School'!B135 -> 017913 | D100: ='High School'!C135 -> Of Mice and Men Novel Units Student Guide | E100: ='High School'!D135 -> 9 | F100: ='High School'!E135 -> Rainbow Resource | G100: ='High School'!F135 -> LA - Literature
...

Sheet Math
C1: Math
A2: Quantity | B2: Product # | C2: Title | D2: Grade | E2: Vendor | F2: Subject | G2: Cost | H2: TOTAL
B4: MM1CLR | C4: Math Mammoth Light Blue Series Grade 1 Set | D4: 1 | E4: Rainbow Resource | F4: Math | G4: 56.5 | H4: =SUM(Math!$A4*Math!$G4) -> 0
B5: MM2CLR | C5: Math Mammoth Light Blue Series Grade 2 Set | D5: 2 | E5: Rainbow Resource | F5: Math | G5: 60.5 | H5: =SUM(Math!$A5*Math!$G5) -> 0
B6: 24MM3C | C6: Math Mammoth Light Blue Series Grade 3 Set | D6: 3 | E6: Rainbow Resource | F6: Math | G6: 61.95 | H6: =SUM(Math!$A6*Math!$G6) -> 0
B7: MM4CLR | C7: Math Mammoth Light Blue Series Grade 4 Set | D7: 4 | E7: Rainbow Resource | F7: Math | G7: 68.5 | H7: =SUM(Math!$A7*Math!$G7) -> 0
B8: MM5CLR | C8: Math Mammoth Light Blue Series Grade 5 Set | D8: 5 | E8: Rainbow Resource | F8: Math | G8: 74.25 | H8: =SUM(Math!$A8*Math!$G8) -> 0
B9: MM6CLR | C9: Math Mammoth Light Blue Series Grade 6 Set | D9: 6 | E9: Rainbow Resource | F9: Math | G9: 70.75 | H9: =SUM(Math!$A9*Math!$G9) -> 0
B10: MM7CLR | C10: Math Mammoth Light Blue Series Grade 7 Set | D10: 7 | E10: Rainbow Resource | F10: Math | G10: 90.5 | H10: =SUM(Math!$A10*Math!$G10) -> 0
C12: Dimensions Math- Blackline Masters (Use the link to Download- By Grade Level) | D12: K-5 | E12: Singapore Math
B14: DMTKA | C14: Dimensions Math Textbook KA | D14: K | E14: Singapore Math | F14: Math | G14: 14 | H14: =SUM(Math!$A14*Math!$G14) -> 0
B15: DMWKA | C15: Dimensions Math Workbook KA | D15: K | E15: Singapore Math | F15: Math | G15: 14 | H15: =SUM(Math!$A15*Math!$G15) -> 0
B16: DMTGKA | C16: Dimensions Math Teacher's Guide KA | D16: K | E16: Singapore Math | F16: Math | G16: 32 | H16: =SUM(Math!$A16*Math!$G16) -> 0
B17: DMTKB | C17: Dimensions Math Textbook KB | D17: K | E17: Singapore Math | F17: Math | G17: 14 | H17: =SUM(Math!$A17*Math!$G17) -> 0
B18: DMWKB | C18: Dimensions Math Workbook KB | D18: K | E18: Singapore Math | F18: Math | G18: 14 | H18: =SUM(Math!$A18*Math!$G18) -> 0
B19: DMTGKB | C19: Dimensions Math Teacher's Guide KB | D19: K | E19: Singapore Math | F19: Math | G19: 32 | H19: =SUM(Math!$A19*Math!$G19) -> 0
B20: DMTSTK | C20: Dimensions Math Tests K | D20: K | E20: Singapore Math | F20: Math | G20: 14 | H20: =SUM(Math!$A20*Math!$G20) -> 0
C21: Blackline Masters from Singapore- Download by title (free)-Use the link to the right. | D21: K | E21: Singapore Math | F21: Math
B23: DMT1A | C23: Dimensions Math Textbook 1A | D23: 1 | E23: Singapore Math | F23: Math | G23: 14 | H23: =SUM(Math!$A23*Math!$G23) -> 0
B24: DMW1A | C24: Dimensions Math Workbook 1A | D24: 1 | E24: Singapore Math | F24: Math | G24: 14 | H24: =SUM(Math!$A24*Math!$G24) -> 0
B25: DMHIG1A | C25: Dimensions Math Home Instructor's Guide 1A | D25: 1 | E25: Singapore Math | F25: Math | G25: 22 | H25: =SUM(Math!$A25*Math!$G25) -> 0
B26: DMTST1A | C26: Dimensions Math Tests 1A | D26: 1 | E26: Singapore Math | F26: Math | G26: 14 | H26: =SUM(Math!$A26*Math!$G26) -> 0
B27: DMT1B | C27: Dimensions Math Textbook 1B | D27: 1 | E27: Singapore Math | F27: Math | G27: 14 | H27: =SUM(Math!$A27*Math!$G27) -> 0
B28: DMW1B | C28: Dimensions Math Workbook 1B | D28: 1 | E28: Singapore Math | F28: Math | G28: 14 | H28: =SUM(Math!$A28*Math!$G28) -> 0
B29: DMHIG1B | C29: Dimensions Math Home Instructor's Guide 1B | D29: 1 | E29: Singapore Math | F29: Math | G29: 22 | H29: =SUM(Math!$A29*Math!$G29) -> 0
B30: DMTST1B | C30: Dimensions Math Tests 1B | D30: 1 | E30: Singapore Math | F30: Math | G30: 14 | H30: =SUM(Math!$A30*Math!$G30) -> 0
C31: Home Instructor's Printouts Library Singapore: Use link to Download by title (free) | E31: Singapore Math | F31: Math
B33: DMT2A | C33: Dimensions Math Textbook 2A | D33: 2 | E33: Singapore Math | F33: Math | G33: 14 | H33: =SUM(Math!$A33*Math!$G33) -> 0
B34: DMW2A | C34: Dimensions Math Workbook 2A | D34: 2 | E34: Singapore Math | F34: Math | G34: 14 | H34: =SUM(Math!$A34*Math!$G34) -> 0
B35: DMHIG2A | C35: Dimensions Math Home Instructor's Guide 2A | D35: 2 | E35: Singapore Math | F35: Math | G35: 22 | H35: =SUM(Math!$A35*Math!$G35) -> 0
B36: DMTST2A | C36: Dimensions Math Tests 2A | D36: 2 | E36: Singapore Math | F36: Math | G36: 14 | H36: =SUM(Math!$A36*Math!$G36) -> 0
B37: DMT2B | C37: Dimensions Math Textbook 2B | D37: 2 | E37: Singapore Math | F37: Math | G37: 14 | H37: =SUM(Math!$A37*Math!$G37) -> 0
B38: DMW2B | C38: Dimensions Math Workbook 2B | D38: 2 | E38: Singapore Math | F38: Math | G38: 14 | H38: =SUM(Math!$A38*Math!$G38) -> 0
B39: DMHIG2B | C39: Dimensions Math Home Instructor's Guide 2B | D39: 2 | E39: Singapore Math | F39: Math | G39: 22 | H39: =SUM(Math!$A39*Math!$G39) -> 0
B40: DMTST2B | C40: Dimensions Math Tests 2B | D40: 2 | E40: Singapore Math | F40: Math | G40: 14 | H40: =SUM(Math!$A40*Math!$G40) -> 0
B42: DMT3A | C42: Dimensions Math Textbook 3A | D42: 3 | E42: Singapore Math | F42: Math | G42: 14 | H42: =SUM(Math!$A42*Math!$G42) -> 0
B43: DMW3A | C43: Dimensions Math Workbook 3A | D43: 3 | E43: Singapore Math | F43: Math | G43: 14 | H43: =SUM(Math!$A43*Math!$G43) -> 0
B44: DMHIG3A | C44: Dimensions Math Home Instructor's Guide 3A | D44: 3 | E44: Singapore Math | F44: Math | G44: 22 | H44: =SUM(Math!$A44*Math!$G44) -> 0
B45: DMTST3A | C45: Dimensions Math Tests 3A | D45: 3 | E45: Singapore Math | F45: Math | G45: 14 | H45: =SUM(Math!$A45*Math!$G45) -> 0
... B67: DMTST5B | C67: Dimensions Math Tests 5B | D67: 5 | E67: Singapore Math | F67: Math | G67: 14 | H67: =SUM(Math!$A67*Math!$G67) -> 0
B69: EBSTDAA | C69: Singapore Earlybird Standards Edition Activity Book A | D69: K | E69: Singapore Math | F69: Math
B70: EBSTDAB | C70: Singapore Earlybird Standards Edition Activity Book B | D70: K | E70: Singapore Math | F70: Math
B71: EBSTDTGA | C71: Singapore Earlybird Standards Edition Teacher's Guide A | D71: K | E71: Singapore Math | F71: Math
B72: EBSTDTGB | C72: Singapore Earlybird Standards Edition Teacher's Guide B | D72: K | E72: Singapore Math | F72: Math
B73: EBSTDTA | C73: Singapore Earlybird Kindergarten Standards Edition Txtbk A | D73: K | E73: Singapore Math | F73: Math
B74: EBSTDTB | C74: Singapore Earlybird Kindergarten Standards Edition Txtbk B | D74: K | E74: Singapore Math | F74: Math
B76: PMUST1A | C76: Primary Math Textbook 1A U.S. Edition | D76: 1 | E76: Singapore Math | F76: Math | G76: 16.5 | H76: =SUM(Math!$A76*Math!$G76) -> 0
B77: PMUSW1A | C77: Primary Math Workbook 1A U.S. Edition | D77: 1 | E77: Singapore Math | F77: Math | G77: 16.5 | H77: =SUM(Math!$A77*Math!$G77) -> 0
B78: PMHIG1A | C78: Primary Math Home Instructor's Guide 1A | D78: 1 | E78: Singapore Math | F78: Math | G78: 20 | H78: =SUM(Math!$A78*Math!$G78) -> 0
B79: PMUST1B | C79: Primary Math Textbook 1B U.S. Edition | D79: 1 | E79: Singapore Math | F79: Math | G79: 16.5 | H79: =SUM(Math!$A79*Math!$G79) -> 0
B80: PMUSW1B | C80: Primary Math Workbook 1B U.S. Edition | D80: 1 | E80: Singapore Math | F80: Math | G80: 16.5 | H80: =SUM(Math!$A80*Math!$G80) -> 0
B81: PMHIG1B | C81: Primary Math Home Instructor's Guide 1B | D81: 1 | E81: Singapore Math | F81: Math | G81: 20 | H81: =SUM(Math!$A81*Math!$G81) -> 0
B83: PMUST2A | C83: Primary Math Textbook 2A U.S. Edition | D83: 2 | E83: Singapore Math | F83: Math | G83: 16.5 | H83: =SUM(Math!$A83*Math!$G83) -> 0
B84: PMUSW2A | C84: Primary Math Workbook 2A U.S Edition | D84: 2 | E84: Singapore Math | F84: Math | G84: 16.5 | H84: =SUM(Math!$A84*Math!$G84) -> 0
B85: PMHIG2A | C85: Primary Math Home Instructor's Guide 2A | D85: 2 | E85: Singapore Math | F85: Math | G85: 20 | H85: =SUM(Math!$A85*Math!$G85) -> 0
B86: PMUST2B | C86: Primary Math Textbook 2B U.S. Edition | D86: 2 | E86: Singapore Math | F86: Math | G86: 16.5 | H86: =SUM(Math!$A86*Math!$G86) -> 0
B87: PMUSW2B | C87: Primary Math Workbook 2B U.S. Edition | D87: 2 | E87: Singapore Math | F87: Math | G87: 16.5 | H87: =SUM(Math!$A87*Math!$G87) -> 0
B88: PMHIG2B | C88: Primary Math Home Instructor's Guide 2B | D88: 2 | E88: Singapore Math | F88: Math | G88: 20 | H88: =SUM(Math!$A88*Math!$G88) -> 0
B90: PMUST3A | C90: Primary Math Textbook 3A U.S. Edition | D90: 3 | E90: Singapore Math | F90: Math | G90: 16.5 | H90: =SUM(Math!$A90*Math!$G90) -> 0
B91: PMUSW3A | C91: Primary Math Workbook 3A U.S. Edition | D91: 3 | E91: Singapore Math | F91: Math | G91: 16.5 | H91: =SUM(Math!$A91*Math!$G91) -> 0
B92: PMHIG3A | C92: Primary Math Home Instructor's Guide 3A | D92: 3 | E92: Singapore Math | F92: Math | G92: 20 | H92: =SUM(Math!$A92*Math!$G92) -> 0
B93: PMUST3B | C93: Primary Math Textbook 3B U.S. Edition | D93: 3 | E93: Singapore Math | F93: Math | G93: 16.5 | H93: =SUM(Math!$A93*Math!$G93) -> 0
B94: PMUSW3B | C94: Primary Math Workbook 3B U.S. Edition | D94: 3 | E94: Singapore Math | F94: Math | G94: 16.5 | H94: =SUM(Math!$A94*Math!$G94) -> 0
B95: PMHIG3B | C95: Primary Math Home Instructor's Guide 3B | D95: 3 | E95: Singapore Math | F95: Math | G95: 20 | H95: =SUM(Math!$A95*Math!$G95) -> 0
... B116: PMHIG6B | C116: Primary Math Home Instructor's Guide 6B | D116: 6 | E116: Singapore Math | F116: Math | G116: 20 | H116: =SUM(Math!$A116*Math!$G116) -> 0
B118: 046235 | C118: Right Start Math Level A 2nd ED Book Bundle | D118: K | E118: Rainbow Resource | F118: Math
B119: 046236 | C119: Extra Right Start Math Level A 2nd ED Worksheets (second student only) | E119: Rainbow Resource | F119: Math
B120: 013206 | C120: Right Start Math Level B 2nd ED Book Bundle | D120: 1 | E120: Rainbow Resource | F120: Math
B121: 013213 | C121: Extra Right Start Math Level B 2nd ED Worksheets (second student only) | E121: Rainbow Resource | F121: Math
B122: 007772 | C122: Right Start Math Level C 2nd ED Book Bundle | D122: 2 | E122: Rainbow Resource | F122: Math
B123: 007773 | C123: Extra Right Start Math Level C 2nd ED Worksheets (second student only) | E123: Rainbow Resource | F123: Math
B124: 063621 | C124: Right Start Math Level D 2nd ED Book Bundle | D124: 3 | E124: Rainbow Resource | F124: Math
B125: 063622 | C125: Extra Right Start Math Level D 2nd ED Worksheets (second student only) | E125: Rainbow Resource | F125: Math
B126: 019230 | C126: Right Start Math Level E 2nd ED Book Bundle | D126: 4 | E126: Rainbow Resource | F126: Math
B127: 019268 | C127: Extra Right Start Math Level E 2nd ED Worksheets (second student only) | E127: Rainbow Resource | F127: Math
B128: 067227 | C128: Right Start Math Level F 2nd ED Book Bundle | D128: 5 | E128: Rainbow Resource | F128: Math
B129: 067228 | C129: Extra Right Start Math Level F 2nd ED Worksheets (second student only) | E129: Rainbow Resource | F129: Math
B130: 046285 | C130: Right Start Math 2nd ED Math Set (Manipulative Kit) | E130: Rainbow Resource | F130: Math
B132: 018398 | C132: Saxon Math K Set (This item includes Meeting Book.) | D132: K | E132: Rainbow Resource | F132: Math
B133: 018725 | C133: Saxon Math K Meeting Book | D133: K | E133: Rainbow Resource | F133: Math
B135: 018399 | C135: Saxon Math 1 Set (This item includes the Student Workbooks and Meeting Book.) | D135: 1 | E135: Rainbow Resource | F135: Math
B136: 001523 | C136: Extra Saxon 1 Student Workbooks | D136: 1 | E136: Rainbow Resource | F136: Math
B137: 018726 | C137: Extra Saxon Math 1 Meeting Book | D137: 1 | E137: Rainbow Resource | F137: Math
B139: 018400 | C139: Saxon Math 2 Set (This item includes Student Workbook and the Meeting Book) | D139: 2 | E139: Rainbow Resource | F139: Math
B140: 001526 | C140: Extra Saxon Math 2 Student Workbooks | D140: 2 | E140: Rainbow Resource | F140: Math
B141: 018727 | C141: Extra Saxon Math 2 Meeting Book | D141: 2 | E141: Rainbow Resource | F141: Math
B143: 018401 | C143: Saxon Math 3 Set (This item includes the Student Workbook and Meeting Book) | D143: 3 | E143: Rainbow Resource | F143: Math
B144: 001527 | C144: Extra Saxon Math 3 Student Workbooks | D144: 3 | E144: Rainbow Resource | F144: Math
B145: 018728 | C145: Extra Saxon Math 3 meeting Book | D145: 3 | E145: Rainbow Resource | F145: Math
B147: 024422 | C147: Saxon 5/4 HS Kit | D147: 4 | E147: Rainbow Resource | F147: Math
... B166: 000957 | C166: Saxon Geometry HS Kit | D166: 11 | E166: Rainbow Resource | F166: Math
B168: 030727 | C168: Spectrum Math K | D168: K | E168: Rainbow Resource | F168: Math | G168: 8.25 | H168: =SUM(Math!$A168*Math!$G168) -> 0
B169: 001440 | C169: Spectrum Math 1 | D169: 1 | E169: Rainbow Resource | F169: Math | G169: 8.25 | H169: =SUM(Math!$A169*Math!$G169) -> 0
B170: 001452 | C170: Spectrum Math 2 | D170: 2 | E170: Rainbow Resource | F170: Math | G170: 8.25 | H170: =SUM(Math!$A170*Math!$G170) -> 0
B171: 001462 | C171: Spectrum Math 3 | D171: 3 | E171: Rainbow Resource | F171: Math | G171: 8.25 | H171: =SUM(Math!$A171*Math!$G171) -> 0
B172: 001473 | C172: Spectrum Math 4 | D172: 4 | E172: Rainbow Resource | F172: Math | G172: 8.25 | H172: =SUM(Math!$A172*Math!$G172) -> 0
B173: 001610 | C173: Spectrum Math 5 | D173: 5 | E173: Rainbow Resource | F173: Math | G173: 8.25 | H173: =SUM(Math!$A173*Math!$G173) -> 0
B174: 001628 | C174: Spectrum Math 6 | D174: 6 | E174: Rainbow Resource | F174: Math | G174: 8.25 | H174: =SUM(Math!$A174*Math!$G174) -> 0
B175: 001634 | C175: Spectrum Math 7 | D175: 7 | E175: Rainbow Resource | F175: Math | G175: 8.25 | H175: =SUM(Math!$A175*Math!$G175) -> 0
B176: 001656 | C176: Spectrum Math 8 | D176: 8 | E176: Rainbow Resource | F176: Math | G176: 8.25 | H176: =SUM(Math!$A176*Math!$G176) -> 0
...

Sheet Art
C1: Art
A2: Quantity | B2: Product # | C2: Title | D2: Grade | E2: Vendor | F2: Subject | G2: Cost | H2: TOTAL
B4: 010814 | C4: Artistic Pursuits Early Elementary K-3 Book One | D4: K-1 | E4: Rainbow Resource | F4: Art | G4: 52.6 | H4: =SUM((A4)*(G4)) -> 0
B5: APK1AB | C5: Artistic Pursuits Grade K-3 Book 1 Art Supply Bundle | D5: K-1 | E5: Rainbow Resource | F5: Art | G5: 92.5 | H5: =SUM((A5)*(G5)) -> 0
B7: 025852 | C7: Artistic Pursuits Early Elementary K-3 Book Two | D7: 2 | E7: Rainbow Resource | F7: Art | G7: 52.6 | H7: =SUM((A7)*(G7)) -> 0
B8: APK2AB | C8: Artistic Pursuits Grade K-3 Book 2 Art Supply Bundle | D8: 2 | E8: Rainbow Resource | F8: Art | G8: 104.5 | H8: =SUM((A8)*(G8)) -> 0
B10: 013318 | C10: Artistic Pursuits Early Elementary K-3 Book Three | D10: 3 | E10: Rainbow Resource | F10: Art | G10: 52.6 | H10: =SUM((A10)*(G10)) -> 0
B11: APK3AB | C11: Artistic Pursuits Grade K-3 Book 3 Art Supply Bundle | D11: 3 | E11: Rainbow Resource | F11: Art | G11: 96.5 | H11: =SUM((A11)*(G11)) -> 0
B13: 004841 | C13: Artistic Pursuits Elementary 4-5 Book One | D13: 4 | E13: Rainbow Resource | F13: Art | G13: 52.6 | H13: =SUM((A13)*(G13)) -> 0
B14: AP41AB | C14: Artistic Pursuits Grades 4-5 Book 1 Art Supply Bundle | D14: 4 | E14: Rainbow Resource | F14: Art | G14: 39.95 | H14: =SUM((A14)*(G14)) -> 0
B16: 004842 | C16: Artistic Pursuits Elementary 4-5 Book Two | D16: 5 | E16: Rainbow Resource | F16: Art | G16: 52.6 | H16: =SUM((A16)*(G16)) -> 0
B17: AP42AB | C17: Artistic Pursuits Grades 4-5 Book 2 Art Supply Bundle | D17: 5 | E17: Rainbow Resource | F17: Art | G17: 75.95 | H17: =SUM((A17)*(G17)) -> 0
B19: 004843 | C19: Artistic Pursuits Middle School 6-8 Book One | D19: 6-7 | E19: Rainbow Resource | F19: Art | G19: 52.6 | H19: =SUM((A19)*(G19)) -> 0
B20: APM1AB | C20: Artistic Pursuits Middle School Book 1 Art Supply Bundle | D20: 6-7 | E20: Rainbow Resource | F20: Art | G20: 44.75 | H20: =SUM((A20)*(G20)) -> 0
... B23: APM2AB | C23: Artistic Pursuits Middle School Book 2 Art Supply Bundle | D23: 7-8 | E23: Rainbow Resource | F23: Art | G23: 92.95 | H23: =SUM((A23)*(G23)) -> 0
B25: HL-ART | C25: Kindergarten art materials | D25: K only | F25: Art | H25: =SUM((A25)*(G25)) -> 0
B27: 048015 | C27: Atelier Online Art Level 1 | D27: PreK-1 | E27: Rainbow Resource | F27: Art | G27: 149 | H27: =SUM((A27)*(G27)) -> 0
B28: 048021 | C28: Atelier Online Art Level 2 | D28: K-3 | E28: Rainbow Resource | F28: Art | G28: 149 | H28: =SUM((A28)*(G28)) -> 0
B29: 048039 | C29: Atelier Online Art Level 3 | D29: 1-5 | E29: Rainbow Resource | F29: Art | G29: 149 | H29: =SUM((A29)*(G29)) -> 0
B30: 048062 | C30: Atelier Online Art Level 4 | D30: 2-5 | E30: Rainbow Resource | F30: Art | G30: 149 | H30: =SUM((A30)*(G30)) -> 0
B31: 048063 | C31: Atelier Online Art Level 5 | D31: 3-8 | E31: Rainbow Resource | F31: Art | G31: 149 | H31: =SUM((A31)*(G31)) -> 0
B32: 048095 | C32: Atelier Online Art Level 6 | D32: 4-10 | E32: Rainbow Resource | F32: Art | G32: 149 | H32: =SUM((A32)*(G32)) -> 0
B33: 048106 | C33: Atelier Online Art Level 7 | D33: 5-11 | E33: Rainbow Resource | F33: Art | G33: 149 | H33: =SUM((A33)*(G33)) -> 0
B34: 048126 | C34: Atelier Online Art Level 8 | D34: 7-12 | E34: Rainbow Resource | F34: Art | G34: 149 | H34: =SUM((A34)*(G34)) -> 0
C35: Atelier Basic Art Supply Kit | D35: All | E35: Arts Attack | F35: Art | G35: 74
B37: 013884 | C37: Artistic Pursuits K-3 Volume 1 (Visual Vocabulary) | D37: K-3 | E37: Rainbow Resource | F37: Art | G37: 54.45 | H37: =SUM((A37)*(G37)) -> 0
B38: APK3V1 | C38: Artistic Pursuits K-3 Volume 1 (Supply Starter Bundle) | D38: K-3 | E38: Rainbow Resource | F38: Art | G38: 64.95 | H38: =SUM((A38)*(G38)) -> 0
B40: 013923 | C40: Artistic Pursuits K-3 Volume 2 (Art of The Ancients) | D40: K-3 | E40: Rainbow Resource | F40: Art | G40: 54.45 | H40: =SUM((A40)*(G40)) -> 0
B41: APK3V2 | C41: Artistic Pursuits K-3 Volume 2 (Art Supply Bundle) | D41: K-3 | E41: Rainbow Resource | F41: Art | G41: 45.5 | H41: =SUM((A41)*(G41)) -> 0
B43: 013959 | C43: Artistic Pursuits K-3 Volume 3 (Art of the Middle Ages) | D43: K-3 | E43: Rainbow Resource | F43: Art | G43: 54.45 | H43: =SUM((A43)*(G43)) -> 0
B44: APK3V3 | C44: Artistic Pursuits K-3 Volume 3 (Art Supply Bundle) | D44: K-3 | E44: Rainbow Resource | F44: Art | G44: 51.3 | H44: =SUM((A44)*(G44)) -> 0
B46: 013960 | C46: Artistic Pursuits K-3 Volume 4 (Artists that Shaped the Italian Renaissance) | D46: K-3 | E46: Rainbow Resource | F46: Art | G46: 54.45 | H46: =SUM((A46)*(G46)) -> 0
B47: APK3V4 | C47: Artistic Pursuits K-3 Volume 4 (Art Supply Bundle) | D47: K-3 | E47: Rainbow Resource | F47: Art | G47: 48.95 | H47: =SUM((A47)*(G47)) -> 0
B49: 034550 | C49: Artistic Pursuits K-3 Volume 5 (Renaissance to Realism) | D49: K-3 | E49: Rainbow Resource | F49: Art | G49: 54.45 | H49: =SUM((A49)*(G49)) -> 0
B50: APK3V5 | C50: Artistic Pursuits K-3 Volume 5 (Art Supply Bundle) | D50: K-3 | E50: Rainbow Resource | F50: Art | G50: 38.5 | H50: =SUM((A50)*(G50)) -> 0
B52: 034573 | C52: Artistic Pursuits K-3 Volume 6 (Art of the Impressionists) | D52: K-3 | E52: Rainbow Resource | F52: Art | G52: 54.45 | H52: =SUM((A52)*(G52)) -> 0
B53: APK3V6 | C53: Artistic Pursuits K-3 Volume 6 (Art Supply Kit) | D53: K-3 | E53: Rainbow Resource | F53: Art | G53: 59.95 | H53: =SUM((A53)*(G53)) -> 0
... B59: APK3V8 | C59: Artistic Pursuits K-3 Volume 8 (Supply Bundle) | D59: K-3 | E59: Rainbow Resource | F59: Art | G59: 37.75 | H59: =SUM((A59)*(G59)) -> 0
B61: 003464 | C61: Draw-Write-Now Book 1 | E61: Rainbow Resource | F61: Art | G61: 12.95 | H61: =SUM((A61)*(G61)) -> 0
B62: 003466 | C62: Draw-Write-Now Book 2 | E62: Rainbow Resource | F62: Art | G62: 12.95 | H62: =SUM((A62)*(G62)) -> 0
B63: 003467 | C63: Draw-Write-Now Book 3 | E63: Rainbow Resource | F63: Art | G63: 12.95 | H63: =SUM((A63)*(G63)) -> 0
B64: 003468 | C64: Draw-Write-Now Book 4 | E64: Rainbow Resource | F64: Art | G64: 12.95 | H64: =SUM((A64)*(G64)) -> 0
B65: 000174 | C65: Draw-Write-Now Book 5 | E65: Rainbow Resource | F65: Art | G65: 12.95 | H65: =SUM((A65)*(G65)) -> 0
B66: 002416 | C66: Draw-Write-Now Book 6 | E66: Rainbow Resource | F66: Art | G66: 12.95 | H66: =SUM((A66)*(G66)) -> 0
B67: 004975 | C67: Draw-Write-Now Book 7 | E67: Rainbow Resource | F67: Art | G67: 12.95 | H67: =SUM((A67)*(G67)) -> 0
B68: 010499 | C68: Draw-Write-Now Book 8 | E68: Rainbow Resource | F68: Art | G68: 12.95 | H68: =SUM((A68)*(G68)) -> 0

Sheet Social Studies
C1: Social Studies
A2: Quantity | B2: Product # | C2: Title | D2: Grade | E2: Vendor | F2: Subject | G2: Cost | H2: TOTAL
B4: 9781423646365 | C4: Washington Journey Student Textbook | D4: 7 | E4: Gibbs Smith | F4: Social Studies | G4: 52.95
C5: Washington Journey Teacher's Guide | D5: 7 | E5: Gibbs Smith | F5: Social Studies | G5: 259.75
C7: Studies Weekly K: My World | D7: K | E7: Studies Weekly | F7: Social Studies
C8: Studies Weekly 1: The World Around Me | D8: 1 | E8: Studies Weekly | F8: Social Studies
C9: Studies Weekly 2: Connecting Communities | D9: 2 | E9: Studies Weekly | F9: Social Studies
C10: Studies Weekly 3: Our Community | D10: 3 | E10: Studies Weekly | F10: Social Studies
C11: Studies Weekly 4: Washington Our State | D11: 4 | E11: Studies Weekly | F11: Social Studies
C12: Studies Weekly 5: Our Nation | D12: 5 | E12: Studies Weekly | F12: Social Studies
C13: Studies Weekly 6: World History | D13: 6 | E13: Studies Weekly | F13: Social Studies
B15: 076288 | C15: History Quest: Early Times and Usborne Encyclopedia of World History | D15: 1-6 | E15: Rainbow Resource | F15: History | G15: 28.85 | H15: =SUM('Social Studies'!$A15*G15) -> 0
B16: 076428 | C16: History Quest: Early Times Study Guide | D16: 1-6 | E16: Rainbow Resource | F16: History | G16: 48.95 | H16: =SUM('Social Studies'!$A16*G16) -> 0
B17: 078562 | C17: History Quest: Middle Times and Usborne Encyclopedia of World History | D17: 1-6 | E17: Rainbow Resource | F17: History | G17: 28.85 | H17: =SUM('Social Studies'!$A17*G17) -> 0
B18: 078563 | C18: History Quest: Middle Times Study Guide | D18: 1-6 | E18: Rainbow Resource | F18: History | G18: 48.95 | H18: =SUM('Social Studies'!$A18*G18) -> 0
B19: H27 | C19: History Quest: United States | D19: 3-6 | E19: Pandia Press | F19: History
B20: H28 | C20: History Quest: United States Study Guide | D20: 3-6 | E20: Pandia Press | F20: History
B22: 000979 | C22: Usborne Encyclopedia of World History (Any additional books required are the responsibility of the parent) | D22: U | E22: Rainbow Resource | F22: History | G22: 18.99 | H22: =SUM('Social Studies'!$A22*G22) -> 0
B24: 019099 | C24: History Pockets- Colonial America | D24: 4-6 | E24: Rainbow Resource | F24: History | G24: 12.75 | H24: =SUM('Social Studies'!$A24*G24) -> 0
B25: 016040 | C25: History Pockets-American Revolution | D25: 4-6 | E25: Rainbow Resource | F25: History | G25: 12.75 | H25: =SUM('Social Studies'!$A25*G25) -> 0
B26: 019095 | C26: History Pockets-Ancient Civilizations (Ancient Greece, Ancient China, Ancient Egypt) | D26: 1-3 | E26: Rainbow Resource | F26: History | G26: 12.75 | H26: =SUM('Social Studies'!$A26*G26) -> 0
B27: 019096 | C27: History Pockets-Ancient Egypt | D27: 4-6 | E27: Rainbow Resource | F27: History | G27: 12.75 | H27: =SUM('Social Studies'!$A27*G27) -> 0
B28: 019098 | C28: History Pockets-Ancient Greece | D28: 4-6 | E28: Rainbow Resource | F28: History | G28: 12.75 | H28: =SUM('Social Studies'!$A28*G28) -> 0
B29: 016060 | C29: History Pockets-Ancient Rome | D29: 4-6 | E29: Rainbow Resource | F29: History | G29: 12.75 | H29: =SUM('Social Studies'!$A29*G29) -> 0
B30: 016036 | C30: History Pockets-Civil War | D30: 4-6 | E30: Rainbow Resource | F30: History | G30: 12.75 | H30: =SUM('Social Studies'!$A30*G30) -> 0
B31: 019100 | C31: History Pockets-Explorers of North America | D31: 4-6 | E31: Rainbow Resource | F31: History | G31: 12.75 | H31: =SUM('Social Studies'!$A31*G31) -> 0
B32: 019101 | C32: History Pockets-Life in Plymouth Colony (The Thanksgiving Story, Your Life as a Settler in Colonial America, The New Americans) | D32: 1-3 | E32: Rainbow Resource | F32: History | G32: 12.75 | H32: =SUM('Social Studies'!$A32*G32) -> 0
B33: 019102 | C33: History Pockets-Moving West | D33: 4-6 | E33: Rainbow Resource | F33: History | G33: 12.75 | H33: =SUM('Social Studies'!$A33*G33) -> 0
B34: 019103 | C34: History Pockets-Native Americans (The Very First Americans) | D34: 1-3 | E34: Rainbow Resource | F34: History | G34: 12.75 | H34: =SUM('Social Studies'!$A34*G34) -> 0
... B36: 031793 | C36: U.S. Facts and Fun Grades 4-6 | D36: 4-6 | E36: Rainbow Resource | F36: History | G36: 14.75 | H36: =SUM('Social Studies'!$A36*G36) -> 0
B38: 010992 | C38: Story of the World Vol. 1: Ancient Times | E38: Rainbow Resource | F38: History | G38: 12.5 | H38: =SUM('Social Studies'!$A38*G38) -> 0
B39: 010993 | C39: Story of the World Vol.1 Activity Book | E39: Rainbow Resource | F39: History | G39: 24.95 | H39: =SUM('Social Studies'!$A39*G39) -> 0
B40: 025448 | C40: Story of the World Vol. 1 Audiobook CDs | E40: Rainbow Resource | F40: History | G40: 26.95 | H40: =SUM('Social Studies'!$A40*G40) -> 0
B41: 029952 | C41: Story of the World Vol.1 Tests | E41: Rainbow Resource | F41: History | G41: 9.95 | H41: =SUM('Social Studies'!$A41*G41) -> 0
B43: 040707 | C43: Story of the World Vol. 2: Middle Ages | E43: Rainbow Resource | F43: History | G43: 12.5 | H43: =SUM('Social Studies'!$A43*G43) -> 0
B44: 041241 | C44: Story of the World Vol. 2 Activity Book | E44: Rainbow Resource | F44: History | G44: 25.95 | H44: =SUM('Social Studies'!$A44*G44) -> 0
B45: 041242 | C45: Story of the World Vol. 2 Audiobook CDs | E45: Rainbow Resource | F45: History | G45: 28.75 | H45: =SUM('Social Studies'!$A45*G45) -> 0
B46: 041243 | C46: Story of the World Vol. 2 Tests | E46: Rainbow Resource | F46: History | G46: 9.95 | H46: =SUM('Social Studies'!$A46*G46) -> 0
B48: 005652 | C48: Story of the World Vol. 3: Early Modern Times | E48: Rainbow Resource | F48: History | G48: 13.75 | H48: =SUM('Social Studies'!$A48*G48) -> 0
B49: 029797 | C49: Story of the World Vol. 3 Activity Book | E49: Rainbow Resource | F49: History | G49: 26.95 | H49: =SUM('Social Studies'!$A49*G49) -> 0
B50: 031188 | C50: Story of the World Vol. 3 Audiobook CDs | E50: Rainbow Resource | F50: History | G50: 33.95 | H50: =SUM('Social Studies'!$A50*G50) -> 0
B51: 031206 | C51: Story of the World Vol. 3 Tests | E51: Rainbow Resource | F51: History | G51: 9.95 | H51: =SUM('Social Studies'!$A51*G51) -> 0
... B56: 031208 | C56: Story of the World Vol. 4 Tests | E56: Rainbow Resource | F56: History | G56: 10.95 | H56: =SUM('Social Studies'!$A56*G56) -> 0
B58: stock | C58: Fifth Grade History Bundle- *Volume 1 A History of US The First Americans textbook, student study guide, elementary teacher guide *Volume 2 A History of US Making Thirteen Colonies textbook, student study guide, elementary teacher guide *History Pockets-Explorers of North America *History Pockets- Colonial America | D58: 5 | F58: History
B59: 3022 | C59: Eighth Grade US History Bundle: Beyond the Page- (6 Guides-Antebellum America, Civics, Civil War, Revolution, The Antebellum West, Industrialization, Urbanization, and Immigration, Timeline, Fields of Fury, Great Colonial American Projects You Can Build Yourself, Liberty for All, The Declaration of Independence and Other Great Documents of American History 1775-1865, We Were There Too, Butcher paper, Assembly line pony bead bracelets, American History Timeline Cards | D59: 8 | E59: Beyond the Page | F59: History
B60: stock | C60: Eighth Grade US History Bundle: History Pockets- (History Pockets: American Revolution, Moving West, and The American Civil War. Textbooks-Guts and Glory: The American Revolution, Which Way to the Wild West, Two Miserable Presidents. Novels: Unit 1: Johnny Tremain (required). Unit 2: Choice of: The Sign of the Beaver, Sacajawea or Bound for Oregon, Unit 3: Pink and Say (required), Choice of Across Five Aprils or Guts and Glory: The American Civil War | D60: 8 | F60: History
B61: stock | C61: Eighth Grade History Bundle- A History of US * Volume 3 A History of US From Colonies to Country textbook, student study guide, teacher guide *Volume 4 A History of US New Nation textbook, student study guide, teacher guide *Volume 5 A History of US Liberty for All textbook, student study guide, teacher guide *Volume 6 A History of US War, Terrible War textbook, student study guide, teacher guide | D61: 8 | F61: History
B63: 006636 | C63: A History of US (The First Americans) Volume 1 | E63: Rainbow Resource | F63: History | G63: 13.95 | H63: =SUM('Social Studies'!$A63*G63) -> 0
B64: 006266 | C64: A History of US (The First Americans) Volume 1 Student Study Guide | E64: Rainbow Resource | F64: History | G64: 11.95 | H64: =SUM('Social Studies'!$A64*G64) -> 0
B65: 018463 | C65: A History of US (The First Americans) Vol. 1 Elem Teacher Guide | E65: Rainbow Resource | F65: History | G65: 21.75
B66: 002598 | C66: A History of US (The First Americans)Vol. 1 SecondaryTeacher Guide | E66: Rainbow Resource | F66: History | G66: 23.75 | H66: =SUM('Social Studies'!$A66*G66) -> 0
B68: 006692 | C68: A History of US (Making Thirteen Colonies) Volume 2 | E68: Rainbow Resource | F68: History | G68: 13.95 | H68: =SUM('Social Studies'!$A68*G68) -> 0
B69: 006273 | C69: A History of US (Making Thirteen Colonies) Volume 2 Student Study Guide | E69: Rainbow Resource | F69: History | G69: 11.95 | H69: =SUM('Social Studies'!$A69*G69) -> 0
B70: 018585 | C70: A History of US (Making Thirteen Colonies) Vol 2 Elem TeacherGuide | E70: Rainbow Resource | F70: History | G70: 21.75
B71: 002739 | C71: A History of US (Making Thirteen Colonies) Vol 2 Secondary Teacher Guide | E71: Rainbow Resource | F71: History | G71: 23.75 | H71: =SUM('Social Studies'!$A71*G71) -> 0
B73: 006713 | C73: A History of US (From Colonies to Country) Volume 3 | E73: Rainbow Resource | F73: History | G73: 13.95 | H73: =SUM('Social Studies'!$A73*G73) -> 0
B74: 008051 | C74: A History of US (From Colonies to Country) Vol. 3 Elementary Student Study Guide | E74: Rainbow Resource | F74: History | G74: 11.95
B75: 018476 | C75: A History of US (From Colonies to Country) Vol.3 Elementary Teacher Guide | E75: Rainbow Resource | F75: History | G75: 21.75
B76: 006269 | C76: A History of US (From Colonies to Country) Volume 3 Secondary Student Study Guide | E76: Rainbow Resource | F76: History | G76: 11.95 | H76: =SUM('Social Studies'!$A76*G76) -> 0
B77: 018477 | C77: A History of US (From Colonies to Country) Volume 3 Secondary Teacher Guide | E77: Rainbow Resource | F77: History | G77: 23.75 | H77: =SUM('Social Studies'!$A77*G77) -> 0
B79: 006693 | C79: A History of US (New Nation) Volume 4 | E79: Rainbow Resource | F79: History | G79: 13.95 | H79: =SUM('Social Studies'!$A79*G79) -> 0
B80: 018688 | C80: A History of US (The New Nation) Volume 4 Secondary Student Study Guide | E80: Rainbow Resource | F80: History | G80: 11.95 | H80: =SUM('Social Studies'!$A80*G80) -> 0
B81: 018641 | C81: A History of US (New nation) Volume 4 Secondary Teacher Guide | E81: Rainbow Resource | F81: History | G81: 23.75 | H81: =SUM('Social Studies'!$A81*G81) -> 0
B83: 018632 | C83: A History of US (New nation) Vol. 4 Elementary Teacher Guide | E83: Rainbow Resource | F83: History | G83: 21.75
B84: 018551 | C84: A History of US (Liberty for All) Vol. 5 Elementary Teacher Guide | E84: Rainbow Resource | F84: History | G84: 21.75
B85: 008070 | C85: A History of US (The New Nation and Liberty for All) Vol. 4 & 5 Elementary Student Study Guide | E85: Rainbow Resource | F85: History | G85: 11.95
B87: 006650 | C87: A History of US (Liberty for All) Volume 5 | E87: Rainbow Resource | F87: History | G87: 13.95 | H87: =SUM('Social Studies'!$A87*G87) -> 0
B88: 018580 | C88: A History of US (Liberty for All) Volume 5 Secondary Student Study Guide | E88: Rainbow Resource | F88: History | G88: 11.95 | H88: =SUM('Social Studies'!$A88*G88) -> 0
B89: 018558 | C89: A History of US (Liberty for All) Volume 5 Secondary Teacher Guide | E89: Rainbow Resource | F89: History | G89: 23.75 | H89: =SUM('Social Studies'!$A89*G89) -> 0
B91: 006710 | C91: A History of US (War, Terrible War) Volume 6 | E91: Rainbow Resource | F91: History | G91: 13.95 | H91: =SUM('Social Studies'!$A91*G91) -> 0
B92: 018716 | C92: A History of US (War, Terrible War) Vol. 6 Elementary Teacher Guide | E92: Rainbow Resource | F92: History | G92: 21.75
B93: 018722 | C93: A History of US (War, Terrible War) Volume 6 Secondary Student Study Guide | E93: Rainbow Resource | F93: History | G93: 11.95 | H93: =SUM('Social Studies'!$A93*G93) -> 0
B94: 018717 | C94: A History of US (War, Terrible War) Vol 6 Secondary Teacher Guide | E94: Rainbow Resource | F94: History | G94: 23.75 | H94: =SUM('Social Studies'!$A94*G94) -> 0
B96: 006694 | C96: A History of US (Reconstructing America) Volume 7 | E96: Rainbow Resource | F96: History | G96: 13.95 | H96: =SUM('Social Studies'!$A96*G96) -> 0
B97: 018706 | C97: A History of US (Reconstructing America)Volume 7 Secondary Student Study Guide | E97: Rainbow Resource | F97: History | G97: 11.95 | H97: =SUM('Social Studies'!$A97*G97) -> 0
B98: 018699 | C98: A History of US (Reconstructing America) Vol. 7 Elementary Teacher Guide | E98: Rainbow Resource | F98: History | G98: 21.75
B99: 018722 | C99: A History of US (Reconstructing America) Secondary Volume 7 Teacher Guide | E99: Rainbow Resource | F99: History | G99: 23.75 | H99: =SUM('Social Studies'!$A99*G99) -> 0
B101: 006623 | C101: A History of US (An Age of Extremes) Volume 8 | E101: Rainbow Resource | F101: History | G101: 13.95 | H101: =SUM('Social Studies'!$A101*G101) -> 0
B102: 027398 | C102: A History of US (An Age of Extremes) Volume 8 Secondary Student Study Guide | E102: Rainbow Resource | F102: History | G102: 11.95 | H102: =SUM('Social Studies'!$A102*G102) -> 0
B103: 018432 | C103: A History of US (An Age of Extremes) Vol. 8 Elementary Teacher Guide | E103: Rainbow Resource | F103: History | G103: 21.75
B104: 018454 | C104: A History of US (An Age of Extremes) Volume 8 Secondary Teacher Guide | E104: Rainbow Resource | F104: History | G104: 23.75 | H104: =SUM('Social Studies'!$A104*G104) -> 0
B106: 006702 | C106: A History of US (War, Peace, and All That Jazz) Volume 9 | E106: Rainbow Resource | F106: History | G106: 13.95 | H106: =SUM('Social Studies'!$A106*G106) -> 0
B107: 018708 | C107: A History of US (War, Peace, and All that Jazz) Vol. 9 Elementary Teacher guide | E107: Rainbow Resource | F107: History | G107: 21.75
B108: 004615 | C108: A History of US (War, Peace, and All that Jazz) Vol. 9 Secondary Teacher guide | E108: Rainbow Resource | F108: History | G108: 21.75 | H108: =SUM('Social Studies'!$A108*G108) -> 0
C109: Student Study Guide not available
B111: 006629 | C111: A History of US (All the People) Volume 10 | E111: Rainbow Resource | F111: History | G111: 13.95 | H111: =SUM('Social Studies'!$A111*G111) -> 0
B112: 018425 | C112: A History of US (All the People) Vol. 10 Elementary Teacher Guide | E112: Rainbow Resource | F112: History | G112: 19.95
B113: 002710 | C113: A History of US (All the People) Volume 10 Teacher Guide | E113: Rainbow Resource | F113: History | G113: 21.75 | H113: =SUM('Social Studies'!$A113*G113) -> 0
C114: Student Study Guide not available
B116: 016884 | C116: Song School Spanish Teacher's Edition | D116: K-3 | E116: Rainbow Resource | F116: Social Studies | G116: 25.95 | H116: =SUM('Social Studies'!$A116*G116) -> 0
B117: 016839 | C117: Song School Spanish Book 1 Student Edition | D117: K-3 | E117: Rainbow Resource | F117: Social Studies | G117: 25.95 | H117: =SUM('Social Studies'!$A117*G117) -> 0
B118: 013515 | C118: Song School Spanish Book 1 Teaching DVD set | D118: K-3 | E118: Rainbow Resource | F118: Social Studies | G118: 30.25 | H118: =SUM('Social Studies'!$A118*G118) -> 0
B119: 016886 | C119: Spanish Amigo Match Flashcard Game | D119: K-3 | E119: Rainbow Resource | F119: Social Studies | G119: 25.95 | H119: =SUM('Social Studies'!$A119*G119) -> 0
B121: 072532 | C121: Song School Spanish Book 2 Teacher's Edition | D121: 2-3 | E121: Rainbow Resource | F121: Social Studies | G121: 25.95 | H121: =SUM('Social Studies'!$A121*G121) -> 0
B122: 072531 | C122: Song School Spanish Book 2 Student Edition | D122: 2-3 | E122: Rainbow Resource | F122: Social Studies | G122: 25.95 | H122: =SUM('Social Studies'!$A122*G122) -> 0
B123: 042462 | C123: Song School Spanish Book 2 Flashcards | D123: 2-3 | E123: Rainbow Resource | F123: Social Studies | G123: 32.5 | H123: =SUM('Social Studies'!$A123*G123) -> 0
B124: 042463 | C124: Song School Spanish Book 2 Teaching DVD set | D124: 2-3 | E124: Rainbow Resource | F124: Social Studies | G124: 29.95 | H124: =SUM('Social Studies'!$A124*G124) -> 0
B126: 024984 | C126: Spanish for Children Primer A | D126: 3-AD | E126: Rainbow Resource | F126: Social Studies | G126: 23.25 | H126: =SUM('Social Studies'!$A126*G126) -> 0
B127: 024929 | C127: Spanish for Children Primer A- DVD & Chant CD set | D127: 3-AD | E127: Rainbow Resource | F127: Social Studies | G127: 84.5 | H127: =SUM('Social Studies'!$A127*G127) -> 0
B128: 024985 | C128: Spanish for Children Primer A Answer Key | D128: 3-AD | E128: Rainbow Resource | F128: Social Studies | G128: 15.5 | H128: =SUM('Social Studies'!$A128*G128) -> 0
...

Sheet Science
C1: Science
A2: Quantity | B2: Product # | C2: Title | D2: Grade | E2: Vendor | F2: Subject | G2: Cost | H2: TOTAL
C3: Bookshark Science Link
C4: Moving Beyond the Page Science Link
C5: SCIENCE UNLOCKED- WONDER GRADE 1-4 | E5: Home Science Tools
B7: Set 1 | C7: 1st Grade- Brick by Brick, Keys to Life, See You Around, Super Seeds | D7: 1 | E7: Home Science Tools | F7: Science | G7: 239.99 | H7: 0
C8: 2nd Student Workbooks- Brick by Brick, Keys to Life, See You Around, Super Seeds | F8: Science
B9: Set 2 | C9: 2nd Grade- Go With the Flow, Not So Solid Ground, Parts in Place, Squishy Science | D9: 2 | E9: Home Science Tools | F9: Science
C10: 2nd Student Workbooks- Go With the Flow, Not So Solid Ground, Parts in Place, Squishy Science | F10: Science
B11: Set 3 | C11: 3rd Grade- Blast Off, Brrr to Burrow, Penguin Parenting, Weather Watch | D11: 3 | E11: Home Science Tools | F11: Science
C12: 2nd Student Workbooks- Blast Off, Brrr to Burrow, Penguin Parenting, Weather Watch | F12: Science
B13: Set 4 | C13: 4th Grade- A-Maze-ing Mirrors, Hot and Cold, That's a Sound Idea, The Sun Blocker | D13: 4 | E13: Home Science Tools | F13: Science | G13: 239.99 | H13: 0
C14: 2nd Student Workbooks- A-Maze-ing Mirrors, Hot and Cold, That's a Sound Idea, The Sun Blocker | F14: Science
C15: Optional 4th grade add-ons
B16: SU-FROMHTT | C16: From Here to There (4th) | D16: 4 | E16: Home Science Tools | F16: Science | G16: 34.99
C17: 2nd Student Workbook-From Here to There | D17: 4 | F17: Science
B18: SU-SCCOHMY | C18: Slingshots, Crossbows, and Catapults (4th) | D18: 4 | E18: Home Science Tools | F18: Science | G18: 49.99
C19: 2nd Student Workbook-Slingshots, Crossbows, and Catapults | D19: 4 | F19: Science
C20: Wonder- Biology
B21: SU-SPRSEED | C21: Wonder- Super Seeds (1st) | D21: 1 | E21: Home Science Tools | F21: Science | G21: 39.99 | H21: =SUM((A21)*(G21)) -> 0
C22: 2nd Student Workbook-Super Seeds | F22: Science
B23: SU-PNGPRNT | C23: Wonder- Penguin Parenting (3rd) | D23: 3 | E23: Home Science Tools | F23: Science | G23: 32.99 | H23: 0
C24: 2nd Student Workbook-Penguin Parenting | F24: Science
B25: SU-KEYSLF | C25: Wonder- Keys to Life (1st) | D25: 1 | E25: Home Science Tools | F25: Science | G25: 39.99 | H25: =SUM((A25)*(G25)) -> 0
C26: 2nd Student Workbook-Keys to Life | F26: Science
B27: SU-BRRBUR | C27: Wonder- From Brrr to Burrow (3rd) | D27: 3 | E27: Home Science Tools | F27: Science | G27: 39.99 | H27: =SUM((A27)*(G27)) -> 0
C28: 2nd Student Workbook-From Brrr to Burrow | F28: Science
C29: Wonder- Physics
B30: SU-SUNBLK | C30: Wonder- The Sun Blocker (4th) | D30: 4 | E30: Home Science Tools | F30: Science | G30: 39.99 | H30: =SUM((A30)*(G30)) -> 0
C31: 2nd Student Workbook-The Sun Blocker | F31: Science
B32: SU-SDIDEA | C32: Wonder- That's a Sound Idea (4th) | D32: 4 | E32: Home Science Tools | F32: Science | G32: 34.99 | H32: =SUM((A32)*(G32)) -> 0
C33: 2nd Student Workbook-That's a Sound Idea | F33: Science
B34: SU-BLSTOF | C34: Wonder- Blast Off (3rd) | D34: 3 | E34: Home Science Tools | F34: Science | G34: 44.99 | H34: =SUM((A34)*(G34)) -> 0
C35: 2nd Student Workbook-Blast Off | F35: Science
B36: SU-AMZMIR | C36: Wonder- A-Maze-ing Mirrors (4th) | D36: 4 | E36: Home Science Tools | F36: Science | G36: 52.99 | H36: =SUM((A36)*(G36)) -> 0
C37: 2nd Student Workbook- A-Maze-ing Mirrors | F37: Science
C38: Wonder- Chemistry | H38: =SUM((A38)*(G38)) -> 0
B39: SU-SQSHSCI | C39: Wonder- Squishy Science (2nd) | D39: 2 | E39: Home Science Tools | F39: Science | G39: 39.99 | H39: =SUM((A39)*(G39)) -> 0
C40: 2nd Student Workbook-Squishy Science | F40: Science
B41: SU-PARTIN | C41: Wonder- Parts In Place (2nd) | D41: 2 | E41: Home Science Tools | F41: Science | G41: 44.99 | H41: =SUM((A41)*(G41)) -> 0
C42: 2nd Student Workbook-Parts In Place | F42: Science
B43: SU-HOTCLD | C43: Wonder- Hot and Cold Kit (4th) | D43: 4 | E43: Home Science Tools | F43: Science | G43: 44.99 | H43: =SUM((A43)*(G43)) -> 0
C44: 2nd Student Workbook-Hot and Cold Kit | F44: Science
B45: SU-BRICKB | C45: Wonder- Brick by Brick (1st) | D45: 1 | E45: Home Science Tools | F45: Science | G45: 59.99 | H45: =SUM((A45)*(G45)) -> 0
C46: 2nd Student Workbook-Brick by Brick | F46: Science
C47: Wonder- Earth & Space | H47: =SUM((A47)*(G47)) -> 0
B48: SU-SEEYOU | C48: Wonder- See You Around (1st) | D48: 1 | E48: Home Science Tools | F48: Science | G48: 52.99 | H48: =SUM((A48)*(G48)) -> 0
C49: 2nd Student Workbook-See You Around | F49: Science
B50: SU-GOFLOW | C50: Wonder- Go With the Flow (2nd) | D50: 2 | E50: Home Science Tools | F50: Science | G50: 44.99 | H50: =SUM((A50)*(G50)) -> 0
C51: 2nd Student Workbook-Go With the Flow | F51: Science
B52: SU-WEATWT | C52: Wonder- Weather Watch (3rd) | D52: 3 | E52: Home Science Tools | F52: Science | G52: 44.99 | H52: =SUM((A52)*(G52)) -> 0
C53: 2nd Student Workbook-Weather Watch | F53: Science
B54: SU-NOTSOL | C54: Wonder- Not-So-Solid-Ground (2nd) | D54: 2 | E54: Home Science Tools | F54: Science | G54: 52.99 | H54: =SUM((A54)*(G54)) -> 0
C55: 2nd Student Workbook- Not-So-Solid-Ground | F55: Science
C56: SCIENCE UNLOCKED- ACCELERATE Grades 5-8 | E56: Home Science Tools
C58: Accelerate- Physics
B59: SU-PHYSBUNA | C59: Full Year Physics (Funny Forces, Power of Magnets, Controlling Collisions, Wave Wisdom, The Light Trap, No Wires Necessary) | D59: 5 | E59: Home Science Tools | F59: Science | G59: 259.99
B60: SU-FUNFOR | C60: Accelerate- Funny Forces | D60: 5 | E60: Home Science Tools | F60: Science | G60: 52.99
C61: 2nd Student Workbook- Accelerate- Funny Forces | D61: 5 | F61: Science
B62: SU-PWRMAG | C62: Accelerate- Power of Magnets | D62: 5 | E62: Home Science Tools | F62: Science | G62: 49.99
C63: 2nd Student Workbook- Accelerate- Power of Magnets | D63: 5 | F63: Science
B64: SU-CONCOL | C64: Accelerate- Controlling Collisions | D64: 5 | E64: Home Science Tools | F64: Science | G64: 44.99
C65: 2nd Student Workbook- Accelerate- Controlling Collisions | D65: 5 | F65: Science
B66: SU-WAVWIS | C66: Accelerate- Wave Wisdom | D66: 5 | E66: Home Science Tools | F66: Science | G66: 49.99
C67: 2nd Student Workbook- Accelerate- Wave Wisdom | D67: 5 | F67: Science
B68: SU-LITRAP | C68: Accelerate- The Light Trap | D68: 5 | E68: Home Science Tools | F68: Science | G68: 44.99
C69: 2nd Student Workbook- Accelerate- The Light Trap | D69: 5 | F69: Science
B70: SU-NOWIRE | C70: Accelerate- No Wires Necessary | D70: 5 | E70: Home Science Tools | F70: Science | G70: 52.99
C71: 2nd Student Workbook- Accelerate- No Wires Necessary | D71: 5 | F71: Science
C72: Accelerate- Earth & Space
B73: SU-EARTBUNA | C73: Full Year Earth and Space (The Dark Side, Feeling the Pressure, Hazards and Humans, Raining on Our Parade, Rocks and Resources, Beneath Our Feet) | D73: 6 | E73: Home Science Tools | F73: Science | G73: 279.99 | H73: 0
B74: SU-DARKSD | C74: Accelerate-The Dark Side | D74: 6 | E74: Home Science Tools | F74: Science | G74: 49.99 | H74: 0
B75: IN-DARKSDS | C75: 2nd Student Workbook- Accelerate-The Dark Side | D75: 6 | E75: Home Science Tools | F75: Science | G75: 17.99
B76: SU-FEELPR | C76: Accelerate-Feeling the Pressure | D76: 6 | E76: Home Science Tools | F76: Science | G76: 49.99 | H76: 0
B77: IN-FEELPRS | C77: 2nd Student Workbook- Accelerate-Feeling the Pressure | D77: 6 | E77: Home Science Tools | F77: Science | G77: 17.99
B78: SU-HAZHUM | C78: Accelerate-Hazards and Humans | D78: 6 | E78: Home Science Tools | F78: Science | G78: 49.99 | H78: 0
C79: 2nd Student Workbook- Accelerate-Hazards and Humans | D79: 6 | F79: Science
B80: SU-RAINON | C80: Accelerate-Raining on Our Parade | D80: 6 | E80: Home Science Tools | F80: Science | G80: 59.99 | H80: 0
C81: 2nd Student Workbook-Accelerate-Raining on Our Parade | D81: 6 | F81: Science
B82: SU-ROCKRE | C82: Accelerate-Rocks and Resources | D82: 6 | E82: Home Science Tools | F82: Science | G82: 59.99 | H82: 0
C83: 2nd Student Workbook- Accelerate-Rocks and Resources | D83: 6 | F83: Science
B84: SU-BENEAT | C84: Accelerate-Beneath Our Feet | D84: 6 | E84: Home Science Tools | F84: Science | G84: 52.99 | H84: 0
C85: 2nd Student Workbook- Accelerate-Beneath Our Feet | D85: 6 | F85: Science
B86: SU-WHATGO | C86: Accelerate-What Goes Around (optional Earth & Space) | D86: 6 | E86: Home Science Tools | F86: Science | G86: 52.99
C87: 2nd Student Workbook- Accelerate-What Goes Around (optional Earth & Space) | D87: 6 | F87: Science
C88: Accelerate- Biology
B89: BIOLBUNA | C89: Full Year Biology (How's it Growin'?, Eye Spy, Seeking Survival, Hungry for Change, Making Sense of Senses, Magnificent Magnification) | D89: 7 | E89: Home Science Tools | F89: Science | G89: 249.99 | H89: =SUM((A89)*(G89)) -> 0
B90: SU-HOWGRO | C90: Accelerate- How's it Growin'? | D90: 7 | E90: Home Science Tools | F90: Science | G90: 44.99 | H90: =SUM((A90)*(G90)) -> 0
B91: IN-HOWGROS | C91: 2nd Student Workbook- Accelerate- How's it Growin'? | D91: 7 | E91: Home Science Tools | F91: Science | G91: 19.99
B92: SU-EYESPY | C92: Accelerate- Eye Spy | D92: 7 | E92: Home Science Tools | F92: Science | G92: 44.99 | H92: =SUM((A92)*(G92)) -> 0
B93: IN-EYESPYS | C93: 2nd Student Workbook- Accelerate- Eye Spy | D93: 7 | E93: Home Science Tools | F93: Science | G93: 12.99
B94: SU-SEKSURV | C94: Accelerate- Seeking Survival | D94: 7 | E94: Home Science Tools | F94: Science | G94: 59.99 | H94: 0
B95: stock | C95: 2nd Student Workbook- Accelerate- Seeking Survival | D95: 7 | E95: Home Science Tools | F95: Science
B96: SU-HUNGRY | C96: Accelerate- Hungry for Change | D96: 7 | E96: Home Science Tools | F96: Science | G96: 49.99 | H96: 0
B97: IN-HUNGRYS | C97: 2nd Student Workbook- Accelerate- Hungry for Change | D97: 7 | E97: Home Science Tools | F97: Science | G97: 23.99
B98: SU-MKSENS | C98: Accelerate- Making Sense of Senses | D98: 7 | E98: Home Science Tools | F98: Science | G98: 39.99 | H98: 0
B99: stock | C99: 2nd Student Workbook- Accelerate- Making Sense of Senses | D99: 7 | E99: Home Science Tools | F99: Science
B100: SU-MAGMAG | C100: Accelerate- Magnificent Magnification | D100: 7 | E100: Home Science Tools | F100: Science | G100: 52.99 | H100: =SUM((A100)*(G100)) -> 0
B101: stock | C101: 2nd Student Workbook- Accelerate- Magnificent Magnification | D101: 7 | E101: Home Science Tools | F101: Science
B102: SU-SHADEB | C102: Accelerate- Thowing Shade Balls (optional Biology) | D102: 7 | E102: Home Science Tools | F102: Science | G102: 49.99
...

Sheet Spelling
C1: Spelling
A2: Quantity | B2: Product # | C2: Title | D2: Grade | E2: Vendor | F2: Subject | G2: Cost | H2: TOTAL
B4: 030381 | C4: *Letter Tiles-required one time per household. Includes items for all levels of spelling. | D4: all | E4: Rainbow Resource | F4: LA - Spelling | G4: 25.95 | H4: =SUM((A4)*(G4)) -> 0
B6: 030356 | C6: All About Spelling Level 1 Materials Teacher and Student | D6: 1 | E6: Rainbow Resource | F6: LA - Spelling | G6: 64.95 | H6: =SUM((A6)*(G6)) -> 0
B7: 030359 | C7: Extra All About Spelling Level 1 Student Materials (2nd student) | D7: 1 | E7: Rainbow Resource | F7: LA - Spelling | G7: 45.95 | H7: =SUM((A7)*(G7)) -> 0
B8: 030366 | C8: All About Spelling Level 2 Materials Teacher and Student | D8: 2 | E8: Rainbow Resource | F8: LA - Spelling | G8: 69.95 | H8: =SUM((A8)*(G8)) -> 0
B9: 030369 | C9: Extra All About Spelling Level 2 Student Materials (2nd student) | D9: 2 | E9: Rainbow Resource | F9: LA - Spelling | G9: 49.95 | H9: =SUM((A9)*(G9)) -> 0
B10: 021167 | C10: All About Spelling Level 3 Materials Teacher and Student | D10: 3 | E10: Rainbow Resource | F10: LA - Spelling | G10: 47.95 | H10: =SUM((A10)*(G10)) -> 0
B11: 021257 | C11: Extra All About Spelling Level 3 Student Materials (2nd student) | D11: 3 | E11: Rainbow Resource | F11: LA - Spelling | G11: 27.95 | H11: =SUM((A11)*(G11)) -> 0
B12: 035638 | C12: All About Spelling Level 4 Materials Teacher and Student | D12: 4 | E12: Rainbow Resource | F12: LA - Spelling | G12: 49.95 | H12: =SUM((A12)*(G12)) -> 0
B13: 035637 | C13: Extra All About Spelling Level 4 Student Materials (2nd student) | D13: 4 | E13: Rainbow Resource | F13: LA - Spelling | G13: 27.95 | H13: =SUM((A13)*(G13)) -> 0
B14: 016582 | C14: All About Spelling Level 5 Materials Teacher and Student | D14: 5 | E14: Rainbow Resource | F14: LA - Spelling | G14: 49.95 | H14: =SUM((A14)*(G14)) -> 0
B15: 047973 | C15: Extra All About Spelling Level 5 Student Materials (2nd student) | D15: 5 | E15: Rainbow Resource | F15: LA - Spelling | G15: 27.95 | H15: =SUM((A15)*(G15)) -> 0
B16: 016648 | C16: All About Spelling Level 6 Materials Teacher and Student | D16: 6 | E16: Rainbow Resource | F16: LA - Spelling | G16: 49.95 | H16: =SUM((A16)*(G16)) -> 0
... B57: 2061 | C57: Extra SpellingYou See: Modern Milestones Student Pack (2nd student) | D57: G | E57: Math U See | F57: LA - Spelling | G57: 52 | H57: =SUM((A57)*(G57)) -> 0
G59: TOTAL | H59: =SUM(H3:H58) -> 0

Sheet Writing
C1: Writing
A2: Quantity | B2: Product # | C2: Title | D2: Grade | E2: Vendor | F2: Subject | G2: Cost | H2: TOTAL
C3: BUILDING WRITERS
B4: 053054 | C4: Building Writers A (Handwriting without Tears) | D4: K | E4: Rainbow Resource | F4: Writing | G4: 11.95 | H4: =SUM((A4)*(G4)) -> 0
B5: 053209 | C5: Writing Journal A | D5: K | E5: Rainbow Resource | F5: Writing | G5: 5.5 | H5: =SUM((A5)*(G5)) -> 0
B7: 053055 | C7: Building Writers B (Handwriting Without Tears) | D7: 1 | E7: Rainbow Resource | F7: Writing | G7: 11.95 | H7: =SUM((A7)*(G7)) -> 0
B8: 053211 | C8: Writing Journal B | D8: 1 | E8: Rainbow Resource | F8: Writing | G8: 5.5 | H8: =SUM((A8)*(G8)) -> 0
B10: 053056 | C10: Building Writers C (Handwriting Without Tears) | D10: 2 | E10: Rainbow Resource | F10: Writing | G10: 11.95 | H10: =SUM((A10)*(G10)) -> 0
B11: 053212 | C11: Writing Journal C | D11: 2 | E11: Rainbow Resource | F11: Writing | G11: 5.5 | H11: =SUM((A11)*(G11)) -> 0
B13: 053057 | C13: Building Writers D (Handwriting Without Tears) | D13: 3 | E13: Rainbow Resource | F13: Writing | G13: 11.95 | H13: =SUM((A13)*(G13)) -> 0
B14: 053213 | C14: Writing Journal D | D14: 3 | E14: Rainbow Resource | F14: Writing | G14: 5.5 | H14: =SUM((A14)*(G14)) -> 0
B16: 053068 | C16: Building Writers E (Handwriting Without Tears) | D16: 4 | E16: Rainbow Resource | F16: Writing | G16: 11.95 | H16: =SUM((A16)*(G16)) -> 0
B17: 053214 | C17: Writing Journal E | D17: 4 | E17: Rainbow Resource | F17: Writing | G17: 5.5 | H17: =SUM((A17)*(G17)) -> 0
B19: 053079 | C19: Building Writers F (Handwriting Without Tears) | D19: 5 | E19: Rainbow Resource | F19: Writing | G19: 11.95 | H19: =SUM((A19)*(G19)) -> 0
B20: 053215 | C20: Writing Journal F | D20: 5 | E20: Rainbow Resource | F20: Writing | G20: 5.5 | H20: =SUM((A20)*(G20)) -> 0
... B27: LWOT5S | C27: 5th Grade Student Bundle: CDC + BW-F-WJ-F (Includes Handwriting) | D27: 5 | E27: Rainbow Resource | F27: Writing | G27: 29.95 | H27: =SUM((A27)*(G27)) -> 0
C29: DAILY 6-TRAIT WRITING
B30: 076874 | C30: Daily 6-Trait Writing Grade 1 + Student Practice Book | D30: 1 | E30: Rainbow Resource | F30: Writing
B31: 076875 | C31: Daily 6-Trait Writing Grade 2 + Student Practice Book | D31: 2 | E31: Rainbow Resource | F31: Writing
B32: 076876 | C32: Daily 6-Trait Writing Grade 3 + Student Practice Book | D32: 3 | E32: Rainbow Resource | F32: Writing
B33: 076877 | C33: Daily 6-Trait Writing Grade 4 + Student Practice Book | D33: 4 | E33: Rainbow Resource | F33: Writing
B34: 076878 | C34: Daily 6-Trait Writing Grade 5 + Student Practice Book | D34: 5 | E34: Rainbow Resource | F34: Writing
B35: 076879 | C35: Daily 6-Trait Writing Grade 6 + Student Practice Book | D35: 6 | E35: Rainbow Resource | F35: Writing
C37: ESSENTIALS IN WRITING
C38: Level 1 Writing and Assessments: Digital and Print | D38: 1 | E38: Essentials in Writing | F38: Writing | G38: 129
B39: Print Only | C39: Additional Writing Textbooks (extra student only) | D39: 1 | E39: Essentials in Writing | F39: Writing | G39: 39
B40: Print Only | C40: Additional Assessment Booklet (extra student only) | D40: 1 | E40: Essentials in Writing | F40: Writing | G40: 29
C42: Level 2 Writing and Assessments: Digital and Print | D42: 2 | E42: Essentials in Writing | F42: Writing | G42: 129
B43: Print Only | C43: Additional Writing Textbooks (extra student only) | D43: 2 | E43: Essentials in Writing | F43: Writing | G43: 39
B44: Print Only | C44: Additional Assessment Booklet (extra student only) | D44: 2 | E44: Essentials in Writing | F44: Writing | G44: 29
C46: Level 3 Writing and Assessments: Digital and Print | D46: 3 | E46: Essentials in Writing | F46: Writing | G46: 129
B47: Print Only | C47: Additional Writing Textbooks (extra student only) | D47: 3 | E47: Essentials in Writing | F47: Writing | G47: 39
B48: Print Only | C48: Additional Assessment Booklet (extra student only) | D48: 3 | E48: Essentials in Writing | F48: Writing | G48: 29
C50: Level 4 Writing and Assessments: Digital and Print | D50: 4 | E50: Essentials in Writing | F50: Writing | G50: 129
B51: Print Only | C51: Additional Writing Textbooks (extra student only) | D51: 4 | E51: Essentials in Writing | F51: Writing | G51: 39
B52: Print Only | C52: Additional Assessment Booklet (extra student only) | D52: 4 | E52: Essentials in Writing | F52: Writing | G52: 29
C54: Level 5 Writing and Assessments: Digital and Print | D54: 5 | E54: Essentials in Writing | F54: Writing | G54: 129
B55: Print Only | C55: Additional Writing Textbooks (extra student only) | D55: 5 | E55: Essentials in Writing | F55: Writing | G55: 39
B56: Print Only | C56: Additional Assessment Booklet (extra student only) | D56: 5 | E56: Essentials in Writing | F56: Writing | G56: 29
C58: Level 6 Writing and Assessments: Digital and Print | D58: 6 | E58: Essentials in Writing | F58: Writing | G58: 129
B59: Print Only | C59: Additional Writing Textbooks (extra student only) | D59: 6 | E59: Essentials in Writing | F59: Writing | G59: 39
B60: Print Only | C60: Additional Assessment Booklet (extra student only) | D60: 6 | E60: Essentials in Writing | F60: Writing | G60: 29
C62: Level 7 Writing: Digital and Print | D62: 7 | E62: Essentials in Writing | F62: Writing | G62: 217
C63: Level 7 Writing and Literature: Digital and Print | D63: 7 | E63: Essentials in Writing | F63: Writing
B64: Print Only | C64: Assessment Booklet | D64: 7 | E64: Essentials in Writing | F64: Writing | G64: 20
B65: Print Only | C65: Additional Writing Textbook (extra student only) | D65: 7 | E65: Essentials in Writing | F65: Writing | G65: 39
B66: Print Only | C66: Additional Literature Textbook (extra student only) | D66: 7 | E66: Essentials in Writing | F66: Writing | G66: 52
B67: Print Only | C67: Additional Novel "Roll of Thunder Hear My Cry" (extra student only) | D67: 7 | E67: Essentials in Writing | F67: Writing | G67: 8
C69: Level 8 Writing and Literature: Digital and Print | D69: 8 | E69: Essentials in Writing | F69: Writing | G69: 217
C70: Level 8 Writing Only: Digital and Print | D70: 8 | E70: Essentials in Writing | F70: Writing
B71: Print Only | C71: Assessment Booklet | D71: 8 | E71: Essentials in Writing | F71: Writing | G71: 20
B72: Print Only | C72: Additional Writing Textbook (extra student only) | D72: 8 | E72: Essentials in Writing | F72: Writing | G72: 39
B73: Print Only | C73: Additional Literature Textbook (extra student only) | D73: 8 | E73: Essentials in Writing | F73: Writing | G73: 52
B74: Print Only | C74: Additional Novel "Night" (extra student only) | D74: 8 | E74: Essentials in Writing | F74: Writing | G74: 8
C76: EVAN-MOOR
B77: 007011 | C77: Evan-Moor Giant Write Every Day | D77: 1-6 | E77: Rainbow Resource | F77: LA - Writing | G77: 17.15
B78: 044441 | C78: Evan-Moor Paragraph Writing | D78: 2-4 | E78: Rainbow Resource | F78: LA - Writing | G78: 12.5 | H78: =SUM((A78)*(G78)) -> 0
B79: 007020 | C79: Evan-Moor How to Write a Story | D79: 3-6 | E79: Rainbow Resource | F79: LA - Writing | G79: 12.5 | H79: =SUM((A79)*(G79)) -> 0
B80: 028574 | C80: Evan-Moor Poetry Patterns & Themes | D80: 3-6 | E80: Rainbow Resource | F80: LA - Writing | G80: 12.5 | H80: =SUM((A80)*(G80)) -> 0
C82: SPECTRUM
B83: 002142 | C83: Spectrum Writing K | D83: K | E83: Rainbow Resource | F83: LA - Writing | G83: 8.25 | H83: =SUM((A83)*(G83)) -> 0
B84: 002081 | C84: Spectrum Writing 1 | D84: 1 | E84: Rainbow Resource | F84: LA - Writing | G84: 8.25 | H84: =SUM((A84)*(G84)) -> 0
B85: 002086 | C85: Spectrum Writing 2 | D85: 2 | E85: Rainbow Resource | F85: LA - Writing | G85: 8.25 | H85: =SUM((A85)*(G85)) -> 0
B86: 002093 | C86: Spectrum Writing 3 | D86: 3 | E86: Rainbow Resource | F86: LA - Writing | G86: 8.25 | H86: =SUM((A86)*(G86)) -> 0
B87: 002099 | C87: Spectrum Writing 4 | D87: 4 | E87: Rainbow Resource | F87: LA - Writing | G87: 8.25 | H87: =SUM((A87)*(G87)) -> 0
B88: 002100 | C88: Spectrum Writing 5 | D88: 5 | E88: Rainbow Resource | F88: LA - Writing | G88: 8.25 | H88: =SUM((A88)*(G88)) -> 0
B89: 002102 | C89: Spectrum Writing 6 | D89: 6 | E89: Rainbow Resource | F89: LA - Writing | G89: 8.25 | H89: =SUM((A89)*(G89)) -> 0
B90: 002103 | C90: Spectrum Writing 7 | D90: 7 | E90: Rainbow Resource | F90: LA - Writing | G90: 8.25 | H90: =SUM((A90)*(G90)) -> 0
B91: 002134 | C91: Spectrum Writing 8 | D91: 8 | E91: Rainbow Resource | F91: LA - Writing | G91: 8.25 | H91: =SUM((A91)*(G91)) -> 0
C93: WRITE SHOP
B94: 043283 | C94: WriteShop Primary Book A Activity Set Worksheet Pack | D94: K-3 | E94: Rainbow Resource | F94: LA - Writing | G94: 13 | H94: =SUM((A94)*(G94)) -> 0
B95: 043282 | C95: WriteShop Primary Book A Teacher's Guide | D95: K-3 | E95: Rainbow Resource | F95: LA - Writing | G95: 42 | H95: =SUM((A95)*(G95)) -> 0
B97: 043285 | C97: WriteShop Primary Book B Activity Set Worksheet Pack | D97: 1-2 | E97: Rainbow Resource | F97: LA - Writing | G97: 13 | H97: =SUM((A97)*(G97)) -> 0
B98: 043284 | C98: WriteShop Primary Book B Teacher's Guide | D98: 1-2 | E98: Rainbow Resource | F98: LA - Writing | G98: 47 | H98: =SUM((A98)*(G98)) -> 0
B100: 043287 | C100: WriteShop Primary Book C Activity Set Worksheet Pack | D100: 2-3 | E100: Rainbow Resource | F100: LA - Writing | G100: 13 | H100: =SUM((A100)*(G100)) -> 0
B101: 043286 | C101: WriteShop Primary Book C Teacher's Guide | D101: 2-3 | E101: Rainbow Resource | F101: LA - Writing | G101: 48 | H101: =SUM((A101)*(G101)) -> 0
B103: 050511 | C103: WriteShop Junior Level D Activity Pack | D103: 3-5 | E103: Rainbow Resource | F103: LA - Writing | G103: 63 | H103: =SUM((A103)*(G103)) -> 0
B104: 050512 | C104: WriteShop Junior Level D Teacher's Guide | D104: 3-5 | E104: Rainbow Resource | F104: LA - Writing | G104: 63 | H104: =SUM((A104)*(G104)) -> 0
B105: 043244 | C105: WriteShop Junior Level D Time-Saver Pack | D105: 3-5 | E105: Rainbow Resource | F105: LA - Writing | G105: 21 | H105: =SUM((A105)*(G105)) -> 0
B107: 059002 | C107: WriteShop Junior Level E Activity Pack | D107: 4-6 | E107: Rainbow Resource | F107: LA - Writing | G107: 63 | H107: =SUM((A107)*(G107)) -> 0
B108: 059003 | C108: WriteShop Junior Level E Teacher's Guide | D108: 4-6 | E108: Rainbow Resource | F108: LA - Writing | G108: 63 | H108: =SUM((A108)*(G108)) -> 0
B109: 059004 | C109: WriteShop Junior Level E Time-Saver Pack | D109: 4-6 | E109: Rainbow Resource | F109: LA - Writing | G109: 21 | H109: =SUM((A109)*(G109)) -> 0
... B113: 069766 | C113: WriteShop Junior Level F Time-Saver Pack | D113: 5-7 | E113: Rainbow Resource | F113: LA - Writing | G113: 22 | H113: =SUM((A113)*(G113)) -> 0
C115: WRITING WITH EASE
B116: 042779 | C116: Writing with Ease L1 wkbk | D116: K-3 | E116: Rainbow Resource | F116: LA - Writing | G116: 20.85 | H116: =SUM((A116)*(G116)) -> 0
B117: 042780 | C117: Writing with Ease L2 wkbk | D117: K-3 | E117: Rainbow Resource | F117: LA - Writing | G117: 24.25 | H117: =SUM((A117)*(G117)) -> 0
B118: 019745 | C118: Writing with Ease L3 wkbk | D118: 4-5 | E118: Rainbow Resource | F118: LA - Writing | G118: 24.95 | H118: =SUM((A118)*(G118)) -> 0
B119: 016506 | C119: Writing with Ease L4 wkbk | D119: 4-5 | E119: Rainbow Resource | F119: LA - Writing | G119: 22.05 | H119: =SUM((A119)*(G119)) -> 0
B120: 050488 | C120: Writing with Skill L1 Instructor Guide | D120: 5-8 | E120: Rainbow Resource | F120: LA - Writing | G120: 22.95 | H120: =SUM((A120)*(G120)) -> 0
B121: 050489 | C121: Writing with Skill L1 wkbk | D121: 5-8 | E121: Rainbow Resource | F121: LA - Writing | G121: 19.95 | H121: =SUM((A121)*(G121)) -> 0
B122: 029598 | C122: Writing with Skill L2 Instructor Guide | D122: 6-8 | E122: Rainbow Resource | F122: LA - Writing | G122: 24.25 | H122: =SUM((A122)*(G122)) -> 0
B123: 029601 | C123: Writing with Skill L2 wkbk | D123: 6-8 | E123: Rainbow Resource | F123: LA - Writing | G123: 21.25 | H123: =SUM((A123)*(G123)) -> 0
B124: 008514 | C124: Writing with Skill L3 Instructor Guide | D124: 7-10 | E124: Rainbow Resource | F124: LA - Writing | G124: 24.25 | H124: =SUM((A124)*(G124)) -> 0
B125: 008535 | C125: Writing with Skill L3 wkbk | D125: 7-10 | E125: Rainbow Resource | F125: LA - Writing | G125: 21.25 | H125: =SUM((A125)*(G125)) -> 0
G126: TOTAL | H126: =SUBTOTAL(109,H3:H125) -> 0
C127: STRUCTURE AND STYLE
B128: 024724 | C128: Teaching Writing With Structure and Style- Streaming (No DVD) | D128: 1-12 | E128: Rainbow Resource | F128: LA - Writing | G128: 189 | H128: =SUM((A128)*(G128)) -> 0
B130: 076755 | C130: IEW Structure and Style for Students Year 1 Level A Basic Set (Streaming) | D130: 3-5 | E130: Rainbow Resource | F130: LA - Writing | G130: 169 | H130: =SUM((A130)*(G130)) -> 0
B131: 076756 | C131: Structure and Style for Students: Year 1 Level A Binder & Student Packet (extra student only) | D131: 3-5 | E131: Rainbow Resource | F131: LA - Writing | G131: 35 | H131: =SUM((A131)*(G131)) -> 0
H132: =SUM((A132)*(G132)) -> 0
...

Sheet Handwriting
C1: Handwriting
A2: Quantity | B2: Product # | C2: Title | D2: Grade | E2: Vendor | F2: Subject | G2: Cost | H2: TOTAL
B4: 007454 | C4: Letters and Numbers for Me Workbook | D4: K | E4: Rainbow Resource | F4: LA - Handwriting | G4: 14.95 | H4: =SUM((A4)*(G4)) -> 0
B5: 007450 | C5: Letters and Numbers for Me Teacher's Guide | D5: K | E5: Rainbow Resource | F5: LA - Handwriting | G5: 28.95 | H5: =SUM((A5)*(G5)) -> 0
B7: 007472 | C7: My Printing Book | D7: 1 | E7: Rainbow Resource | F7: LA - Handwriting | G7: 14.95 | H7: =SUM((A7)*(G7)) -> 0
B8: 007357 | C8: My Printing Book Teacher's Guide | D8: 1 | E8: Rainbow Resource | F8: LA - Handwriting | G8: 28.95 | H8: =SUM((A8)*(G8)) -> 0
B10: 007486 | C10: Printing Power (2nd grade) | D10: 2 | E10: Rainbow Resource | F10: LA - Handwriting | G10: 14.95 | H10: =SUM((A10)*(G10)) -> 0
B11: 007362 | C11: Printing Power Teacher's Guide (2nd grade) | D11: 2 | E11: Rainbow Resource | F11: LA - Handwriting | G11: 28.95 | H11: =SUM((A11)*(G11)) -> 0
B12: 023420 | C12: Cursive Kick Off | D12: 2 | E12: Rainbow Resource | F12: LA - Handwriting | G12: 14.95 | H12: =SUM((A12)*(G12)) -> 0
B14: 007396 | C14: Cursive Handwriting (3rd grade) | D14: 3 | E14: Rainbow Resource | F14: LA - Handwriting | G14: 14.95 | H14: =SUM((A14)*(G14)) -> 0
B15: 007371 | C15: Cursive Handwriting Teacher's Guide (3rd grade) | D15: 3 | E15: Rainbow Resource | F15: LA - Handwriting | G15: 28.95 | H15: =SUM((A15)*(G15)) -> 0
B17: 007409 | C17: Cursive Success | D17: 4 | E17: Rainbow Resource | F17: LA - Handwriting | G17: 14.95 | H17: =SUM((A17)*(G17)) -> 0
B18: 007372 | C18: Cursive Success Teacher's Guide | D18: 4 | E18: Rainbow Resource | F18: LA - Handwriting | G18: 28.95 | H18: =SUM((A18)*(G18)) -> 0
B20: 035575 | C20: Can-Do Cursive | D20: 5 | E20: Rainbow Resource | F20: LA - Handwriting | G20: 14.95 | H20: =SUM((A20)*(G20)) -> 0
... B28: 036216 | C28: Spectrum Handwriting- Cursive | D28: K-5 | E28: Rainbow Resource | F28: LA - Handwriting | G28: 5.95 | H28: =SUM((A28)*(G28)) -> 0
B30: PHM2CS | C30: Logic of English Rhythm of Handwriting Manuscript | E30: Logic of English | F30: LA - Handwriting | G30: 59.36 | H30: =SUM((A30)*(G30)) -> 0
B31: PHC2CS | C31: Logic of English Rhythm of Handwriting Cursive | E31: Logic of English | F31: LA - Handwriting | G31: 59.36 | H31: =SUM((A31)*(G31)) -> 0
G32: TOTAL | H32: =SUBTOTAL(109,H3:H31) -> 0

Sheet Reading Instruction
C1: Reading Instruction
A2: Quantity | B2: Product # | C2: Title | D2: Grade | E2: Vendor | F2: Subject | G2: Cost | H2: TOTAL
B4: 030381 | C4: *Letter Tiles-required one time per household. Includes items for all levels of reading. | D4: all | E4: Rainbow Resource | F4: LA - Reading | G4: 25.95 | H4: =SUM((A4)*(G4)) -> 0
B6: 031688 | C6: All About Reading Pre Reading | D6: pre-k | E6: Rainbow Resource | F6: LA - Reading | G6: 119.95 | H6: =SUM((A6)*(G6)) -> 0
B8: 066253 | C8: All About Reading Level 1 Set (Includes Student Pack) | D8: k | E8: Rainbow Resource | F8: LA - Reading | G8: 159.95 | H8: =SUM((A8)*(G8)) -> 0
B9: 066254 | C9: EXTRA All About Reading Level 1 Student Packet EXTRA | D9: k | E9: Rainbow Resource | F9: LA - Reading | G9: 67.95 | H9: =SUM((A9)*(G9)) -> 0
B11: 055128 | C11: All About Reading Level 2 Set(Includes Student Pack) | D11: 1 | E11: Rainbow Resource | F11: LA - Reading | G11: 159.95 | H11: =SUM((A11)*(G11)) -> 0
B12: 055129 | C12: EXTRA All About Reading Level 2 Student Packet EXTRA | D12: 1 | E12: Rainbow Resource | F12: LA - Reading | G12: 67.95 | H12: =SUM((A12)*(G12)) -> 0
B14: 011236 | C14: All About Reading Level 3 Set (Includes student pack) | D14: 2 | E14: Rainbow Resource | F14: LA - Reading | G14: 159.95 | H14: =SUM((A14)*(G14)) -> 0
B15: 011260 | C15: EXTRA All About Reading Level 3 Student Packet EXTRA | D15: 2 | E15: Rainbow Resource | F15: LA - Reading | G15: 67.95 | H15: =SUM((A15)*(G15)) -> 0
B17: 007398 | C17: All About Reading Level 4 Set (Includes student pack) | D17: 3 | E17: Rainbow Resource | F17: LA - Reading | G17: 159.95 | H17: =SUM((A17)*(G17)) -> 0
B18: 007290 | C18: EXTRA All About Reading Level 4 Student Packet EXTRA | D18: 3 | E18: Rainbow Resource | F18: LA - Reading | G18: 67.95 | H18: =SUM((A18)*(G18)) -> 0
B20: PFASSM2 | C20: Logic of English Foundations A set w/manuscript | E20: Logic of English | F20: LA - Reading | G20: 179.89 | H20: =SUM((A20)*(G20)) -> 0
B21: stock | C21: Second Student LOE A manuscipt workbook
B22: PFASSM2 | C22: Logic of English Foundations A set w/cursive | E22: Logic of English | F22: LA - Reading | G22: 179.89 | H22: =SUM((A22)*(G22)) -> 0
B23: stock | C23: Second Student LOE A cursive workbook
B24: digital | C24: Foundations Online Supplement | E24: Logic of English | F24: LA - Reading | G24: 39.99 | H24: =SUM((A24)*(G24)) -> 0
B26: PFBSM2 | C26: Logic of English Foundations B set w/manuscript | E26: Logic of English | F26: LA - Reading | G26: 95.36 | H26: =SUM((A26)*(G26)) -> 0
B27: stock | C27: Second Student LOE B manuscript workbook
B28: PFBSM2 | C28: Logic of English Foundations B set w/cursive | E28: Logic of English | F28: LA - Reading | G28: 95.36 | H28: =SUM((A28)*(G28)) -> 0
B29: stock | C29: Second Student LOE B Cursive workbook
B30: digital | C30: Foundations Online Supplement | E30: Logic of English | F30: LA - Reading | G30: 39.99 | H30: =SUM((A30)*(G30)) -> 0
B32: PFCS2 | C32: Logic of English Foundations C set | E32: Logic of English | F32: LA - Reading | G32: 116.95 | H32: =SUM((A32)*(G32)) -> 0
B33: stock | C33: Second Student LOE C workbook
B34: digital | C34: Foundations Online Supplement | E34: Logic of English | F34: LA - Reading | G34: 39.99 | H34: =SUM((A34)*(G34)) -> 0
B36: PFDS | C36: Logic of English Foundations D set *needs literature set | E36: Logic of English | F36: LA - Reading | G36: 97.16 | H36: =SUM((A36)*(G36)) -> 0
B37: stock | C37: Second Student LOE D workbook
B38: PCLFD | C38: Foundations D Children's Literature Set: Polar Opposites Little Bear Should I Share My Ice Cream The Big Blue Book of Beginner Books A Fish Out of Water Ling & Ting Henry and Mudge Mr. Putter & Tabby Pour the Tea Frog and Toad Together Dodsworth in New York Upstairs Mouse, Downstairs Mole | E38: Logic of English | F38: LA - Reading | G38: 80.9 | H38: =SUM((A38)*(G38)) -> 0
B39: digital | C39: Foundations Online Supplement | E39: Logic of English | F39: LA - Reading | G39: 39.99 | H39: =SUM((A39)*(G39)) -> 0
B41: PERS2P | C41: Logic of English Essential Reader Set- NEEDED FOR ESSENTIAL LEVELS | E41: Logic of English | F41: LA
B42: stock | C42: Essential Reader Workbook only
B44: PE2S2MP | C44: Logic of English Essentials 1-7 w/spelling set - manuscript | E44: Logic of English | F44: LA | G44: 202.37 | H44: =SUM((A44)*(G44)) -> 0
B45: PE2S2MP | C45: Logic of English Essentials 1-7 w/spelling set - cursive | E45: Logic of English | F45: LA | G45: 202.37 | H45: =SUM((A45)*(G45)) -> 0
B46: stock | C46: Essential 1-7 Workbook Only
B47: digital | C47: Essentials Online Supplement | E47: Logic of English | F47: LA
G48: 53.97 | H48: =SUM((A41)*(G48)) -> 0
B49: PE2S2P | C49: Logic of English Essentials 8-15 Set | E49: Logic of English | F49: LA | G49: 75.57 | H49: =SUM((A49)*(G49)) -> 0
B50: stock | C50: Essential 8-15 Workbook Only
B51: digital | C51: Essentials Online Supplement | E51: Logic of English | F51: LA
B53: PE2S3P | C53: Logic of English Essentials 16-22 Set | E53: Logic of English | F53: LA | G53: 75.57 | H53: =SUM((A53)*(G53)) -> 0
B54: stock | C54: Essential 16-22 Workbook Only
B55: digital | C55: Essentials Online Supplement | E55: Logic of English | F55: LA
B57: PE2S4P2 | C57: Logic of English Essentials 23-30 Set | E57: Logic of English | F57: LA | G57: 75.57 | H57: =SUM((A57)*(G57)) -> 0
B58: stock | C58: Essential 23-30 Workbook Only
B59: digital | C59: Essentials Online Supplement | E59: Logic of English | F59: LA
B61: PHM2CS | C61: Logic of English Rhythm of Handwriting- manuscript | E61: Logic of English | F61: Handwriting | G61: 59.36 | H61: =SUM((A61)*(G61)) -> 0
B62: PHC2CS | C62: Logic of English Rhythm of Handwriting- cursive | E62: Logic of English | F62: Handwriting | G62: 59.36 | H62: =SUM((A62)*(G62)) -> 0
B64: 002274 | C64: Teach Your Child to Read in 100 Easy Lessons | D64: K-1 | E64: Rainbow Resource | F64: LA - Reading
B66: 022406 | C66: Primary Arts of Language- Reading Pkg | D66: K-1 | E66: Rainbow Resource | F66: LA - Reading
B67: 065716 | C67: Primary Arts of Language- Reading Student Workbook | D67: K-1 | E67: Rainbow Resource | F67: LA- Reading
B69: 006386 | C69: Reading Comprehension Fundamentals Grade 1 | D69: 1 | E69: Rainbow Resource | F69: LA-Supplemental
B70: 006390 | C70: Reading Comprehension Fundamentals Grade 2 | D70: 2 | E70: Rainbow Resource | F70: LA-Supplemental
B71: 006391 | C71: Reading Comprehension Fundamentals Grade 3 | D71: 3 | E71: Rainbow Resource | F71: LA-Supplemental
B72: 006443 | C72: Reading Comprehension Fundamentals Grade 4 | D72: 4 | E72: Rainbow Resource | F72: LA-Supplemental
B73: 006448 | C73: Reading Comprehension Fundamentals Grade 5 | D73: 5 | E73: Rainbow Resource | F73: LA-Supplemental
B74: 006453 | C74: Reading Comprehension Fundamentals Grade 6 | D74: 6 | E74: Rainbow Resource | F74: LA-Supplemental
B76: 026987 | C76: Daily Reading Comprehension Grade 1 | D76: 1 | E76: Rainbow Resource | F76: LA-Supplemental
B77: 026989 | C77: Daily Reading Comprehension Grade 2 | D77: 2 | E77: Rainbow Resource | F77: LA-Supplemental
B78: 027003 | C78: Daily Reading Comprehension Grade 3 | D78: 3 | E78: Rainbow Resource | F78: LA-Supplemental
B79: 027004 | C79: Daily Reading Comprehension Grade 4 | D79: 4 | E79: Rainbow Resource | F79: LA-Supplemental
B80: 027015 | C80: Daily Reading Comprehension Grade 5 | D80: 5 | E80: Rainbow Resource | F80: LA-Supplemental
B81: 027016 | C81: Daily Reading Comprehension Grade 6 | D81: 6 | E81: Rainbow Resource | F81: LA-Supplemental
B82: 027017 | C82: Daily Reading Comprehension Grade 7 | D82: 7 | E82: Rainbow Resource | F82: LA-Supplemental
B83: 027019 | C83: Daily Reading Comprehension Grade 8 | D83: 8 | E83: Rainbow Resource | F83: LA-Supplemental
B85: 062492 | C85: Explode the Code Book 1 | D85: K-4 | E85: Rainbow Resource | F85: LA-Supplemental
B86: 062493 | C86: Explode the Code Book 1 1/2 | D86: K-4 | E86: Rainbow Resource | F86: LA-Supplemental
B87: 062494 | C87: Explode the Code Book 2 | D87: K-4 | E87: Rainbow Resource | F87: LA-Supplemental
B88: 062495 | C88: Explode the Code Book 2 1/2 | D88: K-4 | E88: Rainbow Resource | F88: LA-Supplemental
... B102: 062511 | C102: Explode the Code Teachers Guide/Key Books 7,8 | D102: 2-4 | E102: Rainbow Resource | F102: LA-Supplemental
B104: 001697 | C104: Spectrum Phonics K | D104: K | E104: Rainbow Resource | F104: LA-Supplemental | G104: 8.25 | H104: =SUM((A104)*(G104)) -> 0
B105: 001659 | C105: Spectrum Phonics Grade 1 | D105: 1 | E105: Rainbow Resource | F105: LA-Supplemental | G105: 8.25 | H105: =SUM((A105)*(G105)) -> 0
B106: 001681 | C106: Spectrum Phonics Grade 2 | D106: 2 | E106: Rainbow Resource | F106: LA-Supplemental | G106: 8.25 | H106: =SUM((A106)*(G106)) -> 0
B107: 001961 | C107: Spectrum Word Study and Phonics Grade 3 | D107: 3 | E107: Rainbow Resource | F107: LA-Supplemental | G107: 8.253 | H107: =SUM((A107)*(G107)) -> 0
B108: 001970 | C108: Spectrum Word Study and Phonics Grade 4 | D108: 4 | E108: Rainbow Resource | F108: LA-Supplemental | G108: 8.25 | H108: =SUM((A108)*(G108)) -> 0
B109: 002002 | C109: Spectrum Word Study and Phonics Grade 5 | D109: 5 | E109: Rainbow Resource | F109: LA-Supplemental | G109: 8.25 | H109: =SUM((A109)*(G109)) -> 0
B110: 002037 | C110: Spectrum Word Study and Phonics Grade 6 | D110: 6 | E110: Rainbow Resource | F110: LA-Supplemental | G110: 8.25 | H110: =SUM((A110)*(G110)) -> 0

Sheet Vocabulary
C1: Vocabulary
A2: Quantity | B2: Product # | C2: Title | D2: Grade | E2: Vendor | F2: Subject | G2: Cost | H2: TOTAL
B4: 032569 | C4: Evan-Moor Vocabulary Fundamentals Grade 1 | D4: 1 | E4: Rainbow Resource | F4: LA - Vocabulary | G4: 17.15 | H4: =SUM((A4)*(G4)) -> 0
B5: 032570 | C5: Evan-Moor Vocabulary Fundamentals Grade 2 | D5: 2 | E5: Rainbow Resource | F5: LA - Vocabulary | G5: 17.15 | H5: =SUM((A5)*(G5)) -> 0
B6: 032603 | C6: Evan-Moor Vocabulary Fundamentals Grade 3 | D6: 3 | E6: Rainbow Resource | F6: LA - Vocabulary | G6: 17.15 | H6: =SUM((A6)*(G6)) -> 0
B7: 032609 | C7: Evan-Moor Vocabulary Fundamentals Grade 4 | D7: 4 | E7: Rainbow Resource | F7: LA - Vocabulary | G7: 17.15 | H7: =SUM((A7)*(G7)) -> 0
B8: 032631 | C8: Evan-Moor Vocabulary Fundamentals Grade 6 | D8: 6 | E8: Rainbow Resource | F8: LA - Vocabulary | G8: 18.5 | H8: =SUM((A8)*(G8)) -> 0
B10: 001943 | C10: Spectrum Vocabulary Grade 3 | D10: 3 | E10: Rainbow Resource | F10: LA - Vocabulary | G10: 8.25 | H10: =SUM((A10)*(G10)) -> 0
B11: 001947 | C11: Spectrum Vocabulary Grade 4 | D11: 4 | E11: Rainbow Resource | F11: LA - Vocabulary | G11: 8.25 | H11: =SUM((A11)*(G11)) -> 0
B12: 001950 | C12: Spectrum Vocabulary Grade 5 | D12: 5 | E12: Rainbow Resource | F12: LA - Vocabulary | G12: 8.25 | H12: =SUM((A12)*(G12)) -> 0
B13: 001955 | C13: Spectrum Vocabulary Grade 6 | D13: 6 | E13: Rainbow Resource | F13: LA - Vocabulary | G13: 8.25 | H13: =SUM((A13)*(G13)) -> 0
B15: 068840 | C15: Wordly Wise 3000 Student Book 3 4th Edition | D15: 3 | E15: Rainbow Resource | F15: LA - Vocabulary | G15: 12.95 | H15: =SUM((A15)*(G15)) -> 0
B16: 068828 | C16: Wordly Wise 3000 4th Edition Key Book | D16: 3 | E16: Rainbow Resource | F16: LA - Vocabulary | G16: 6.95 | H16: =SUM((A16)*(G16)) -> 0
B17: 068841 | C17: Wordly Wise 3000 Student Book 4 | D17: 4 | E17: Rainbow Resource | F17: LA - Vocabulary | G17: 12.95 | H17: =SUM((A17)*(G17)) -> 0
B18: 068829 | C18: Wordly Wise 3000 Book 4 Answer Key | D18: 4 | E18: Rainbow Resource | F18: LA - Vocabulary | G18: 6.95 | H18: =SUM((A18)*(G18)) -> 0
B19: 051001 | C19: Wordly Wise 3000 Student Book 5 | D19: 5 | E19: Rainbow Resource | F19: LA - Vocabulary | G19: 12.95 | H19: =SUM((A19)*(G19)) -> 0
B20: 068830 | C20: Wordly Wise 3000 Book 5 Answer Key | D20: 5 | E20: Rainbow Resource | F20: LA - Vocabulary | G20: 6.95 | H20: =SUM((A20)*(G20)) -> 0
B21: 068843 | C21: Wordly Wise 3000 4th Edition Student Book 6 | D21: 6 | E21: Rainbow Resource | F21: LA - Vocabulary | G21: 12.95 | H21: =SUM((A21)*(G21)) -> 0
B22: 068831 | C22: Wordly Wise 3000 4th Edition Key Book 6 | D22: 6 | E22: Rainbow Resource | F22: LA - Vocabulary | G22: 6.95 | H22: =SUM((A22)*(G22)) -> 0
B23: 068844 | C23: Wordly Wise 3000 Student Book 7 | D23: 7 | E23: Rainbow Resource | F23: LA - Vocabulary | G23: 12.95 | H23: =SUM((A23)*(G23)) -> 0
B24: 068832 | C24: Wordly Wise 3000 4th Edition Key Book 7 | D24: 7 | E24: Rainbow Resource | F24: LA - Vocabulary | G24: 6.95 | H24: =SUM((A24)*(G24)) -> 0
B25: 068845 | C25: Wordly Wise 3000 Student Book 8 | D25: 8 | E25: Rainbow Resource | F25: LA - Vocabulary | G25: 12.95 | H25: =SUM((A25)*(G25)) -> 0
B26: 068833 | C26: Wordly Wise 3000 4th Edition Key Book 8 | D26: 8 | E26: Rainbow Resource | F26: LA - Vocabulary | G26: 6.95 | H26: =SUM((A26)*(G26)) -> 0
B27: 068846 | C27: Wordly Wise 3000 4th Edition Student Book 9 | D27: 9 | E27: Rainbow Resource | F27: LA - Vocabulary | G27: 12.95 | H27: =SUM((A27)*(G27)) -> 0
B28: 068834 | C28: Wordly Wise 3000 4th Edition Key Book 9 | D28: 9 | E28: Rainbow Resource | F28: LA - Vocabulary | G28: 6.95 | H28: =SUM((A28)*(G28)) -> 0
G29: TOTAL | H29: =SUBTOTAL(109,H3:H28) -> 0

Sheet Grammar
C1: Grammar
A2: Quantity | B2: Product # | C2: Title | D2: Grade | E2: Vendor | F2: Subject | G2: Cost | H2: TOTAL
B4: 028764 | C4: Language Fundamentals Grade 1 | D4: 1 | E4: Rainbow Resource | F4: LA - Multiple | G4: 20.5 | H4: =SUM((A4)*(G4)) -> 0
B5: 028812 | C5: Language Fundamentals Grade 2 | D5: 2 | E5: Rainbow Resource | F5: LA - Multiple | G5: 20.5 | H5: =SUM((A5)*(G5)) -> 0
B6: 028840 | C6: Language Fundamentals Grade 3 | D6: 3 | E6: Rainbow Resource | F6: LA - Multiple | G6: 20.5 | H6: =SUM((A6)*(G6)) -> 0
B7: 028852 | C7: Language Fundamentals Grade 4 | D7: 4 | E7: Rainbow Resource | F7: LA - Multiple | G7: 20.5 | H7: =SUM((A7)*(G7)) -> 0
B8: 028855 | C8: Language Fundamentals Grade 5 | D8: 5 | E8: Rainbow Resource | F8: LA - Multiple | G8: 20.5 | H8: =SUM((A8)*(G8)) -> 0
B9: 028858 | C9: Language Fundamentals Grade 6 | D9: 6 | E9: Rainbow Resource | F9: LA - Multiple | G9: 20.5 | H9: =SUM((A9)*(G9)) -> 0
B11: 015552 | C11: Evan-Moor Grammar & Punctuation Grade 1 | D11: 1 | E11: Rainbow Resource | F11: LA - Grammar | G11: 15.95 | H11: =SUM((A11)*(G11)) -> 0
B12: 015553 | C12: Evan-Moor Grammar & Punctuation Grade 2 | D12: 2 | E12: Rainbow Resource | F12: LA - Grammar | G12: 15.95 | H12: =SUM((A12)*(G12)) -> 0
B13: 015554 | C13: Evan-Moor Grammar & Punctuation Grade 3 | D13: 3 | E13: Rainbow Resource | F13: LA - Grammar | G13: 15.95 | H13: =SUM((A13)*(G13)) -> 0
B14: 015555 | C14: Evan-Moor Grammar & Punctuation Grade 4 | D14: 4 | E14: Rainbow Resource | F14: LA - Grammar | G14: 15.95 | H14: =SUM((A14)*(G14)) -> 0
B15: 015557 | C15: Evan-Moor Grammar & Punctuation Grade 5 | D15: 5 | E15: Rainbow Resource | F15: LA - Grammar | G15: 15.95 | H15: =SUM((A15)*(G15)) -> 0
B16: 015558 | C16: Evan-Moor Grammar & Punctuation Grade 6 | D16: 6 | E16: Rainbow Resource | F16: LA - Grammar | G16: 15.95 | H16: =SUM((A16)*(G16)) -> 0
... B42: 034511 | C42: Grammar Ace Student Book (2nd student) | D42: 4-7 | E42: Rainbow Resource | F42: LA - Grammar | G42: 12 | H42: =SUM((A42)*(G42)) -> 0
B44: 040162 | C44: Blue Book of Grammar & Punctuation | D44: 7-12 | E44: Rainbow Resource | F44: LA - Grammar | G44: 14.5
G45: TOTAL | H45: =SUM(H3:H41) -> 0

Sheet Literature
C1: Literature
A2: Quantity | B2: Product # | C2: Title | D2: Grade | E2: Vendor | F2: Subject | G2: Cost | H2: TOTAL
B4: 014017 | C4: Literature Pockets-Nursery Rhymes Grade K-1 | D4: K-1 | E4: Rainbow Resource | F4: LA - Literature
B5: 029149 | C5: Literature Pockets-Folktales & Fairy Tales Grade K-1 | D5: K-1 | E5: Rainbow Resource | F5: LA - Literature | G5: 12.5 | H5: =SUM((A7)*(G5)) -> 0
B6: 029094 | C6: Literature Pockets-Folktales & Fairy Tales Grade 2-3 | D6: 2-3 | E6: Rainbow Resource | F6: LA - Literature | G6: 11.85 | H6: =SUM((A6)*(G6)) -> 0
B7: 029313 | C7: Literature Pockets-Aesop's Fables Grade 2-3 | D7: 2-3 | E7: Rainbow Resource | F7: LA - Literature | G7: 12.5 | H7: =SUM((A8)*(G7)) -> 0
B8: 029319 | C8: Literature Pockets-Greek & Roman Myths Grade 4-6 | D8: 4-6 | E8: Rainbow Resource | F8: LA - Literature | G8: 12.5 | H8: =SUM((A4)*(G8)) -> 0
B10: 030783 | C10: Five in a Row Vol. 1 (2nd Edition) | D10: K-3 | E10: Rainbow Resource | F10: LA - Literature | G10: 49 | H10: =SUM((A10)*(G10)) -> 0
B11: FIR1CS | C11: Volume 1 Literature Package (Charter) | D11: K-3 | E11: Rainbow Resource | F11: LA - Literature | G11: 189.95 | H11: =SUM((A11)*(G11)) -> 0
B12: 030790 | C12: Five in a Row Vol. 2 (2nd Edition) | D12: K-3 | E12: Rainbow Resource | F12: LA - Literature | G12: 49 | H12: =SUM((A12)*(G12)) -> 0
B13: FIRV2L | C13: Volume 2 Literature Package* | D13: K-3 | E13: Rainbow Resource | F13: LA - Literature | G13: 145.95 | H13: =SUM((A13)*(G13)) -> 0
B14: 030791 | C14: Five in a Row Vol. 3 (2nd Edition) | D14: K-3 | E14: Rainbow Resource | F14: LA - Literature | G14: 49 | H14: =SUM((A14)*(G14)) -> 0
B15: FIARV3 | C15: Volume 3 Literature Package | D15: K-3 | E15: Rainbow Resource | F15: LA - Literature | G15: 107.95 | H15: =SUM((A15)*(G15)) -> 0
B16: 001913 | C16: Five in a Row Vol. 4 (2nd Edition) | D16: 3-5 | E16: Rainbow Resource | F16: LA - Literature | G16: 49 | H16: =SUM((A16)*(G16)) -> 0
B17: FIRV4L | C17: Volume 4 Literature Package | D17: 3-5 | E17: Rainbow Resource | F17: LA - Literature | G17: 58.5 | H17: =SUM((A17)*(G17)) -> 0
B18: 081759 | C18: Five in a Row Vol. 5 | D18: 4-6 | E18: Rainbow Resource | F18: LA - Literature | G18: 49 | H18: =SUM((A18)*(G18)) -> 0
B19: FIR2V5 | C19: Volume 5 Literature Package | D19: 4-6 | E19: Rainbow Resource | F19: LA - Literature | G19: 31.5 | H19: 0
C21: StoryTime Treasures (1st semester) (Little Bear, Make Way for Ducklings, Caps for Sale, Frog and Toad Are Friends, Student and Teacher Guide) | D21: 1 | E21: Memoria Press | F21: LA - Literature | G21: 68.91 | H21: =SUM((A21)*(G21)) -> 0
C22: More StoryTime Treasures (2nd Semester) (Guides, Billy Blaze, Blaze and the Forest Fire, Keep the Lights Burning Abbie, The Story About Ping, Stone Soup, The Little House, Miss Rumphius, Student and Teacher Guides) | D22: 1 | E22: Memoria Press | F22: LA - Literature | G22: 99.88 | H22: =SUM((A22)*(G22)) -> 0
C23: Second Grade Literature Guides and Novels (Prairie School, Animal Folk Tales, The Courage of Sarah Noble, Little House in the Big Woods, Tale of Tom, Tale of Peter Rabbit, Tale of Johnny Town-Mouse, Tale of Benjamin Bunny, Student and Teacher Guides) | D23: 2 | E23: Memoria Press | F23: LA - Literature | G23: 181.38 | H23: =SUM((A23)*(G23)) -> 0
C24: Third Grade Literature Guides and Novels (Farmer Boy, Charlotte's Web, A Bear Called Paddington, Mr. Popper's Penguins, Student and Teacher Guides) | D24: 3 | E24: Memoria Press | F24: LA - Literature | G24: 154.56 | H24: =SUM((A24)*(G24)) -> 0
C25: Fourth Grade Literature Guides and Novels (The Cricket in Times Square, My Side of the Mountain, Blue Fairy Book, Homer Price, Student and Teacher Guides) | D25: 4 | E25: Memoria Press | F25: LA - Literature | G25: 149.47 | H25: =SUM((A25)*(G25)) -> 0
C26: Fifth Grade Literature Guides and Novels (The Lion the Witch and the Wardrobe, Heidi, Lassie Come-Home, Student and Teacher Guides) | D26: 5 | E26: Memoria Press | F26: LA - Literature | G26: 112.67 | H26: =SUM((A26)*(G26)) -> 0
C27: Sixth Grade Literature Guides and Novels (King Arthur and His Knights of the Round Table, Adam of the Road, The Adventures of Robin Hood, The Door in the Wall, Student and Teacher Guides) | D27: 6 | E27: Memoria Press | F27: LA - Literature | G27: 146.56 | H27: =SUM((A27)*(G27)) -> 0
C28: Seventh Grade Literature Guides and Novels (Anne of Green Gables, The Trojan War, The Twenty-One Balloons, The Hobbit, Student and Teacher Guides) | D28: 7 | E28: Memoria Press | F28: LA - Literature | G28: 158.72 | H28: =SUM((A28)*(G28)) -> 0
C29: Eighth Grade Literature Guides and Novels (The Wind in the Willows, The Adventures of Tom Sawyer, Treasure Island, As You Like It, Student and Teacher Guides) | D29: 8 | E29: Memoria Press | F29: LA - Literature | G29: 167.8 | H29: =SUM((A29)*(G29)) -> 0
C32: GRADE 3-4 *Choose 4 per semester
B34: CCP2325 | C34: A Wish in the Dark CCP Guide | D34: 3-4 | E34: Classroom Complete Press | F34: LA - Literature | G34: 12.95
B35: stock | C35: A Wish in the Dark by Christina Soontornvat | D35: 3-4
B37: cc2301 | C37: Because of Winn Dixie CCP Guide | D37: 3-4 | E37: Classroom Complete Press | F37: LA - Literature | G37: 12.95
B38: stock | C38: Because of Winn Dixie by Kate DiCamillo | D38: 3-4
B40: cc2321 | C40: The BFG CCP Guide | D40: 3-4 | E40: Classroom Complete Press | F40: LA - Literature | G40: 12.95
B41: stock810 | C41: The BFG by Roald Dahl | D41: 3-4
B43: 006254 | C43: The Castle in the Attic Novel Units Teacher Guide | D43: 3-5 | E43: Rainbow Resource | F43: LA - Literature | G43: 10.45
B44: 006247 | C44: The Castle in the Attic Novel Units Student Guide | D44: 3-5 | E44: Rainbow Resource | F44: LA - Literature | G44: 10.9
B45: stock | C45: The Castle in the Attic by Elizabeth Winthrop
B47: 046853 | C47: Charlie and the Chocolate Factory CCP Guide | D47: 3-4 | E47: Rainbow Resource | F47: LA - Literature | G47: 8.5
B48: stock50 | C48: Charlie and the Chocolate Factory by Roald Dahl | D48: 3-4
B50: cc2306 | C50: Charlotte's Web CCP Guide | D50: 3-4 | E50: classroom Complete Press | F50: LA - Literature | G50: 12.95
B51: stockB | C51: Charlotte's Web by E.B. White | D51: 3-4
B53: cc2319 | C53: Chocolate Fever CCP Guide | D53: 3-4 | E53: Classroom Complete Press | F53: LA - Literature | G53: 12.95
B54: stock | C54: Chocolate Fever by Robert Kimmel Smith | D54: 3-4
B56: cc2315 | C56: The Cricket in Times Square CCP Guide | D56: 3-4 | E56: Classroom Complete Press | F56: LA - Literature | G56: 12.95
B57: stockC | C57: The Cricket in Times Square by George Selden | D57: 3-4
B59: 046959 | C59: The Family Under the Bridge CCP Guide | D59: 3-4 | E59: Rainbow Resource | F59: LA - Literature | G59: 8.5
B60: stock79 | C60: The Family Under the Bridge by Natalie Savage Carlson | D60: 3-4
B62: 046973 | C62: Frindle CCP Guide | D62: 3-4 | E62: Rainbow Resource | F62: LA - Literature | G62: 8.5
B63: stockbla4 | C63: Frindle by Andrew Clements | D63: 3-4
B65: 047167 | C65: The Hundred Dresses CCP Guide | D65: 3-4 | E65: Rainbow Resource | F65: LA - Literature | G65: 8.5
B66: stockA | C66: The Hundred Dresses by Eleanor Estes | D66: 3-4
B68: 017860 | C68: The Indian in the Cupboard Novel Units Teacher Guide | D68: 3-5 | E68: Rainbow Resource | F68: LA - Literature | G68: 10.45
B69: 017859 | C69: The Indian in the Cupboard Novel Units Student Guide | D69: 3-5 | E69: Rainbow Resource | F69: LA - Literature | G69: 10.9
B70: stock | C70: The Indian in the Cupboard by Lynne Reid Banks
B72: 047194 | C72: James and the Giant Peach CCP Guide | D72: 3-4 | E72: Rainbow Resource | F72: LA - Literature | G72: 8.5
B73: stock52 | C73: James and the Giant Peach by Roald Dahl | D73: 3-4
B75: 047220 | C75: The Mouse and The Motorcycle CCP Guide | D75: 3-4 | E75: Rainbow Resource | F75: LA - Literature | G75: 8.5
B76: stock77 | C76: The Mouse and The Motorcycle by Beverly Cleary | D76: 3-4
B78: 047306 | C78: Owls in the Family CCP Guide | D78: 3-4 | E78: Rainbow Resource | F78: LA - Literature | G78: 8.5
B79: stock69 | C79: Owls in the Family by Robert Frankenberg | D79: 3-4
B81: 047357 | C81: Sarah, Plain and Tall CCP Guide | D81: 3-4 | E81: Rainbow Resource | F81: LA - Literature | G81: 8.5
B82: stock79 | C82: Sarah, Plain and Tall by Patricia MacLachlan | D82: 3-4
B84: cc2324 | C84: Stone Fox CCP Guide | D84: 3-4 | E84: Classroom Complete Press | F84: LA - Literature | G84: 8.5
B85: stockD | C85: Stone Fox by John Reynolds Gardiner | D85: 3-4
C87: The Tale of Despereaux Novel Units Teacher Guide | D87: 3-5 | E87: Novel Units | F87: LA - Literature | G87: 12.99
C88: The Tale of Despereaux Novel Units Student Guide | D88: 3-5 | E88: Novel Units | F88: LA - Literature | G88: 13.99
B89: cc2302 | C89: The Tale of Despereaux CCP Guide | D89: 3-4 | E89: Classroom Complete Press | F89: LA - Literature | G89: 12.95
B90: stock50 | C90: The Tale of Despereaux by Kate DiCamillo | D90: 3-4
B92: 006560 | C92: The Trumpet of the Swan Novel Units Teacher Guide | D92: 3-5 | E92: Rainbow Resource | F92: LA - Literature | G92: 10.45
B93: 006559 | C93: The Trumpet of the Swan Novel Units Student Guide | D93: 3-5 | E93: Rainbow Resource | F93: LA - Literature | G93: 10.9
B94: cc2323 | C94: The Trumpet of the Swan CCP Guide | D94: 3-4 | E94: Classroom Complete Press | F94: LA - Literature | G94: 12.95
B95: stock | C95: The Trumpet of the Swan by E.B. White | D95: 3-4
B97: cc2318 | C97: The War with Grandpa CCP Guide | D97: 3-4 | E97: Classroom Complete Press | F97: LA - Literature | G97: 12.95
B98: stock | C98: The War with Grandpa by Robert Kimmel Smith
C100: GRADE 5-6 *Choose 4 per semester
B102: 047449 | C102: A Single Shard CCP Guide | D102: 5-6 | E102: Classroom Complete Press | F102: LA - Literature | G102: 12.95
B103: stockg | C103: A Single Shard by Linda Sue Park | D103: 5-6
B105: 017994 | C105: A Wrinkle in Time Novel Units Teacher Guide | D105: 5-6 | E105: Rainbow Resource | F105: LA - Literature | G105: 10.45
B106: 017993 | C106: A Wrinkle in Time Novel Units Student Guide | D106: 5-6 | E106: Rainbow Resource | F106: LA - Literature | G106: 10.9
B107: cc2541 | C107: A Wrinkle in Time CCP Guide | D107: 5-6 | E107: Classroom Complete Press | F107: LA - Literature | G107: 12.95
B108: stock26 | C108: A Wrinkle in Time by Madeleine L'Engle | D108: 5-6
B110: 047726 | C110: A Year Down Yonder CCP Guide | D110: 5-6 | E110: Classroom Complete Press | F110: LA - Literature | G110: 12.95
B111: stocki | C111: A Year Down Yonder by Richard Peck | D111: 5-6
B113: cc2502 | C113: Bud, not Buddy CCP Guide | D113: 5-6 | E113: Classroom Complete Press | F113: LA - Literature | G113: 12.95
B114: stock71 | C114: Bud, not Buddy by Christopher Paul Curtis | D114: 5-6
B116: cc2501 | C116: Bridge to Terabithia CCP Guide | D116: 5-6 | E116: Classroom Complete Press | F116: LA - Literature | G116: 12.95
B117: stock | C117: Bridge to Terabithia by Katherine Paterson | D117: 5-6
B119: 017800 | C119: The Call of the Wild Novel Units Teacher Guide | D119: 5-6 | E119: Rainbow Resource | F119: LA - Literature | G119: 10.45
B120: 017799 | C120: The Call of the Wild Novel Units Student Guide | D120: 5-6 | E120: Rainbow Resource | F120: LA - Literature | G120: 10.9
B121: cc2719 | C121: The Call of the Wild CCP Guide | D121: 5-6 | E121: Classroom Complete Press | F121: LA - Literature | G121: 12.95
B122: stocki | C122: The Call of the Wild by Jack London | D122: 5-6
B124: cc2514 | C124: Dear Mr. Henshaw CCP Guide | D124: 5-6 | E124: Classroom Complete Press | F124: LA - Literature | G124: 12.95
B125: stocki | C125: Dear Mr. Henshaw by Bevely Cleary | D125: 5-6
B127: 017820 | C127: The Door in the Wall Novel Units Teacher Guide | D127: 5-6 | E127: Rainbow Resource | F127: LA - Literature | G127: 10.45
B128: 017819 | C128: The Door in the Wall Novel Units Student Guide | D128: 5-6 | E128: Rainbow Resource | F128: LA - Literature | G128: 10.9
B129: stockc | C129: The Door in the Wall by Marguerite De Angeli
B131: 046938 | C131: Esperanza Rising CCP Guide | D131: 5-6 | E131: Rainbow Resource | F131: LA - Literature | G131: 12.95
B132: stock1012 | C132: Esperanza Rising by Pam Munoz Ryan | D132: 5-6
B134: 067505 | C134: Farewell to Manzanar Novel Units Teacher Guide | D134: 5-6 | E134: Rainbow Resource | F134: LA - Literature | G134: 10.45
B135: 067504 | C135: Farewell to Manzanar Novel Units Student Guide | D135: 5-6 | E135: Rainbow Resource | F135: LA - Literature | G135: 10.9
B136: stocki | C136: Farewell to Manzanar by Jeanne Houston
...

Sheet Moving Beyond the Page
C1: Moving Beyond the Page
A2: Quantity | B2: Product # | C2: Title | D2: Grade | E2: Vendor | F2: Subject | G2: Cost | H2: TOTAL
B4: 1625 | C4: 4-5 Full Year Curriculum w/books | D4: Age 4-5 | E4: Moving Beyond the Page | G4: 473.83 | H4: =SUM((A4)*(G4)) -> 0
B5: 1627 | C5: 4-5 Curriculum and Materials Kit (no books) | D5: Age 4-5 | E5: Moving Beyond the Page | G5: 190.38 | H5: =SUM((A5)*(G5)) -> 0
B6: 1639 | C6: 4-5 Consumables Package (2nd student materials) | D6: Age 4-5 | E6: Moving Beyond the Page | G6: 166.99 | H6: =SUM((A6)*(G6)) -> 0
B8: 1 | C8: 5-7 Full Year LA,S,SS Curriculum w/books | D8: Age 5-7 | E8: Moving Beyond the Page | G8: 531.77 | H8: =SUM((A8)*(G8)) -> 0
B9: 461 | C9: 5-7 Consumables Package (2nd student materials) (5-7 Materials Kit, Attribute Blocks, Boiling Point Thermometer, Laminated Calendar) | D9: Age 5-7 | E9: Moving Beyond the Page | G9: 108.77 | H9: =SUM((A9)*(G9)) -> 0
B10: 2172 | C10: 5-7 Full Year Math Package w/books | D10: Age 5-7 | E10: Moving Beyond the Page | G10: 272.35 | H10: =SUM((A10)*(G10)) -> 0
B11: 2203 | C11: 5-7 Math Consumables Package (2nd student materials) (Student workbooks, interactive notebook) | D11: Age 5-7 | E11: Moving Beyond the Page | G11: 41.65 | H11: =SUM((A11)*(G11)) -> 0
H12: =SUM((A12)*(G12)) -> 0
B14: 2 | C14: Concept 1: Environment Package (Boiling Point Thermometer, Crinkleroot's Guide to Knowing Animal Habitats, Me on the Map, Oh Say Can You Say What's the Weather Today, On the Town, The Salamander Room, Up in the Garden and Down in the Dirt, Whatever the Weather, Student Activity Book, Parent Manual) | D14: Age 5-7 | E14: Moving Beyond the Page | G14: 153.91 | H14: =SUM((A14)*(G14)) -> 0
B15: 9 | C15: Concept 2: Similarities and Differences Package (Attribute Blocks, Bar Magnets, A Life Like Mine, My Five Senses, Over and Under the Pond, Shapesville, The Magic School Bus Explores the Senses, Student Activity Book, Parent Manual) | D15: Age 5-7 | E15: Moving Beyond the Page | G15: 145.93 | H15: =SUM((A15)*(G15)) -> 0
B16: 6 | C16: Concept 3: Patterns Package (Attribute Blocks, Laminated Calendar, Bear Hugs, Busy Bugs, Pattern, Student Activity Book, Parent Manual) | D16: Age 5-7 | E16: Moving Beyond the Page | G16: 97.91 | H16: =SUM((A16)*(G16)) -> 0
B17: 12 | C17: Concept 4: Change Package (Changes Happen All Around You, Push and Pull, Seed to Plant, Telling Time, The House on Maple Street, The Raft, The Usborne Time Traveler, What Do You Do With a Problem?) | D17: Age 5-7 | E17: Moving Beyond the Page | G17: 157.87 | H17: =SUM((A17)*(G17)) -> 0
B19: 18 | C19: 6-8 Full Year LA,S,SS Curriculum w/books | D19: Age 6-8 | E19: Moving Beyond the Page | G19: 634.45 | H19: =SUM((A19)*(G19)) -> 0
B20: 460 | C20: 6-8 LA,S,SS Consumables Package (2nd student) (student workbooks) | D20: Age 6-8 | E20: Moving Beyond the Page | G20: 125.77 | H20: =SUM((A20)*(G20)) -> 0
B21: 2210 | C21: 6-8 Full Year Math Package w/books | D21: Age 6-8 | E21: Moving Beyond the Page | G21: 280.42 | H21: =SUM((A21)*(G21)) -> 0
B22: 2224 | C22: 6-8 Math Consumables Package (2nd student) (student workbooks, interactive notebook) | D22: Age 6-8 | E22: Moving Beyond the Page | G22: 41.65 | H22: =SUM((A22)*(G22)) -> 0
H23: =SUM((A23)*(G23)) -> 0
B25: 19 | C25: Concept 1: Community Package (Home, If You Give a Pig a Pancake, Lillys Purple Plastic Purse, Sylvester and the Magic Pebble, The Giving Tree, The Little House, The Seven Continents, Student Activity Book, Parent Manual) | D25: Age 6-8 | E25: Moving Beyond the Page | G25: 188.87 | H25: =SUM((A25)*(G25)) -> 0
B26: 22 | C26: Concept 2: Matter and Movement Package (Bucket Balance, Hexagram Weights, Magnifying Glass, Bartholomew and the Oobleck, Everybody Needs a Rock, Forces Make Things Move, Move It, What is the World Made Of, What's the Matter in Mr. Whiskers' Room, What Is A Balance Scale, You're Aboard Spaceship Earth, Student Activity Book, Parent Manual) | D26: Age 6-8 | E26: Moving Beyond the Page | G26: 150.9 | H26: =SUM((A26)*(G26)) -> 0
B27: 25 | C27: Concept 3: Culture Package (A Child's Calendar, Africa Is Not a Country, Christmas Around the World, Explore Asia, Explore South America, Paul Bunyan, The Armadillo from Amarillo, The Egyptian Cinderella, The Irish Cinderlad, The Seven Continents, The Usborne Children's Picture Atlas, Three Young Pilgrims, Why Mosquitos Buzz In People's Ears, Yeh-Shen, Student Activity Book, Parent Manual) | D27: Age 6-8 | E27: Moving Beyond the Page | G27: 214.72 | H27: =SUM((A27)*(G27)) -> 0
B28: 28 | C28: Concept 4: Relationships Package (Does the Sun Sleep, Ellis Island, River, O Say Can You See, Sunshine Makes the Seasons, The Miraculous Journey of Edward Tulane, The Story of Ruby Bridges, Your Life as a Settler in Colonial America, Student Activity Book, Parent Manual) | D28: Age 6-8 | E28: Moving Beyond the Page | G28: 194.88 | H28: =SUM((A28)*(G28)) -> 0
B30: 2400 | C30: 7-9 Full Year Package LA,S,SS Curriculum w/books | D30: Age 7-9 | E30: Moving Beyond the Page | G30: 768.63 | H30: =SUM((A30)*(G30)) -> 0
B31: 2424 | C31: 7-9 LA,S,SS Consumables Package (2nd student) (Guides, Owl Pellet Kit) | D31: Age 7-9 | E31: Moving Beyond the Page | G31: 416.3 | H31: =SUM((A31)*(G31)) -> 0
B32: 2294 | C32: 7-9 Full Year Math Package | D32: Age 7-9 | E32: Moving Beyond the Page | G32: 216.7 | H32: =SUM((A32)*(G32)) -> 0
B33: 2299 | C33: 7-9 Math Consumables Package (2nd student) (student workbooks, interactive notebook) | D33: Age 7-9 | E33: Moving Beyond the Page | G33: 41.65 | H33: =SUM((A33)*(G33)) -> 0
H34: =SUM((A34)*(G34)) -> 0
B35: 358 | C35: 7-9 Full Year Language Arts Package (12 Guides, Owl Pellet Kit, 60 American Heroes, Adventures in the Middle Ages, Alexander Graham Bell, Charlotte's Web, Encounter, Hot on the Trail in Ancient Egypt, How the Turtle Got Its Shell, Iggies House, Morning Girl, One Day In The Tropical Rain Forest, Poppy, Punctuation Celebration, Sarah Plain and Tall, The Family Under the Bridge, The Whipping Boy, Tornado, Voices in the Park, Who Was Helen Keller) | D35: Age 7-9 | E35: Moving Beyond the Page | G35: 355.86 | H35: =SUM((A35)*(G35)) -> 0
B36: 1209 | C36: 7-9 Full Year Science Package (6 Guides, Boiling Point Thermometer, Butterfly Kit, Human Anatomy Ear Model, A Drop Around the World, Map Symbols Keys and Scales, On the Same Day in March, The Kid's Book of Weather Forecasting, The Shaman's Apprentice, Welcome to the Green House, What is a Life Cycle, Who Eats What) | D36: Age 7-9 | E36: Moving Beyond the Page | G36: 221.69 | H36: =SUM((A36)*(G36)) -> 0
B37: 1210 | C37: 7-9 Full Year Social Studies Package (6 Guides, All Kinds of Maps, A River Ran Wild, A Street Through Time, How the U.S. Government Works, If You Made A Million, Maps, Symbols, Keys and Scales, Miss Rumphius, One Vote Two Votes I Vote You Vote, The Starry Messenger, The Wump World, Weslandia, Xochitl and the Flowers) | D37: Age 7-9 | E37: Moving Beyond the Page | G37: 191.08 | H37: =SUM((A37)*(G37)) -> 0
B39: 136 | C39: Concept 1: Environment - Unit 1 Tornado (Guide, How the Turtle Got Its Shell, Tornado) | D39: Age 7-9 | E39: Moving Beyond the Page | F39: Language Arts | G39: 32.97 | H39: =SUM((A39)*(G39)) -> 0
B40: 914 | C40: Concept 1: Environment - Unit 1 Amazing Weather (Guide, Boiling Point Thermometer, On the Same Day in March, The Kid's Book of Weather Forecasting) | D40: Age 7-9 | E40: Moving Beyond the Page | F40: Science | G40: 46.97 | H40: =SUM((A40)*(G40)) -> 0
B42: 137 | C42: Concept 1: Environment - Unit 2- Sarah, Plain and Tall (Guide and book) | D42: Age 7-9 | E42: Moving Beyond the Page | F42: Language Arts | G42: 27.98 | H42: =SUM((A42)*(G42)) -> 0
B43: 915 | C43: Concept 1: Environment - Unit 2 - The Land (Guide, All Kinds of Maps, Map Symbols, Keys and Scales) | D43: Age 7-9 | E43: Moving Beyond the Page | F43: Science | G43: 35.97 | H43: =SUM((A43)*(G43)) -> 0
B45: 138 | C45: Concept 1: Environment - Unit 3 - Who Was Helen Keller? (Guide, Alexander Graham Bell, Who Was Helen Keller) | D45: Age 7-9 | E45: Moving Beyond the Page | F45: Language Arts | G45: 31.97 | H45: =SUM((A45)*(G45)) -> 0
B46: 916 | C46: Concept 1: Environment - Unit 3 - Sound (Guide, Human Anatomy Ear Model) | D46: Age 7-9 | E46: Moving Beyond the Page | F46: Science | G46: 44.99 | H46: =SUM((A46)*(G46)) -> 0
B48: 163 | C48: Concept 2: Change - Unit 1 - Morning Girl (Guide, Encounter, Morning Girl, Voices in the Park) | D48: Age 7-9 | E48: Moving Beyond the Page | F48: Language Arts | G48: 47.96 | H48: =SUM((A48)*(G48)) -> 0
B49: 1001 | C49: Concept 2: Change - Unit 1 - Environments Change (Guide, A River Ran Wild, The Wump World) | D49: Age 7-9 | E49: Moving Beyond the Page | F49: Social Studies | G49: 39.97 | H49: =SUM((A49)*(G49)) -> 0
B51: 164 | C51: Concept 2: Change - Unit 2 - Communities and Cultures (Guide, Adventures In the Middle Ages, Hot on the Trail in Ancient Egypt) | D51: Age 7-9 | E51: Moving Beyond the Page | F51: Language Arts | G51: 46.93 | H51: =SUM((A51)*(G51)) -> 0
B52: 1002 | C52: Concept 2: Change - Unit 2 - Communities Change Over Time (Guide, A Street Through Time, Weslandia) | D52: Age 7-9 | E52: Moving Beyond the Page | F52: Social Studies | G52: 46.97 | H52: =SUM((A52)*(G52)) -> 0
B54: 165 | C54: Concept 2: Change - Unit 3 - American Heroes (Guide, 60 American Heroes) | D54: Age 7-9 | E54: Moving Beyond the Page | F54: Language Arts | G54: 37.98 | H54: =SUM((A54)*(G54)) -> 0
B55: 1003 | C55: Concept 2: Change - Unit 3 - People Change the World (Guide, Miss Rumphius, The Starry Messenger) | D55: Age 7-9 | E55: Moving Beyond the Page | F55: Social Studies | G55: 37.97 | H55: =SUM((A55)*(G55)) -> 0
... B73: 1006 | C73: Concept 4: Relationships - Unit 3 - Connected Cultures (Guide, Xochitl and the Flowers) | D73: Age 7-9 | E73: Moving Beyond the Page | F73: Social Studies | G73: 31.94 | H73: =SUM((A73)*(G73)) -> 0
B75: 2635 | C75: 8-10 Full Year LA,S,SS Curriculum w/books | D75: Age 8-10 | E75: Moving Beyond the Page | G75: 847.7 | H75: =SUM((A75)*(G75)) -> 0
B76: 2639 | C76: 8-10 LA,S,SSConsumables Package (2nd student) (Guides, Dig a Dino, Pocket Sled Kite) | D76: Age 8-10 | E76: Moving Beyond the Page | G76: 430.48 | H76: =SUM((A76)*(G76)) -> 0
B77: 2619 | C77: 8-10 Full Year Math Package | D77: Age 8-10 | E77: Moving Beyond the Page | G77: 216.71 | H77: =SUM((A77)*(G77)) -> 0
B78: 2624 | C78: 8-10 Math Consumables Package (2nd student) (student workbooks, interactive notebook) | D78: Age 8-10 | E78: Moving Beyond the Page | G78: 41.65 | H78: =SUM((A78)*(G78)) -> 0
H79: =SUM((A79)*(G79)) -> 0
B80: 394 | C80: 8-10 Full Year Language Arts Package (Timeline, Pocket Sled, 12 LA Guides, A Kids Guide to Japan, Abel's Island, Ben and Me, Fiona's Luck, Holes, Little House in the Big Woods, Mrs. Frisby and the Rats of Nihm, Native American Animal Stories, Pedro's Journal, Sadako and the Thousand Paper Cranes, The BFG, The Island of Skog, The Lion, the Witch, and the Wardrobe, The Mystery of Meerkat Hill, The Sea King's Daughter, The Sign of the Beaver, The Snow Queen) | D80: Age 8-10 | E80: Moving Beyond the Page | G80: 355.16 | H80: =SUM((A80)*(G80)) -> 0
B81: 1211 | C81: 8-10 Full Year Science Package (7 Guides, Semester 1 kit, Semester 2 kit, Dig A Dino, Dirt, Everything Rocks and Minerals, How Do Animals Adapt, Electricity and Magnetism, The Gripping Truth about Forces and Motion) | D81: Age 8-10 | E81: Moving Beyond the Page | G81: 325.32 | H81: =SUM((A81)*(G81)) -> 0
B82: 1212 | C82: 8-10 Full Year Social Studies Package (5 Guides, Timeline, Asia, Africa, Beatrice's Goat, Exploration and Conquest, Explorers Who Got Lost, Presidential Elections, The Cherokee, The Kitchen Knight, The Very First Americans, Turn of the Century) | D82: Age 8-10 | E82: Moving Beyond the Page | G82: 171.46 | H82: =SUM((A82)*(G82)) -> 0
B84: 304 | C84: Concept 1: Interdependence - Unit 1 - Little House in the Big Woods (Guide and book) | D84: Age 8-10 | E84: Moving Beyond the Page | F84: Language Arts | G84: 29.98 | H84: =SUM((A84)*(G84)) -> 0
B85: 920 | C85: Concept 1: Interdependence - Unit 1 - Dirt and Plants (Guide, Dirt) | D85: Age 8-10 | E85: Moving Beyond the Page | F85: Science | G85: 27.98 | H85: =SUM((A85)*(G85)) -> 0
B87: 305 | C87: Concept 1: Interdependence - Unit 2 - The Sign of the Beaver (Guide and book) | D87: Age 8-10 | E87: Moving Beyond the Page | F87: Language Arts | G87: 29.98 | H87: =SUM((A87)*(G87)) -> 0
B88: 1007 | C88: Concept 1: Interdependence - Unit 2 - Native Americans (Guide, The Cherokee, The Very First Americans) | D88: Age 8-10 | E88: Moving Beyond the Page | F88: Social Studies | G88: 34.97 | H88: =SUM((A88)*(G88)) -> 0
B90: 306 | C90: Concept 1: Interdependence - Unit 3 - Native Americans Animal Stories (Guide and book) | D90: Age 8-10 | E90: Moving Beyond the Page | F90: Language Arts | G90: 42.94 | H90: =SUM((A90)*(G90)) -> 0
B91: 1081 | C91: Concept 1: Interdependence - Unit 3 - Ecosystems and Ecology (Guide) | D91: Age 8-10 | E91: Moving Beyond the Page | F91: Science | G91: 19.99 | H91: =SUM((A91)*(G91)) -> 0
B93: 327 | C93: Concept 2: Force and Power - Unit 1 - Ben and Me (Guide, Pocket Sled Kite, Ben and Me) | D93: Age 8-10 | E93: Moving Beyond the Page | F93: Language Arts | G93: 38.18 | H93: =SUM((A93)*(G93)) -> 0
B94: 921 | C94: Concept 2: Force and Power - Unit 1 - Magnetism and Electricity (Guide, Electricity and Magnetism) | D94: Age 8-10 | E94: Moving Beyond the Page | F94: Science | G94: 27.94 | H94: =SUM((A94)*(G94)) -> 0
B96: 328 | C96: Concept 2: Force and Power - Unit 2 - The Lion, the Witch and the Wardrobe (Guide and book) | D96: Age 8-10 | E96: Moving Beyond the Page | F96: Language Arts | G96: 29.98 | H96: =SUM((A96)*(G96)) -> 0
B97: 1008 | C97: Concept 2: Force and Power - Unit 2 - The Power of People (Guide, Presidential Elections) | D97: Age 8-10 | E97: Moving Beyond the Page | F97: Social Studies | G97: 26.98 | H97: =SUM((A97)*(G97)) -> 0
B99: 329 | C99: Concept 2: Force and Power - Unit 3 - The BFG (Guide and book) | D99: Age 8-10 | E99: Moving Beyond the Page | F99: Language Arts | G99: 28.98 | H99: =SUM((A99)*(G99)) -> 0
B100: 922 | C100: Concept 2: Force and Power - Unit 3 - Forces of Nature (Guide, The Gripping Truth about Forces and Motion) | D100: Age 8-10 | E100: Moving Beyond the Page | F100: Science | G100: 28.98 | H100: =SUM((A100)*(G100)) -> 0
... B118: 925 | C118: Concept 4: Exploration and Survival - Unit 3 - Work, Tools, and Simple Machines (Guide only) | D118: Age 8-10 | E118: Moving Beyond the Page | F118: Science | G118: 19.99 | H118: =SUM((A118)*(G118)) -> 0
B120: 2743 | C120: 9-11 Full Year LA,SS,S Package w/books | D120: Age 9-11 | E120: Moving Beyond the Page | G120: 931.41 | H120: =SUM((A120)*(G120)) -> 0
B121: 2748 | C121: 9-11 Consumables Package (2nd student) (Guides, Timeline, Clay, Dreamcatcher) | D121: Age 9-11 | E121: Moving Beyond the Page | G121: 567.94 | H121: =SUM((A121)*(G121)) -> 0
B122: 2736 | C122: 9-11 Full Year Math Package | D122: Age 9-11 | E122: Moving Beyond the Page | F122: Math | G122: 191.11 | H122: =SUM((A122)*(G122)) -> 0
B123: 2740 | C123: 9-11 Math Consumables Package (2nd student)(student workbooks, interactive notebook) | D123: Age 9-11 | E123: Moving Beyond the Page | F123: Math | G123: 144.43 | H123: =SUM((A123)*(G123)) -> 0
H124: =SUM((A124)*(G124)) -> 0
B125: 533 | C125: 9-11 Language Arts Curriculum w/books (12 Guides, Timeline, Dream Catcher, A House of Tailors, A Picture Book of Frederick Douglass, A Wrinkle in Time, American Tall Tales, Coral Reef Food Chains, Cut from the Same Cloth, Handy Guide to Writing, Lincoln, Love That Dog, My America, My Side of the Mountain, R is for Rhyme, The Ballad of Lucy Whipple, The Cay, The Invention of Hugo Cabret, The View from Saturday, The Witch of Blackbird Pond, Walking with Henry) | D125: Age 9-11 | E125: Moving Beyond the Page | G125: 400.41 | H125: =SUM((A125)*(G125)) -> 0
B126: 2372 | C126: 9-11 Language Arts Consumables (2nd student) (guides, dreamcatcher) | D126: Age 9-11 | E126: Moving Beyond the Page | G126: 206.02 | H126: =SUM((A126)*(G126)) -> 0
B127: 902 | C127: 9-11 Social Studies Curriculum w/books (6 Guides, Timeline, Terra Cotta Clay, Scout it Out: The 50 States Game, Going West!, How We Crossed the West, Crossing the Waters, Immigrant Kids, Living in the Jamestown Colony, Smart About the 50 States, The American Revolution for Kids, The New Americans | D127: Age 9-11 | E127: Moving Beyond the Page | G127: 208.08 | H127: =SUM((A127)*(G127)) -> 0
B128: 2377 | C128: 9-11 SS Consumables Package (2nd student) (guides, timeline, clay) | D128: Age 9-11 | E128: Moving Beyond the Page | G128: 115.53 | H128: =SUM((A128)*(G128)) -> 0
B129: 903 | C129: 9-11 Science Curriculum w/books (6 Guides, Semester 1 & 2 Science Kit, Let's Explore Energy, Squishy Human Body, 100 Inventions, Biomes and Ecosystems, How the Incredible Human Body Works, Leap into Space, Awesome Ocean Science, Pass the Energy Please) | D129: Age 9-11 | E129: Moving Beyond the Page | G129: 327.17 | H129: =SUM((A129)*(G129)) -> 0
B130: 2376 | C130: 9-11 Science Consumables (2nd student) | D130: Age 9-11 | E130: Moving Beyond the Page | G130: 101.95 | H130: =SUM((A130)*(G130)) -> 0
B132: 455 | C132: Concept 1: Relationships - Unit 1 - Poetry (Guide, Love That Dog, My America, R is for Rhyme) | D132: Age 9-11 | E132: Moving Beyond the Page | F132: Language Arts | G132: 72.92 | H132: =SUM((A132)*(G132)) -> 0
B133: 1012 | C133: Concept 1: Relationships - Unit 1 - The Fifty States (Guide, Terra Cotta Clay, Scout it Out: The 50 States Game, Smart About the 50 States) | D133: Age 9-11 | E133: Moving Beyond the Page | F133: Social Studies | G133: 59.97 | H133: =SUM((A133)*(G133)) -> 0
B135: 456 | C135: Concept 1: Relationships - Unit 2 - The View from Saturday (Guide and book)) | D135: Age 9-11 | E135: Moving Beyond the Page | F135: Language Arts | G135: 28.98 | H135: =SUM((A135)*(G135)) -> 0
B136: 1085 | C136: Concept 1: Relationships - Unit 2 - Energy Guide, Let's Explore Energy, Pass the Energy) | D136: Age 9-11 | E136: Moving Beyond the Page | F136: Science | G136: 33.97 | H136: =SUM((A136)*(G136)) -> 0
B138: 457 | C138: Concept 1: Relationships - Unit 3 - American Tall Tales and Legends (Guide, Dream Catcher, American Tall Tales, Cut from the Same Cloth) | D138: Age 9-11 | E138: Moving Beyond the Page | F138: Language Arts | G138: 39.47 | H138: =SUM((A138)*(G138)) -> 0
B139: 1013 | C139: Concept 1: Relationships - Unit 3 - Your State (Guide only) | D139: Age 9-11 | E139: Moving Beyond the Page | F139: Social Studies | G139: 19.99 | H139: =SUM((A139)*(G139)) -> 0
B141: 480 | C141: Concept 2: Diversity and Interdependence - Unit 1 - The Cay (Guide, Coral Reef Food Chains, The Cay) | D141: Age 9-11 | E141: Moving Beyond the Page | F141: Language Arts | G141: 37.93 | H141: =SUM((A141)*(G141)) -> 0
B142: 926 | C142: Concept 2: Diversity and Interdependence - Unit 1 - The Living Seas (Guide, Awesome Ocean Science) | D142: Age 9-11 | E142: Moving Beyond the Page | F142: Science | G142: 34.98 | H142: =SUM((A142)*(G142)) -> 0
B144: 481 | C144: Concept 2: Diversity and Interdependence - Unit 2 - A House of Tailors (Guide and book) | D144: Age 9-11 | E144: Moving Beyond the Page | F144: Language Arts | G144: 26.98 | H144: =SUM((A144)*(G144)) -> 0
B145: 1014 | C145: Concept 2: Diversity and Interdependence - Unit 2 - Immigration (Guide, Crossing the Waters, Immigrant Kids) | D145: Age 9-11 | E145: Moving Beyond the Page | F145: Social Studies | G145: 35.97 | H145: =SUM((A145)*(G145)) -> 0
B147: 482 | C147: Concept 2: Diversity and Interdependence - Unit 3 - My Side of the Mountain (Guide, My Side of the Mountain, Walking with Henry) | D147: Age 9-11 | E147: Moving Beyond the Page | F147: Language Arts | G147: 50.93 | H147: =SUM((A147)*(G147)) -> 0
B148: 927 | C148: Concept 2: Diversity and Interdependence - Unit 3 - Biomes (Guide, Biomes and Ecosystems) | D148: Age 9-11 | E148: Moving Beyond the Page | F148: Science | G148: 35.04 | H148: =SUM((A148)*(G148)) -> 0
... B166: 930 | C166: Concept 4: Systems - Unit 3 - The Human Body (Guide, How the Incredible Human Body Works, Squishy Human Body) | D166: Age 9-11 | E166: Moving Beyond the Page | F166: Science | G166: 69.97 | H166: =SUM((A166)*(G166)) -> 0
B168: 656 | C168: 10-12 Full Year Curriculum w/books | D168: Age 10-12 | E168: Moving Beyond the Page | G168: 881.42 | H168: =SUM((A168)*(G168)) -> 0
B169: 665 | C169: 10-12 Full Year Consumables Package (2nd student) (Guides, Terra Cotta clay, Dolphin Beads, Fossil Excavation kit, Postcards, Trivia Cards, World Map, Timeline and Timeline cards) | D169: Age 10-12 | E169: Moving Beyond the Page | G169: 439.39 | H169: =SUM((A169)*(G169)) -> 0
B170: 2815 | C170: 10-12 Full Year Math Package | D170: Age 10-12 | E170: Moving Beyond the Page | F170: Math | G170: 182.64
B171: 2837 | C171: 10-12 Math Consumables Package (2nd student) (student workbooks, interactive notebook) | D171: Age 10-12 | E171: Moving Beyond the Page | F171: Math | G171: 144.42
B173: 663 | C173: 10-12 Language Arts Full Year Curriculum w/books (12 Guides, Beyond Roots, Dolphin Beads, Fossil Excavation Kit, Parts of Speech Card, Albert Einstein, Bull Run, Classic Short Stories, Esperanza Rising, Handy Guide to Writing, Number the Stars, Pink and Say, Roll of Thunder Hear My Cry, Secret of the Andes, Shelf Life, The Giver, The People of Sparks, The Tree That Time Built, The Wanderer, Tuck Everlasting, What Was The Great Depression) | D173: Age 10-12 | E173: Moving Beyond the Page | G173: 363.71 | H173: =SUM((A173)*(G173)) -> 0
B174: 2378 | C174: 10-12 LA Consumables (2nd student) (guides, dolphin beads, fossil kit) | D174: Age 10-12 | E174: Moving Beyond the Page | G174: 208.73 | H174: =SUM((A174)*(G174)) -> 0
B175: 908 | C175: 10-12 Social Studies Full Year Curriculum w/books (6 Guides, Terra Cotta clay, Postcards, Trivia Cards, World Map, Timeline and Timeline cards, All That Jazz, Maya, Incas, and Aztecs, Prisoners of Geography, Nobody Gonna Turn Me 'Round, The Geography Book, War Terrible War, Where Poppies Grow) | D175: Age 10-12 | E175: Moving Beyond the Page | G175: 226.34 | H175: =SUM((A175)*(G175)) -> 0
B176: 2383 | C176: 10-12 SS Consumables Package (2nd student) (guides, clay, Timeline, Timeline cards, Postcards, World Map) | D176: Age 10-12 | E176: Moving Beyond the Page | G176: 124.46 | H176: =SUM((A176)*(G176)) -> 0
B177: 907 | C177: 10-12 Science Full Year Curriculum w/books (6 Guides, Semester 1 & 2 Science Kit, Brine Shrimp, Periodic Table, Dirtmeister's Nitty Gritty, Eyewitness Weather, Fizz Bubble and Flash, Kitchen Chemistry, The Basics of Cell Life, Explore Forces and Motion) | D177: Age 10-12 | E177: Moving Beyond the Page | G177: 291.37 | H177: =SUM((A177)*(G177)) -> 0
B178: 2382 | C178: 10-12 Science Consumables Package (2nd student) | D178: Age 10-12 | E178: Moving Beyond the Page | G178: 101.95 | H178: =SUM((A178)*(G178)) -> 0
B180: 551 | C180: Concept 1: Environment and Cycles - Unit 1 - The Wanderer (Guide, book, Dolphin Beads) | D180: Age 10-12 | E180: Moving Beyond the Page | F180: Language Arts | G180: 31.47 | H180: =SUM((A180)*(G180)) -> 0
...

Sheet Bookshark
C1: Bookshark
A2: Qty | B2: Product # | C2: Title | D2: Grade | E2: Vendor | F2: Subject | G2: Cost | H2: TOTAL
C3: Kindergarten
B4: ARH | C4: A - History & Geography: Intro to the World: Cultures INCLUDES: History Books Consumables- Instructor's Guide (AHB), Calendar (AE01), Timeline Figures (AHB1), Fun Tales (KR01), Level K Readers Schedule & Notes(B-KR) | D4: K | E4: Bookshark | F4: History | G4: 455.34 | H4: =SUM(A4*(G4)) -> 0
B5: KLA | C5: K - Bookshark Language Arts K Package *NEED TO ORDER READERS SEPARATELY My First Picture Dictionary (KL04) Language Arts K Instructor's Guide (KLB) BINGO Markers (KL081) Alphabet Sounds BINGO Cards (KL082) Go A to Z! (KL11) | D5: K | E5: Bookshark | F5: LA | G5: 70.19 | H5: =SUM(A5*(G5)) -> 0
B6: KR01 | C6: Fun Tales Readers (KR01) *Order with LA if not doing History A | D6: K | E6: Bookshark | F6: LA | G6: 24 | H6: =SUM(A6*(G6)) -> 0
B7: KSP | C7: New Science A Package- Weather (AS01) Rainforests (KS03) Reptiles (KS04) Ants (KS06) Bees and Wasps (KS07) Wangari's Trees of Peace: A True Story from Africa (KS11) Why Do Elephants Need the Sun? (KS12) From Seed to Plant (KS13) Magic School Bus: Inside a Hurricane (KS15) DK findout! Science (KS05) Forces Make Things Move (KS16) BookShark Kindergarten Science Experiments (KSBB) Science Supplies Kit A (KSK) Science A Instructor's Guide | Ages 5-7 (KSB) | D7: K | E7: Bookshark | F7: Science | G7: 260 | H7: =SUM(A7*(G7)) -> 0
C8: Option items: Explode the Code- Click here to add | D8: K | F8: LA
C9: Click here to add optional items: Handwriting without tears | D9: K | F9: LA
C10: Click here to add optional items: Hands on History- World Cultures | D10: K | F10: History
B11: AHB | C11: Instructor's Guide- A -History & Geography: Intro to the World: Cultures | D11: K | E11: Bookshark | F11: History | G11: 100 | H11: =SUM(A11*(G11)) -> 0
B12: STOCK | C12: BOOKS ONLY- A - History & Geography: Intro to the World: Cultures - (Science not included) | D12: K | F12: History
B13: KLB | C13: K - Language Arts K Instructor's Guide (KLB) | D13: K | E13: Bookshark | F13: LA | G13: 59 | H13: =SUM(A13*(G13)) -> 0
B14: KLB1 | C14: K - Extra Language Arts K Activity Sheets | D14: K | E14: Bookshark | F14: LA | G14: 18 | H14: =SUM(A14*(G14)) -> 0
B15: KR | C15: K-Level K Readers Schedule & Notes | D15: K | E15: Bookshark | F15: LA | G15: 14.97 | H15: =SUM((A15)*(#REF!)) -> #REF!
B16: KSKB | C16: K - Science Supplies Kit A * | D16: K | E16: Bookshark | F16: Science | G16: 84 | H16: =SUM(A16*(G16)) -> 0
B17: KSB | C17: K- Science A Instructor's Guide* | D17: K | E17: Bookshark | F17: Science | G17: 59 | H17: =SUM(A17*(G17)) -> 0
B18: ASKP | C18: K- Extra Science A Experiment Paper Packet | D18: K | E18: Bookshark | F18: Science | G18: 14 | H18: =SUM(A18*(G18)) -> 0
B19: KSB1 | C19: K - Extra Science A Student Activity Sheets | D19: K | E19: Bookshark | F19: Science | G19: 18 | H19: =SUM(A19*(G19)) -> 0
B20: AHB, AE01, AHB1, KR01, KR | C20: A - Bookshark Consumables (AHB, AE01, AHB1, KR01, KR) (History Instructor's Guide, Calendar, Timeline Figures, Fun Tales, Level K Readers Schedule & Notes) | D20: K | F20: History
C21: 1st Grade
B22: BRH | C22: B - History & Geography: Intro to World History Year 1 of 2 INCLUDES: Books (***MUST CHOOSE LEVEL OF READERS SEPARATELY) Consumables- Instructor's Guide (BHB), Timeline Figures (BHB1) | D22: 1 | E22: Bookshark | F22: History | G22: 511.32 | H22: =SUM(A22*(G22)) -> 0
B23: 1RP | C23: 1 - Level 1 Readers ***Must Choose LA 1 Guide OR Level 1 Readers Guide Separately*** Put Me in the Zoo (1R02) One Fish, Two Fish... (1R04) The Cat in the Hat (1R06) Green Eggs and Ham (1R10) A Big Ball of String (1R12) The Best Trick (1R13) The Bravest Dog Ever: The True Story of Balto (1R14) I Can Read It! Book 1 (1R161) I Can Read It! Book 2 (1R162) I Can Read It! Book 3 (1R163) I Can Read It! Word Lists (1R164) | D23: 1 | E23: Bookshark | F23: LA | G23: 109.94 | H23: =SUM(A23*(G23)) -> 0
B24: 1R | C24: Level 1 Readers Schedule & Notes (B-1R) *NOT NEEDED if purchasing LA 1 GUIDE | D24: 1 | E24: Bookshark | F24: LA | G24: 15 | H24: =SUM(A24*(G24)) -> 0
B25: 1LA | C25: Language Arts 1 Instructor's Guide (1LB), BINGO Markers (KL081), Go Blend! (1L10), Letter & Word BINGO (1L09) | D25: 1 | E25: Bookshark | F25: LA | G25: 64.8 | H25: =SUM(A25*(G25)) -> 0
B26: 1SP | C26: New Science B Package- Louis Pasteur and Pasteurization (BS19) The Magic School Bus Inside the Human Body (DS04) The Magic School Bus Lost in the Solar System (CS07) Extra Science B Experiments Paper Packet (BSKP) Light is All Around Us (AS11) Sound is All Around Us (AS12) Working With Materials (B-AS15) Germs Make Me Sick (B-BS17) Science B Instructor's Guide | Ages 6-8 (1SB) BookShark Science B Experiments Book (1SBB) Discover & Do: Science B Supplies Kit (1SKB) Usborne Children's Encyclopedia (AH04) | D26: 1 | E26: Bookshark | F26: Science | G26: 242.04 | H26: =SUM(A26*(G26)) -> 0
C28: Option items: Explode the Code- Click here to add
C29: Click here to add optional items: Handwriting without tears
C30: Click here to add optional items: Hands on History- World History
B31: BHB | C31: B - History B Instructor's Guide | D31: 1 | E31: Bookshark | F31: History | G31: 104 | H31: =SUM(A31*(G31)) -> 0
B32: STOCK | C32: BOOKS ONLY- B History & Geography: Intro to World History Year 1 of 2- (Science not included) | D32: 1 | F32: History
B33: 1LB1 | C33: B - Extra Language Arts 1 Activity Sheets | D33: 1 | E33: Bookshark | F33: LA | G33: 18 | H33: =SUM(A33*(G33)) -> 0
B34: 1SB | C34: B - Science B Instructor's Guide* | D34: 1 | E34: Bookshark | F34: Science | G34: 59 | H34: =SUM(A34*(G34)) -> 0
B35: 1SK | C35: B - Discover & Do: Science B Supplies Kit* | D35: 1 | E35: Bookshark | F35: Science | G35: 78 | H35: =SUM(A35*(G35)) -> 0
B36: BSKP | C36: B- Extra Science B Experiments Paper Packet | D36: 1 | E36: Bookshark | F36: Science | G36: 14 | H36: =SUM(A36*(G36)) -> 0
B37: 1SB1 | C37: B - Extra Science B Student Activity Sheets | D37: 1 | E37: Bookshark | F37: Science | G37: 18 | H37: =SUM(A37*(G37)) -> 0
B38: BHB, BHB1 | C38: B - Bookshark Consumables (Instructor's Guide, TimeLine Figures) | D38: 1 | F38: History
C39: 2nd Grade
B40: CRH | C40: C - Reading with History C: Intro to World History Year 2 of 2 INCLUDES: Books (***MUST CHOOSE LEVEL OF READERS SEPARATELY) Consumables- Instructor's Guide (CHB), Timeline Figures (CHB1) Geography Songs CD (CH06) | D40: 2 | E40: Bookshark | F40: History | G40: 611.47 | H40: =SUM(A40*(G40)) -> 0
B41: 2RP | C41: 2 - Level 2 Readers ***Must Choose LA 2 Guide OR Level 2 Readers Guide Separately*** Frog and Toad are Friends (2R02) Frog and Toad Together (2R03) Owl at Home (2R04) Hill of Fire (2R09) Pompeii: Buried Alive! (2R11) Titanic: Lost and Found (2R12) Wagon Wheels (2R14) The Big Balloon Race (2R15) Mouse Tales (2R16) Daniel's Duck (2R18) Nate the Great (2R19) The Fire Cat (2R20) Greg's Microscope (2R21) Frog and Toad All Year (2R22) Amelia Bedelia (2R23) The Sword in the Tree (2R27) Clara and the Bookwagon (3R30) The Long Way to a New Land (3R31) The Long Way Westward (3R32) Prairie School (3R33) Third Grade Detectives #1 and #2 (3R35) Riding the Pony Express (3R49) | D41: 2 | E41: Bookshark | F41: LA | G41: 133.79 | H41: =SUM(A41*(G41)) -> 0
B42: 2LB | C42: Language Arts 2 Instructor's Guide | D42: 2 | E42: Bookshark | F42: LA | G42: 59 | H42: =SUM(A42*(G42)) -> 0
B43: 2R | C43: Level 2 Readers Schedule & Notes *NOT NEEDED if purchasing LA 2 GUIDE | D43: 2 | E43: Bookshark | F43: LA | G43: 15 | H43: =SUM(A43*(G43)) -> 0
B44: 2SP | C44: New Science C Package- The Magic School Bus at the Waterworks (BS08) The Usborne World of Animals (BS10) The Magic School Bus Inside the Earth (CS06) Marie Curie's Search for Radium (CS09) Science C Instructor's Guide | Ages 7-9 (2SB) BookShark Science C Experiments Book (2SBB) Usborne Lift-the-flap Periodic Table (BS14) Discover & Do: Science C Supplies Kit (2SK) DK Eye Wonder Plant (BS12) DK findout! Earth (BS13) What is the World Made of? (BS15) Extra Science C Experiments Paper Packet (CSKP) | D44: 2 | E44: Bookshark | F44: Science | G44: 259.13 | H44: =SUM(A44*(G44)) -> 0
C45: *Choose only ONE Phonics program
B46: * | C46: Option items: Explode the Code- Click here to add | F46: Phonics
B47: * | C47: Click here to add optional items: MCP Phonics | F47: Phonics
C48: Click here to add optional items: Wordly Wise | F48: Vocabulary
C49: Click here to add optional items: Handwriting without tears | F49: Handwriting
C50: Click here to add optional items: Hands on History- World History II | F50: History
B51: CHB | C51: C - History C Instructor's Guide | D51: 2 | E51: Bookshark | F51: History | G51: 104 | H51: =SUM(A51*(G51)) -> 0
B52: STOCK | C52: C - BOOKS ONLY - History and LA (Science not included) | D52: 2 | F52: History
B53: 2LB1 | C53: C- Extra Language Arts 2 Activity Sheets | D53: 2 | E53: Bookshark | F53: LA | G53: 18 | H53: =SUM(A53*(G53)) -> 0
B54: 2SB | C54: C - Science C Instructor's Guide* | D54: 2 | E54: Bookshark | F54: Science | G54: 59 | H54: =SUM(A54*(G54)) -> 0
B55: 2SK | C55: C - Discover & Do: Science C Supplies Kit | D55: 2 | E55: Bookshark | F55: Science | G55: 78 | H55: =SUM(A55*(G55)) -> 0
B56: CSKP | C56: C- Extra Science C Experiment Paper Packet | D56: 2 | E56: Bookshark | F56: Science | G56: 14 | H56: =SUM(A56*(G56)) -> 0
B57: 2SB1 | C57: C- Extra Science C Student Activity Sheets | D57: 2 | E57: Bookshark | F57: Science | G57: 18 | H57: =SUM(A57*(G57)) -> 0
B58: CHB, CHB1, CH06 | C58: C - Bookshark Consumables (Instructor's Guide, TimeLine Figures, Geography Songs CD) | D58: 2 | F58: History
C59: 3rd Grade
B60: 3LA | C60: Level 3 Readers- ***Must Choose LA 3 Guide OR Level 3 Readers Guide Separately*** The Chalk Box Kid (3R36) The Paint Brush Kid (3R37) Third Grade Detectives #4 (3R43) Cora Frear (3R38) Tippy Lemmey (3R39) Third Grade Detectives #10 (3R40) Tornado (3R41) Jake Drake: Bully Buster (3R42) Secret Valley (3R44) The House on Walenska Street (3R46) The Littles (3R47) The Last Little Cat (3R48) Viking Adventure (3R50) Marco Polo (4R65) Encyclopedia Brown (4R44) Lumber Camp Library (4R55) | D60: 3 | E60: Bookshark | F60: LA | G60: 116.84 | H60: =SUM(A60*(G60)) -> 0
B61: 3LBN | C61: Language Arts 3 Instructor's Guide | D61: 3 | E61: Bookshark | F61: LA | G61: 59 | H61: =SUM(A61*(G61)) -> 0
B62: 3R | C62: Level 3 Reader Schedule & Notes *NOT NEEDED if purchasing LA 3 GUIDE | D62: 3 | E62: Bookshark | F62: LA | G62: 15 | H62: =SUM(A62*(G62)) -> 0
B63: 3LBN1 | C63: Extra Language Arts 3 Activity Sheets | D63: 3 | E63: Bookshark | F63: LA | G63: 18 | H63: =SUM(A63*(G63)) -> 0
B65: 4LA | C65: Level 4 Readers- ***Must Choose LA 4 Guide OR Level 4 Readers Guide Separately*** About Average (CA28) Doctor Like Papa (4R64) King of the Mound (EA19) Henry and Ribsy (4R40) The Children of Noisy Village (4R43) Misty of Chincoteague (4R45) Emily's Runaway Imagination (4R49) Mustang, Wild Spirit of the West (4R51) The Whipping Boy (4R53) Socks (4R54) A Llama in the Family (4R56) The Toothpaste Millionaire (4R57) McBroom's Wonderful One-Acre Farm (4R58) Frindle (4R59) B is for Betsy (4R61) Ralph S. Mouse (4R63) Escape from Mr. Lemoncello's Library (4R67) | D65: 3 | E65: Bookshark | F65: LA | G65: 147.85 | H65: =SUM(A65*(G65)) -> 0
B66: 4LBA | C66: Language Arts 4 Guide | D66: 3 | E66: Bookshark | F66: LA | G66: 59 | H66: =SUM(A66*(G66)) -> 0
B67: 4R | C67: Level 4 Reader Schedule & Notes *NOT NEEDED if purchasing LA 4 GUIDE | D67: 3 | E67: Bookshark | F67: LA | G67: 15 | H67: =SUM(A67*(G67)) -> 0
B68: 4LBA1 | C68: Extra Language Arts 4 Activity Sheets | D68: 3 | E68: Bookshark | F68: LA | G68: 18 | H68: =SUM(A68*(G68)) -> 0
B70: DRH | C70: D - Intro to American History Year 1 of 2 INCLUDES: Books plus regular readers (order advanced readers seperately) Consumables- Instructor's Guide (DHB), Timeline Figures (DHB1) | D70: 3 | E70: Bookshark | F70: History | G70: 525.8 | H70: =SUM(A70*(G70)) -> 0
B71: DRP | C71: Level D Regular Readers- ALREADY INCLUDED IN READING WITH HISTORY D Pocahontas and the Strangers (DR01) The Matchlock Gun (DR02) Meet Thomas Jefferson (DR03) Phoebe the Spy (DR04) Meet George Washington (DR05) Robert Fulton, Boy Craftsman (DR06) Sarah, Plain and Tall (DR07) The Courage of Sarah Noble (DR08) Squanto, Friend of the Pilgrims (DR10) The Bears on Hemlock Mountain (DR11) A Lion to Guard Us (DR13) Om-kas-toe (DR16) The Cabin Faced West (DR09) | D71: 3 | E71: Bookshark | F71: LA | G71: 105.88 | H71: =SUM(A71*(G71)) -> 0
B72: DLB | C72: Language Arts D Instructor's Guide *Used for Regular and Advanced Readers | D72: 3 | E72: Bookshark | F72: LA | G72: 59 | H72: =SUM(A72*(G72)) -> 0
B73: DLB1 | C73: Extra Language Arts D Activity Sheets | D73: 3 | E73: Bookshark | F73: LA | G73: 18 | H73: =SUM(A73*(G73)) -> 0
B75: DRAP | C75: Level D Advanced Readers- Naya Nuki (DX03) Tikta'Liktak (DX05) Ben Franklin of Old Philadelphia (DX07) Mr. Revere and I (DX08) Stone Fox (DX06) Timmy O'Dowd and the Big Ditch (B-DR18) Vostaas: White Buffalo's Story of Plains Indian Life (B-DX04) The Thanksgiving Story (DR15) Corn Grows Ripe (DX09) | D75: 3 | E75: Bookshark | F75: LA | G75: 86.89 | H75: =SUM(A75*(G75)) -> 0
B76: 3SP | C76: NEW Science D Package- The Usborne First Encyclopedia of Seas and Oceans (DS02) Did You Know? Science (CS12) Science D Instructor's Guide | Ages 5-7 (3SB) BookShark Science D Experiments Book (3SBB) Fossils Tell of Long Ago (CS13) Traits and Attributes (CS14) The Magic School Bus and the Electric Field Trip (CS15) What Makes a Magnet? (CS16) Electrical Wizard (CS18) Bringing Back the Wolves (CS19) Discover & Do: Science D Supplies Kit (3SK) DK Eyewonder Weather (CS01) National Geographic Robots (CS17) Extra Science D Experiments Paper Packet (DSKP) | D76: 3 | E76: Bookshark | F76: Science | G76: 277.97
C77: Click here to add optional items: Spelling You See
C78: Click here to add optional items: Wordly Wise
C79: Click here to add optional items: Handwriting without tears
C80: Click here to add optional items: Lapbook American History I or US Elections
B81: DHB | C81: D - History D Instructor's Guide* | D81: 3 | E81: Bookshark | F81: History | G81: 138 | H81: =SUM(A81*(G81)) -> 0
B82: STOCK | C82: D - BOOKS ONLY - History and LA (Science not included) | D82: 3 | F82: History
B83: 3SB | C83: D - Science D Instructor's Guide* | D83: 3 | E83: Bookshark | F83: Science | G83: 59 | H83: =SUM(A83*(G83)) -> 0
B84: 3SK | C84: D - Discover & Do: Science D Supplies Kit | D84: 3 | E84: Bookshark | F84: Science | G84: 78 | H84: =SUM(A84*(G84)) -> 0
B85: 3SB1 | C85: D- Extra Science D Student Activity Sheets | D85: 3 | E85: Bookshark | F85: Science | G85: 18 | H85: =SUM(A85*(G85)) -> 0
B86: DSKP | C86: D- Science D Experiments Paper Packet | D86: 3 | E86: Bookshark | F86: Science | G86: 14 | H86: =SUM(A86*(G86)) -> 0
B87: DHB, DHB1 | C87: D - Bookshark Consumables (Instructor's Guide, TimeLine Figures) | D87: 3 | F87: History
C89: 4th Grade
B90: ERH | C90: E - Intro to American History Year 2 of 2 INCLUDES: Books Consumables- Instructor's Guide (EHB), Timeline Figures (EHB1) | D90: 4 | E90: Bookshark | F90: History | G90: 511.38 | H90: =SUM(A90*(G90)) -> 0
B91: 4SP | C91: New Science E Package- Encyclopedia of Planet Earth (GS01) Energy (ES04) Coding with Scratch 3.0: Projects Workbook (DS12) Usborne Illustrated Elementary Science Dictionary (DS13) Hedy Lamarr's Double Life: Hollywood Legend and Brilliant Inventor (DS14) What are Waves? (DS15) Science E Instructor's Guide | Ages 9-12 (4SB) BookShark Science E Experiments Book (4SBB) Discover & Do: Science E Supplies Kit (4SK) Extra Science E Experiments Paper Packet (ESKP) | D91: 4 | E91: Bookshark | F91: Science | G91: 266.3 | H91: =SUM(A91*(G91)) -> 0
B92: ELB | C92: E - Bookshark Language Arts Instructor's Guide | D92: 4 | E92: Bookshark | F92: LA | G92: 59 | H92: =SUM(A92*(G92)) -> 0
B93: ERP | C93: E- Level E Readers Lawn Boy, The Perilous Road, By the Great Horn Spoon, Freedom Train, Shades of Gray, Turn Homeward, Hannalee, Old Yeller, Helen Keller, All-of-a-Kind Family, Thimble Summer, Plain Girl, Gone Away Lake, The Seventeenth Swap, The Wright Brothers, Sing Down the Moon, Hero Over Here, Thomas Edison: Inventor with a Lot of Bright Ideas | D93: 4 | E93: Bookshark | F93: LA | G93: 145.81
C94: Click here to add optional items: Spelling You See American Spirit
C95: Click here to add optional items: Wordly Wise 4
C96: Click here to add optional items: Grammar Ace
C97: Click here to add optional items: Handwriting without tears
C98: Click here to add optional items: Lapbook American History I or US Elections
B99: EHB | C99: E - History E Instructor's Guide | D99: 4 | E99: Bookshark | F99: History | G99: 138 | H99: =SUM(A99*(G99)) -> 0
B100: STOCK | C100: E - BOOKS ONLY - History and LA (Science not included) | D100: 4 | F100: History
B101: ELB1 | C101: E - Extra Language Arts E Activity Sheets | D101: 4 | E101: Bookshark | F101: LA | G101: 18 | H101: =SUM(A101*(G101)) -> 0
B102: 4SB | C102: E - Science E Instructor's Guide* | D102: 4 | E102: Bookshark | F102: Science | G102: 59 | H102: =SUM(A102*(G102)) -> 0
B103: 4SK | C103: E - Discover & Do: Science E Supplies Kit | D103: 4 | E103: Bookshark | F103: Science | G103: 78 | H103: =SUM(A103*(G103)) -> 0
B104: ESKP | C104: E- Science E Experiments Paper Packet | D104: 4 | E104: Bookshark | F104: Science | G104: 14 | H104: =SUM(A104*(G104)) -> 0
B105: 4SB1 | C105: E- Extra Science E Student Activity Sheets | D105: 4 | E105: Bookshark | F105: Science | G105: 18 | H105: =SUM(A105*(G105)) -> 0
...

Sheet Health
C1: Health
A2: Quantity | B2: Product # | C2: Title | D2: Grade | E2: Vendor | F2: Subject
B4: 034393 | C4: Healthy Habits for Healthy Kids Grade K | D4: K | E4: Rainbow Resource | F4: Health | G4: 13.99
B5: 034403 | C5: Healthy Habits for Healthy Kids Grades 1-2 | D5: 1-2 | E5: Rainbow Resource | F5: Health | G5: 13.99
B6: 034406 | C6: Healthy Habits for Healthy Kids Grades 3-4 | D6: 3-4 | E6: Rainbow Resource | F6: Health | G6: 13.99
B7: 034413 | C7: Healthy Habits for Healthy Kids Grades 5+ | D7: 5+ | E7: Rainbow Resource | F7: Health | G7: 13.99
B8: 9781264320219 | C8: CUS Glencoe Health Student Edition | D8: 9 | E8: McGraw Hill | F8: Health
B9: 9781264320233 | C9: CUS Glencoe Health Teacher Edition | D9: 9 | E9: McGraw Hill | F9: Health

Sheet High School
C1: High School Curriculum
A2: Quantity | B2: Product # | C2: Title | D2: Grade | E2: Vendor | F2: Subject | G2: Price
C3: Health
B4: 9781264320219 | C4: CUS Glencoe Health Student Edition | D4: 9 | E4: McGraw Hill | F4: Health | G4: 72.42
B5: 9781264320233 | C5: CUS Glencoe Health Teacher Edition | D5: 9 | E5: McGraw Hill | F5: Health | G5: 189.33
C6: Math
B8: 003999 | C8: Art of Problem Solving Algebra | E8: Rainbow Resource | F8: Math
B9: 002304 | C9: Art of Problem Solving Algebra Solutions Manual | E9: Rainbow Resource | F9: Math
B11: 004640 | C11: Art of Problem Solving Geometry | E11: Rainbow Resource | F11: Math
B12: 004638 | C12: Art of Problem Solving Geometry Solutions Manual | E12: Rainbow Resource | F12: Math
B14: 052330 | C14: Envisions Algebra Set | E14: Rainbow Resource | F14: Math
B16: Digital Access | C16: ALEKS Pre Algebra | E16: ALEKS | F16: Math
B17: Digital Access | C17: ALEKS Algebra | E17: ALEKS | F17: Math
B18: Digital Access | C18: ALEKS Geometry | E18: ALEKS | F18: Math
B19: Digital Access | C19: ALEKS Algebra 2 | E19: ALEKS | F19: Math
C21: Teaching Textbooks Algebra 1 Textbook and Answer Key | E21: Teaching Textbooks | F21: Math | G21: 64.95
B22: Digital Access | C22: Teaching Textbooks Algebra 1 Online Access | E22: Teaching Textbooks | F22: Math | G22: 72.95
C24: Teaching Textbooks Algebra 2 Textbook and Answer Key | E24: Teaching Textbooks | F24: Math | G24: 66.95
B25: Digital Access | C25: Teaching Textbooks Algebra 2 Online Access | E25: Teaching Textbooks | F25: Math | G25: 74.95
C27: Teaching Textbooks Geometry Textbook and Answer Key | E27: Teaching Textbooks | F27: Math | G27: 64.95
B28: Digital Access | C28: Teaching Textbooks Geometry Online Access | E28: Teaching Textbooks | F28: Math | G28: 72.95
C30: Social Studies
B31: IHP | C31: I - American History I Package INCLUDES: Books Consumables- History Parent Guide (IHB-PGB), History Student Guide (IHB-PGB) *MUST ORDER REQUIRED RESOURCES SEPERATELY | D31: 9 | E31: Bookshark | F31: History | G31: 404.84
B32: IHB-PG | C32: I - American History Parent Guide (extra) | D32: 9 | E32: Bookshark | F32: History | G32: 62
B33: IHB-SG | C33: I - American History Student Guide (extra) | D33: 9 | E33: Bookshark | F33: History | G33: 37
B34: STOCK | C34: I - BOOKS ONLY - American History | D34: 9 | F34: History
B37: 9781423646365 | C37: Washington Journey Student Textbook | D37: 7 | E37: Gibbs Smith | F37: Social Studies
B38: PDF | C38: Washington Journey Teacher's Guide (PDF) | D38: 7 | E38: Gibbs Smith | F38: Social Studies
C40: Language Arts
B41: ILLA | C41: I - Literature & Language Arts I Package INCLUDES: Books Consumables- American Historical Literature & Language Arts I Student Guide (ILB-SG) and Parent Guide (ILB-PG) *MUST ORDER REQUIRED RESOURCES SEPERATELY | E41: Bookshark | F41: LA | G41: 242.86
B42: ILB-SG | C42: I - American Historical Literature & Language Arts Student Guide (extra) | E42: Bookshark | F42: LA
B43: ILB-PG | C43: I - American Historical Literature & Language Arts Parent Guide (extra) | E43: Bookshark | F43: LA
B44: STOCK | C44: I - BOOKS ONLY- American Historical Literature | F44: LA
B45: B-140-35 | C45: Wordly Wise 8 book & Answer Key | E45: Bookshark | F45: LA | G45: 26.78
B46: 140-11 | C46: Thinking Analogies B1 | E46: Bookshark | F46: LA | G46: 12.79
B48: JLLA | C48: J-Literature & Language Arts Package *Includes Books Consumables- Classical Literature & Language Arts J Student Guide (JLB-SG) Classical Literature & Language Arts J Parent Guide (JLB-PG) *MUST ORDER REQUIRED RESOURCES SEPERATELY | E48: Bookshark | F48: LA | G48: 188.83
B49: JLB-SG | C49: Classical Literature & Language Arts J Student Guide (JLB-SG) extra | E49: Bookshark | F49: LA | G49: 37
B50: JLB-PG | C50: Classical Literature & Language Arts J Parent Guide (JLB-PG) extra | E50: Bookshark | F50: LA | G50: 54
B51: STOCK | C51: J - BOOKS ONLY Literature & Language Arts | F51: LA
B52: B-240-35 | C52: Wordly Wise 9 Book & Answer key | E52: Bookshark | F52: LA | G52: 26.78
B53: 140-11 | C53: Thinking Analogies B1 | E53: Bookshark | F53: LA | G53: 12.79
G54: 12.79
C57: GRADE 9-12 *Choose two per semester
B59: 017769 | C59: The Adventures of Huckleberry Finn Novel Units Teacher Guide | D59: 11 | E59: Rainbow Resource | F59: LA - Literature
B60: 017768 | C60: The Adventures of Huckleberry Finn Novel Units Student Guide | D60: 11 | E60: Rainbow Resource | F60: LA - Literature
B61: cc2012 | C61: The Adventures of Huckleberry Finn Classroom Complete Press Guide | D61: 11 | E61: Classroom Complete Press | F61: LA - Literature
B62: stock41 | C62: The Adventures of Huckleberry Finn by Mark Twain | G62: 25.5
B64: 017771 | C64: The Adventures of Tom Sawyer Novel Units Teacher Guide | D64: 9-12 | E64: Rainbow Resource | F64: LA - Literature | G64: 24.95
B65: 017770 | C65: The Adventures of Tom Sawyer Novel Units Student Guide | D65: 9-12 | E65: Rainbow Resource | F65: LA - Literature
B66: stock4155 | C66: The Adventures of Tom Sawyer by Mark Twain | G66: 10.9
B68: cc2002 | C68: Angela's Ashes Classroom Complete Press Guide | D68: 12 | E68: Classroom Complete Press | F68: LA - Literature
B69: stock | C69: Angela's Ashes by Frank McCourt
B71: 017777 | C71: Animal Farm Novel Units Teacher Guide | D71: 9 | E71: Rainbow Resource | F71: LA - Literature
B72: 017776 | C72: Animal Farm Novel Units Student Guide | D72: 9 | E72: Rainbow Resource | F72: LA - Literature
B73: cc2019 | C73: Animal Farm Classroom Complete Press Guide Teacher Guide | D73: 9 | E73: Classroom Complete Press | F73: LA - Literature
B74: stock82 | C74: Animal Farm by George Orwell
B76: cc2711 | C76: Catching Fire Classroom Complete Press Guide | D76: 10 | E76: Classroom Complete Press | F76: LA - Literature
B77: stock | C77: Catching Fire by Suzanne Collins
C79: The Catcher in the Rye Novel Units Teacher Guide | D79: 12 | E79: Novel Units | F79: LA - Literature
B80: 017801 | C80: The Catcher in the Rye Novel Units Student Guide | D80: 12 | E80: Rainbow Resource | F80: LA - Literature
B81: cc2023 | C81: The Catcher in the Rye Classroom Complete Press Guide | D81: 12 | E81: Classroom Complete Press | F81: LA - Literature
B82: stock | C82: The Catcher in the Rye by J.D. Salinger
C84: The Crucible Novel Units Teacher Guide | D84: 11 | E84: Novel Units | F84: LA - Literature
C85: The Crucible Novel Units Student Guide | D85: 11 | E85: Novel Units | F85: LA - Literature
B86: 046918 | C86: The Crucible Classroom Complete Press Guide | D86: 11 | E86: Rainbow Resource | F86: LA - Literature
B87: stock36 | C87: The Crucible by Arthur Miller
B89: cc2014 | C89: Fahrenheit 451 Classroom Complete Press Guide | D89: 10 | E89: Classroom Complete Press | F89: LA - Literature
B90: stock14 | C90: Fahrenheit 451 by Ray Bradbury
B92: 017828 | C92: Frankenstein Novel Units Teacher Guide | D92: 12 | E92: Rainbow Resource | F92: LA - Literature
B93: 017827 | C93: Frankenstein Novel Units Student Guide | D93: 12 | E93: Rainbow Resource | F93: LA - Literature
B94: stock | C94: Frankenstein by Mary Shelley
C96: The Fellowship of the Ring Novel Units Teacher Guide | D96: 12 | E96: Novel Units | F96: LA - Literature
C97: The Fellowship of the Ring Novel Units Student Guide | D97: 12 | E97: Novel Units | F97: LA - Literature
B98: stock | C98: The Fellowship of the Ring by J.R.R. Tolkien
B100: cc2003 | C100: The Grapes of Wrath Classroom Complete Press Guide | D100: 11 | E100: Novel Units | F100: LA - Literature
B101: stock15 | C101: The Grapes of Wrath by John Steinbeck
B103: 017841 | C103: The Great Gatsby Novel Units Teacher Guide | D103: 11 | E103: Rainbow Resource | F103: LA - Literature
B104: 017840 | C104: The Great Gatsby Novel Units Student Guide | D104: 11 | E104: Rainbow Resource | F104: LA - Literature
B105: 047048 | C105: The Great Gatsby Classroom Complete Press Guide | D105: 11 | E105: Rainbow Resource | F105: LA - Literature
B106: stock39 | C106: The Great Gatsby by F. Scott Fitzgerald
B108: 047080 | C108: Hamlet Classroom Complete Press Guide | D108: 12 | E108: Rainbow Resource | F108: LA - Literature
B109: stock | C109: Hamlet by William Shakespeare
C111: The House of the Scorpion Novel Units Teacher Guide | D111: 12 | E111: Novel Units | F111: LA - Literature
C112: The House of the Scorpion Novel Units Student Guide | D112: 12 | E112: Novel Units | F112: LA - Literature
B113: stock1214 | C113: The House of the Scorpion by Nancy Farmer
B115: 047177 | C115: The Hunger Games Classroom Complete Press Guide | D115: 9 | E115: Rainbow Resource | F115: LA - Literature
B116: stock33 | C116: The Hunger Games by Suzanne Collins
B118: cc2021 | C118: Julius Caesar Classroom Complete Press Guide | D118: 10 | E118: Classroom Complete Press | F118: LA - Literature
B119: stock | C119: Julius Caesar by William Shakespeare
B121: 017890 | C121: Lord of the Flies Novel Units Teacher Guide | D121: 10 | E121: Rainbow Resource | F121: LA - Literature
B122: 017889 | C122: Lord of the Flies Novel Units Student Guide | D122: 10 | E122: Rainbow Resource | F122: LA - Literature
B123: 047200 | C123: Lord of the Flies Classroom Complete Press Guide | D123: 10 | E123: Rainbow Resource | F123: LA - Literature
B124: stock | C124: Lord of the Flies by William Golding
B126: cc2013 | C126: Macbeth Classroom Complete Press Guide | D126: 11 | E126: Classroom Complete Press | F126: LA - Literature
B127: stock36 | C127: Macbeth by William Shakespeare
C129: Nineteen Eighty-Four Novel Units Teacher Guide | D129: 10 | E129: Novel Units | F129: LA - Literature
C130: Nineteen Eighty-Four Novel Units Student Guide | D130: 10 | E130: Novel Units | F130: LA - Literature
B131: cc2020 | C131: Nineteen Eighty-Four Classroom Complete Press Guide | D131: 10 | E131: Classroom Complete Press | F131: LA - Literature
B132: stock29 | C132: Nineteen Eighty-Four by George Orwell
B134: 017914 | C134: Of Mice and Men Novel Units Teacher Guide | D134: 9 | E134: Rainbow Resource | F134: LA - Literature
...

Sheet Bookshark Order
C1: Bookshark | F1: Spring 2021-22
A2: =#REF! -> #REF! | C2: =#REF! -> #REF! | F2: Date:
A3: =#REF! -> #REF! | C3: =#REF! -> #REF!
A4: =#REF! -> #REF! | C4: =#REF! -> #REF!
A5: =#REF! -> #REF! | C5: =#REF! -> #REF!
A6: Line # | B6: Quantity | C6: Product # | D6: Title | E6: Grade | F6: Vendor | G6: Subject | H6: Cost | I6: Total
B7: =Summary!#REF! -> #REF! | C7: =Summary!#REF! -> #REF! | D7: =Summary!#REF! -> #REF! | E7: =Summary!#REF! -> #REF! | F7: =Summary!#REF! -> #REF! | G7: =Summary!#REF! -> #REF! | H7: =Summary!#REF! -> #REF! | I7: =Summary!#REF! -> #REF!
B8: =Summary!#REF! -> #REF! | C8: =Summary!#REF! -> #REF! | D8: =Summary!#REF! -> #REF! | E8: =Summary!#REF! -> #REF! | F8: =Summary!#REF! -> #REF! | G8: =Summary!#REF! -> #REF! | H8: =Summary!#REF! -> #REF! | I8: =Summary!#REF! -> #REF!
B9: =Summary!#REF! -> #REF! | C9: =Summary!#REF! -> #REF! | D9: =Summary!#REF! -> #REF! | E9: =Summary!#REF! -> #REF! | F9: =Summary!#REF! -> #REF! | G9: =Summary!#REF! -> #REF! | H9: =Summary!#REF! -> #REF! | I9: =Summary!#REF! -> #REF!
B10: =Summary!#REF! -> #REF! | C10: =Summary!#REF! -> #REF! | D10: =Summary!#REF! -> #REF! | E10: =Summary!#REF! -> #REF! | F10: =Summary!#REF! -> #REF! | G10: =Summary!#REF! -> #REF! | H10: =Summary!#REF! -> #REF! | I10: =Summary!#REF! -> #REF!
B11: =Summary!#REF! -> #REF! | C11: =Summary!#REF! -> #REF! | D11: =Summary!#REF! -> #REF! | E11: =Summary!#REF! -> #REF! | F11: =Summary!#REF! -> #REF! | G11: =Summary!#REF! -> #REF! | H11: =Summary!#REF! -> #REF! | I11: =Summary!#REF! -> #REF!
B12: =Summary!#REF! -> #REF! | C12: =Summary!#REF! -> #REF! | D12: =Summary!#REF! -> #REF! | E12: =Summary!#REF! -> #REF! | F12: =Summary!#REF! -> #REF! | G12: =Summary!#REF! -> #REF! | H12: =Summary!#REF! -> #REF! | I12: =Summary!#REF! -> #REF!
B13: =Summary!#REF! -> #REF! | C13: =Summary!#REF! -> #REF! | D13: =Summary!#REF! -> #REF! | E13: =Summary!#REF! -> #REF! | F13: =Summary!#REF! -> #REF! | G13: =Summary!#REF! -> #REF! | H13: =Summary!#REF! -> #REF! | I13: =Summary!#REF! -> #REF!
B14: =Summary!#REF! -> #REF! | C14: =Summary!#REF! -> #REF! | D14: =Summary!#REF! -> #REF! | E14: =Summary!#REF! -> #REF! | F14: =Summary!#REF! -> #REF! | G14: =Summary!#REF! -> #REF! | H14: =Summary!#REF! -> #REF! | I14: =Summary!#REF! -> #REF!
B15: =Summary!#REF! -> #REF! | C15: =Summary!#REF! -> #REF! | D15: =Summary!#REF! -> #REF! | E15: =Summary!#REF! -> #REF! | F15: =Summary!#REF! -> #REF! | G15: =Summary!#REF! -> #REF! | H15: =Summary!#REF! -> #REF! | I15: =Summary!#REF! -> #REF!
B16: =Summary!#REF! -> #REF! | C16: =Summary!#REF! -> #REF! | D16: =Summary!#REF! -> #REF! | E16: =Summary!#REF! -> #REF! | F16: =Summary!#REF! -> #REF! | G16: =Summary!#REF! -> #REF! | H16: =Summary!#REF! -> #REF! | I16: =Summary!#REF! -> #REF!
B17: =Summary!#REF! -> #REF! | C17: =Summary!#REF! -> #REF! | D17: =Summary!#REF! -> #REF! | E17: =Summary!#REF! -> #REF! | F17: =Summary!#REF! -> #REF! | G17: =Summary!#REF! -> #REF! | H17: =Summary!#REF! -> #REF! | I17: =Summary!#REF! -> #REF!
B18: =Summary!#REF! -> #REF! | C18: =Summary!#REF! -> #REF! | D18: =Summary!#REF! -> #REF! | E18: =Summary!#REF! -> #REF! | F18: =Summary!#REF! -> #REF! | G18: =Summary!#REF! -> #REF! | H18: =Summary!#REF! -> #REF! | I18: =Summary!#REF! -> #REF!
... B149: =Summary!#REF! -> #REF! | C149: =Summary!#REF! -> #REF! | D149: =Summary!#REF! -> #REF! | E149: =Summary!#REF! -> #REF! | F149: =Summary!#REF! -> #REF! | G149: =Summary!#REF! -> #REF! | H149: =Summary!#REF! -> #REF! | I149: =Summary!#REF! -> #REF!
F151: Bookshark | H151: Total | I151: =SUM(I7:I149) -> #REF!

Sheet MBTP
B1: Curriculum Request Form | G1: Spring 2021-22
A2: =#REF! -> #REF! | D2: =#REF! -> #REF! | G2: Date:
A3: =#REF! -> #REF! | D3: =#REF! -> #REF!
A4: =#REF! -> #REF! | D4: =#REF! -> #REF!
A5: =#REF! -> #REF! | D5: =#REF! -> #REF!
A6: Filled | B6: Student Name | C6: Quantity | D6: Product # | E6: Title | F6: Grade | G6: Vendor | H6: Subject | I6: Cost | J6: Price | K6: Total
B7: =Summary!#REF! -> #REF! | C7: =Summary!#REF! -> #REF! | D7: =Summary!#REF! -> #REF! | E7: =Summary!#REF! -> #REF! | F7: =Summary!#REF! -> #REF! | G7: =Summary!#REF! -> #REF! | H7: =Summary!#REF! -> #REF! | I7: =Summary!#REF! -> #REF! | ... K7: =Summary!#REF! -> #REF!
B8: =Summary!#REF! -> #REF! | C8: =Summary!#REF! -> #REF! | D8: =Summary!#REF! -> #REF! | E8: =Summary!#REF! -> #REF! | F8: =Summary!#REF! -> #REF! | G8: =Summary!#REF! -> #REF! | H8: =Summary!#REF! -> #REF! | I8: =Summary!#REF! -> #REF! | ... K8: =Summary!#REF! -> #REF!
B9: =Summary!#REF! -> #REF! | C9: =Summary!#REF! -> #REF! | D9: =Summary!#REF! -> #REF! | E9: =Summary!#REF! -> #REF! | F9: =Summary!#REF! -> #REF! | G9: =Summary!#REF! -> #REF! | H9: =Summary!#REF! -> #REF! | I9: =Summary!#REF! -> #REF! | ... K9: =Summary!#REF! -> #REF!
B10: =Summary!#REF! -> #REF! | C10: =Summary!#REF! -> #REF! | D10: =Summary!#REF! -> #REF! | E10: =Summary!#REF! -> #REF! | F10: =Summary!#REF! -> #REF! | G10: =Summary!#REF! -> #REF! | H10: =Summary!#REF! -> #REF! | I10: =Summary!#REF! -> #REF! | ... K10: =Summary!#REF! -> #REF!
B11: =Summary!#REF! -> #REF! | C11: =Summary!#REF! -> #REF! | D11: =Summary!#REF! -> #REF! | E11: =Summary!#REF! -> #REF! | F11: =Summary!#REF! -> #REF! | G11: =Summary!#REF! -> #REF! | H11: =Summary!#REF! -> #REF! | I11: =Summary!#REF! -> #REF! | ... K11: =Summary!#REF! -> #REF!
B12: =Summary!#REF! -> #REF! | C12: =Summary!#REF! -> #REF! | D12: =Summary!#REF! -> #REF! | E12: =Summary!#REF! -> #REF! | F12: =Summary!#REF! -> #REF! | G12: =Summary!#REF! -> #REF! | H12: =Summary!#REF! -> #REF! | I12: =Summary!#REF! -> #REF! | ... K12: =Summary!#REF! -> #REF!
B13: =Summary!#REF! -> #REF! | C13: =Summary!#REF! -> #REF! | D13: =Summary!#REF! -> #REF! | E13: =Summary!#REF! -> #REF! | F13: =Summary!#REF! -> #REF! | G13: =Summary!#REF! -> #REF! | H13: =Summary!#REF! -> #REF! | I13: =Summary!#REF! -> #REF! | ... K13: =Summary!#REF! -> #REF!
B14: =Summary!#REF! -> #REF! | C14: =Summary!#REF! -> #REF! | D14: =Summary!#REF! -> #REF! | E14: =Summary!#REF! -> #REF! | F14: =Summary!#REF! -> #REF! | G14: =Summary!#REF! -> #REF! | H14: =Summary!#REF! -> #REF! | I14: =Summary!#REF! -> #REF! | ... K14: =Summary!#REF! -> #REF!
B15: =Summary!#REF! -> #REF! | C15: =Summary!#REF! -> #REF! | D15: =Summary!#REF! -> #REF! | E15: =Summary!#REF! -> #REF! | F15: =Summary!#REF! -> #REF! | G15: =Summary!#REF! -> #REF! | H15: =Summary!#REF! -> #REF! | I15: =Summary!#REF! -> #REF! | ... K15: =Summary!#REF! -> #REF!
B16: =Summary!#REF! -> #REF! | C16: =Summary!#REF! -> #REF! | D16: =Summary!#REF! -> #REF! | E16: =Summary!#REF! -> #REF! | F16: =Summary!#REF! -> #REF! | G16: =Summary!#REF! -> #REF! | H16: =Summary!#REF! -> #REF! | I16: =Summary!#REF! -> #REF! | ... K16: =Summary!#REF! -> #REF!
B17: =Summary!#REF! -> #REF! | C17: =Summary!#REF! -> #REF! | D17: =Summary!#REF! -> #REF! | E17: =Summary!#REF! -> #REF! | F17: =Summary!#REF! -> #REF! | G17: =Summary!#REF! -> #REF! | H17: =Summary!#REF! -> #REF! | I17: =Summary!#REF! -> #REF! | ... K17: =Summary!#REF! -> #REF!
B18: =Summary!#REF! -> #REF! | C18: =Summary!#REF! -> #REF! | D18: =Summary!#REF! -> #REF! | E18: =Summary!#REF! -> #REF! | F18: =Summary!#REF! -> #REF! | G18: =Summary!#REF! -> #REF! | H18: =Summary!#REF! -> #REF! | I18: =Summary!#REF! -> #REF! | ... K18: =Summary!#REF! -> #REF!
... B249: =Summary!#REF! -> #REF! | C249: =Summary!#REF! -> #REF! | D249: =Summary!#REF! -> #REF! | E249: =Summary!#REF! -> #REF! | F249: =Summary!#REF! -> #REF! | G249: =Summary!#REF! -> #REF! | H249: =Summary!#REF! -> #REF! | I249: =Summary!#REF! -> #REF! | ... K249: =Summary!#REF! -> #REF!
C250: =SUM(C7:C248) -> #REF! | G250: Moving Beyond the Page | I250: Total | K250: =SUBTOTAL(9,K7:K249) -> #REF!
B254: Filled By: _________________________
B258: Filled Date: ________________________

Sheet Rainbow Resource
B1: Curriculum Request Form | G1: Spring 2021-22
A2: =#REF! -> #REF! | D2: =#REF! -> #REF! | G2: Date:
A3: =#REF! -> #REF! | D3: =#REF! -> #REF!
A4: =#REF! -> #REF! | D4: =#REF! -> #REF!
A5: =#REF! -> #REF! | D5: =#REF! -> #REF!
A6: Filled | B6: Student Name | C6: Quantity | D6: Product # | E6: Title | F6: Grade | G6: Vendor | H6: Subject | I6: Cost | J6: Price | K6: Total
B7: =Summary!#REF! -> #REF! | C7: =Summary!#REF! -> #REF! | D7: =Summary!#REF! -> #REF! | E7: =Summary!#REF! -> #REF! | F7: =Summary!#REF! -> #REF! | G7: =Summary!#REF! -> #REF! | H7: =Summary!#REF! -> #REF! | I7: =Summary!#REF! -> #REF! | ... K7: =Summary!#REF! -> #REF!
B8: =Summary!#REF! -> #REF! | C8: =Summary!#REF! -> #REF! | D8: =Summary!#REF! -> #REF! | E8: =Summary!#REF! -> #REF! | F8: =Summary!#REF! -> #REF! | G8: =Summary!#REF! -> #REF! | H8: =Summary!#REF! -> #REF! | I8: =Summary!#REF! -> #REF! | ... K8: =Summary!#REF! -> #REF!
B9: =Summary!#REF! -> #REF! | C9: =Summary!#REF! -> #REF! | D9: =Summary!#REF! -> #REF! | E9: =Summary!#REF! -> #REF! | F9: =Summary!#REF! -> #REF! | G9: =Summary!#REF! -> #REF! | H9: =Summary!#REF! -> #REF! | I9: =Summary!#REF! -> #REF! | ... K9: =Summary!#REF! -> #REF!
B10: =Summary!#REF! -> #REF! | C10: =Summary!#REF! -> #REF! | D10: =Summary!#REF! -> #REF! | E10: =Summary!#REF! -> #REF! | F10: =Summary!#REF! -> #REF! | G10: =Summary!#REF! -> #REF! | H10: =Summary!#REF! -> #REF! | I10: =Summary!#REF! -> #REF! | ... K10: =Summary!#REF! -> #REF!
B11: =Summary!#REF! -> #REF! | C11: =Summary!#REF! -> #REF! | D11: =Summary!#REF! -> #REF! | E11: =Summary!#REF! -> #REF! | F11: =Summary!#REF! -> #REF! | G11: =Summary!#REF! -> #REF! | H11: =Summary!#REF! -> #REF! | I11: =Summary!#REF! -> #REF! | ... K11: =Summary!#REF! -> #REF!
B12: =Summary!#REF! -> #REF! | C12: =Summary!#REF! -> #REF! | D12: =Summary!#REF! -> #REF! | E12: =Summary!#REF! -> #REF! | F12: =Summary!#REF! -> #REF! | G12: =Summary!#REF! -> #REF! | H12: =Summary!#REF! -> #REF! | I12: =Summary!#REF! -> #REF! | ... K12: =Summary!#REF! -> #REF!
B13: =Summary!#REF! -> #REF! | C13: =Summary!#REF! -> #REF! | D13: =Summary!#REF! -> #REF! | E13: =Summary!#REF! -> #REF! | F13: =Summary!#REF! -> #REF! | G13: =Summary!#REF! -> #REF! | H13: =Summary!#REF! -> #REF! | I13: =Summary!#REF! -> #REF! | ... K13: =Summary!#REF! -> #REF!
B14: =Summary!#REF! -> #REF! | C14: =Summary!#REF! -> #REF! | D14: =Summary!#REF! -> #REF! | E14: =Summary!#REF! -> #REF! | F14: =Summary!#REF! -> #REF! | G14: =Summary!#REF! -> #REF! | H14: =Summary!#REF! -> #REF! | I14: =Summary!#REF! -> #REF! | ... K14: =Summary!#REF! -> #REF!
B15: =Summary!#REF! -> #REF! | C15: =Summary!#REF! -> #REF! | D15: =Summary!#REF! -> #REF! | E15: =Summary!#REF! -> #REF! | F15: =Summary!#REF! -> #REF! | G15: =Summary!#REF! -> #REF! | H15: =Summary!#REF! -> #REF! | I15: =Summary!#REF! -> #REF! | ... K15: =Summary!#REF! -> #REF!
B16: =Summary!#REF! -> #REF! | C16: =Summary!#REF! -> #REF! | D16: =Summary!#REF! -> #REF! | E16: =Summary!#REF! -> #REF! | F16: =Summary!#REF! -> #REF! | G16: =Summary!#REF! -> #REF! | H16: =Summary!#REF! -> #REF! | I16: =Summary!#REF! -> #REF! | ... K16: =Summary!#REF! -> #REF!
B17: =Summary!#REF! -> #REF! | C17: =Summary!#REF! -> #REF! | D17: =Summary!#REF! -> #REF! | E17: =Summary!#REF! -> #REF! | F17: =Summary!#REF! -> #REF! | G17: =Summary!#REF! -> #REF! | H17: =Summary!#REF! -> #REF! | I17: =Summary!#REF! -> #REF! | ... K17: =Summary!#REF! -> #REF!
B18: =Summary!#REF! -> #REF! | C18: =Summary!#REF! -> #REF! | D18: =Summary!#REF! -> #REF! | E18: =Summary!#REF! -> #REF! | F18: =Summary!#REF! -> #REF! | G18: =Summary!#REF! -> #REF! | H18: =Summary!#REF! -> #REF! | I18: =Summary!#REF! -> #REF! | ... K18: =Summary!#REF! -> #REF!
... B609: =Summary!#REF! -> #REF! | C609: =Summary!#REF! -> #REF! | D609: =Summary!#REF! -> #REF! | E609: =Summary!#REF! -> #REF! | F609: =Summary!#REF! -> #REF! | G609: =Summary!#REF! -> #REF! | H609: =Summary!#REF! -> #REF! | I609: =Summary!#REF! -> #REF! | ... K609: =Summary!#REF! -> #REF!
G610: Rainbow Resource | I610: Total | K610: =SUBTOTAL(9,K7:K609) -> #REF!
B614: Filled By: _________________________
B618: Filled Date: ________________________

Sheet Singapore
B1: Curriculum Request Form | G1: Spring 2021-22
A2: =#REF! -> #REF! | D2: =#REF! -> #REF! | G2: Date:
A3: =#REF! -> #REF! | D3: =#REF! -> #REF!
A4: =#REF! -> #REF! | D4: =#REF! -> #REF!
A5: =#REF! -> #REF! | D5: =#REF! -> #REF!
A6: Filled | B6: Student Name | C6: Quantity | D6: Product # | E6: Title | F6: Grade | G6: Vendor | H6: Subject | I6: Cost | J6: Price | K6: Total
B7: =Summary!#REF! -> #REF! | C7: =Summary!#REF! -> #REF! | D7: =Summary!#REF! -> #REF! | E7: =Summary!#REF! -> #REF! | F7: =Summary!#REF! -> #REF! | G7: =Summary!#REF! -> #REF! | H7: =Summary!#REF! -> #REF! | I7: =Summary!#REF! -> #REF! | ... K7: =Summary!#REF! -> #REF!
B8: =Summary!#REF! -> #REF! | C8: =Summary!#REF! -> #REF! | D8: =Summary!#REF! -> #REF! | E8: =Summary!#REF! -> #REF! | F8: =Summary!#REF! -> #REF! | G8: =Summary!#REF! -> #REF! | H8: =Summary!#REF! -> #REF! | I8: =Summary!#REF! -> #REF! | ... K8: =Summary!#REF! -> #REF!
B9: =Summary!#REF! -> #REF! | C9: =Summary!#REF! -> #REF! | D9: =Summary!#REF! -> #REF! | E9: =Summary!#REF! -> #REF! | F9: =Summary!#REF! -> #REF! | G9: =Summary!#REF! -> #REF! | H9: =Summary!#REF! -> #REF! | I9: =Summary!#REF! -> #REF! | ... K9: =Summary!#REF! -> #REF!
B10: =Summary!#REF! -> #REF! | C10: =Summary!#REF! -> #REF! | D10: =Summary!#REF! -> #REF! | E10: =Summary!#REF! -> #REF! | F10: =Summary!#REF! -> #REF! | G10: =Summary!#REF! -> #REF! | H10: =Summary!#REF! -> #REF! | I10: =Summary!#REF! -> #REF! | ... K10: =Summary!#REF! -> #REF!
B11: =Summary!#REF! -> #REF! | C11: =Summary!#REF! -> #REF! | D11: =Summary!#REF! -> #REF! | E11: =Summary!#REF! -> #REF! | F11: =Summary!#REF! -> #REF! | G11: =Summary!#REF! -> #REF! | H11: =Summary!#REF! -> #REF! | I11: =Summary!#REF! -> #REF! | ... K11: =Summary!#REF! -> #REF!
B12: =Summary!#REF! -> #REF! | C12: =Summary!#REF! -> #REF! | D12: =Summary!#REF! -> #REF! | E12: =Summary!#REF! -> #REF! | F12: =Summary!#REF! -> #REF! | G12: =Summary!#REF! -> #REF! | H12: =Summary!#REF! -> #REF! | I12: =Summary!#REF! -> #REF! | ... K12: =Summary!#REF! -> #REF!
B13: =Summary!#REF! -> #REF! | C13: =Summary!#REF! -> #REF! | D13: =Summary!#REF! -> #REF! | E13: =Summary!#REF! -> #REF! | F13: =Summary!#REF! -> #REF! | G13: =Summary!#REF! -> #REF! | H13: =Summary!#REF! -> #REF! | I13: =Summary!#REF! -> #REF! | ... K13: =Summary!#REF! -> #REF!
B14: =Summary!#REF! -> #REF! | C14: =Summary!#REF! -> #REF! | D14: =Summary!#REF! -> #REF! | E14: =Summary!#REF! -> #REF! | F14: =Summary!#REF! -> #REF! | G14: =Summary!#REF! -> #REF! | H14: =Summary!#REF! -> #REF! | I14: =Summary!#REF! -> #REF! | ... K14: =Summary!#REF! -> #REF!
B15: =Summary!#REF! -> #REF! | C15: =Summary!#REF! -> #REF! | D15: =Summary!#REF! -> #REF! | E15: =Summary!#REF! -> #REF! | F15: =Summary!#REF! -> #REF! | G15: =Summary!#REF! -> #REF! | H15: =Summary!#REF! -> #REF! | I15: =Summary!#REF! -> #REF! | ... K15: =Summary!#REF! -> #REF!
B16: =Summary!#REF! -> #REF! | C16: =Summary!#REF! -> #REF! | D16: =Summary!#REF! -> #REF! | E16: =Summary!#REF! -> #REF! | F16: =Summary!#REF! -> #REF! | G16: =Summary!#REF! -> #REF! | H16: =Summary!#REF! -> #REF! | I16: =Summary!#REF! -> #REF! | ... K16: =Summary!#REF! -> #REF!
B17: =Summary!#REF! -> #REF! | C17: =Summary!#REF! -> #REF! | D17: =Summary!#REF! -> #REF! | E17: =Summary!#REF! -> #REF! | F17: =Summary!#REF! -> #REF! | G17: =Summary!#REF! -> #REF! | H17: =Summary!#REF! -> #REF! | I17: =Summary!#REF! -> #REF! | ... K17: =Summary!#REF! -> #REF!
B18: =Summary!#REF! -> #REF! | C18: =Summary!#REF! -> #REF! | D18: =Summary!#REF! -> #REF! | E18: =Summary!#REF! -> #REF! | F18: =Summary!#REF! -> #REF! | G18: =Summary!#REF! -> #REF! | H18: =Summary!#REF! -> #REF! | I18: =Summary!#REF! -> #REF! | ... K18: =Summary!#REF! -> #REF!
... B95: =Summary!#REF! -> #REF! | C95: =Summary!#REF! -> #REF! | D95: =Summary!#REF! -> #REF! | E95: =Summary!#REF! -> #REF! | F95: =Summary!#REF! -> #REF! | G95: =Summary!#REF! -> #REF! | H95: =Summary!#REF! -> #REF! | I95: =Summary!#REF! -> #REF! | ... K95: =Summary!#REF! -> #REF!
G96: Singapore Math | I96: Total | K96: =SUBTOTAL(9,K7:K95) -> #REF!
B100: Filled By: _________________________
B104: Filled Date: ________________________

Sheet Teaching Textbooks
B1: Curriculum Request Form | G1: Spring 2021-22
A2: =#REF! -> #REF! | D2: =#REF! -> #REF! | G2: Date:
A3: =#REF! -> #REF! | D3: =#REF! -> #REF!
A4: =#REF! -> #REF! | D4: =#REF! -> #REF!
A5: =#REF! -> #REF! | D5: =#REF! -> #REF!
A6: Filled | B6: Student Name | C6: Quantity | D6: Product # | E6: Title | F6: Grade | G6: Vendor | H6: Subject | I6: Cost | J6: Price | K6: Total
B7: =Summary!#REF! -> #REF! | C7: =Summary!#REF! -> #REF! | D7: =Summary!#REF! -> #REF! | E7: =Summary!#REF! -> #REF! | F7: =Summary!#REF! -> #REF! | G7: =Summary!#REF! -> #REF! | H7: =Summary!#REF! -> #REF! | I7: =Summary!#REF! -> #REF! | ... K7: =Summary!#REF! -> #REF!
B8: =Summary!#REF! -> #REF! | C8: =Summary!#REF! -> #REF! | D8: =Summary!#REF! -> #REF! | E8: =Summary!#REF! -> #REF! | F8: =Summary!#REF! -> #REF! | G8: =Summary!#REF! -> #REF! | H8: =Summary!#REF! -> #REF! | I8: =Summary!#REF! -> #REF! | ... K8: =Summary!#REF! -> #REF!
B9: =Summary!#REF! -> #REF! | C9: =Summary!#REF! -> #REF! | D9: =Summary!#REF! -> #REF! | E9: =Summary!#REF! -> #REF! | F9: =Summary!#REF! -> #REF! | G9: =Summary!#REF! -> #REF! | H9: =Summary!#REF! -> #REF! | I9: =Summary!#REF! -> #REF! | ... K9: =Summary!#REF! -> #REF!
B10: =Summary!#REF! -> #REF! | C10: =Summary!#REF! -> #REF! | D10: =Summary!#REF! -> #REF! | E10: =Summary!#REF! -> #REF! | F10: =Summary!#REF! -> #REF! | G10: =Summary!#REF! -> #REF! | H10: =Summary!#REF! -> #REF! | I10: =Summary!#REF! -> #REF! | ... K10: =Summary!#REF! -> #REF!
B11: =Summary!#REF! -> #REF! | C11: =Summary!#REF! -> #REF! | D11: =Summary!#REF! -> #REF! | E11: =Summary!#REF! -> #REF! | F11: =Summary!#REF! -> #REF! | G11: =Summary!#REF! -> #REF! | H11: =Summary!#REF! -> #REF! | I11: =Summary!#REF! -> #REF! | ... K11: =Summary!#REF! -> #REF!
B12: =Summary!#REF! -> #REF! | C12: =Summary!#REF! -> #REF! | D12: =Summary!#REF! -> #REF! | E12: =Summary!#REF! -> #REF! | F12: =Summary!#REF! -> #REF! | G12: =Summary!#REF! -> #REF! | H12: =Summary!#REF! -> #REF! | I12: =Summary!#REF! -> #REF! | ... K12: =Summary!#REF! -> #REF!
B13: =Summary!#REF! -> #REF! | C13: =Summary!#REF! -> #REF! | D13: =Summary!#REF! -> #REF! | E13: =Summary!#REF! -> #REF! | F13: =Summary!#REF! -> #REF! | G13: =Summary!#REF! -> #REF! | H13: =Summary!#REF! -> #REF! | I13: =Summary!#REF! -> #REF! | ... K13: =Summary!#REF! -> #REF!
B14: =Summary!#REF! -> #REF! | C14: =Summary!#REF! -> #REF! | D14: =Summary!#REF! -> #REF! | E14: =Summary!#REF! -> #REF! | F14: =Summary!#REF! -> #REF! | G14: =Summary!#REF! -> #REF! | H14: =Summary!#REF! -> #REF! | I14: =Summary!#REF! -> #REF! | ... K14: =Summary!#REF! -> #REF!
B15: =Summary!#REF! -> #REF! | C15: =Summary!#REF! -> #REF! | D15: =Summary!#REF! -> #REF! | E15: =Summary!#REF! -> #REF! | F15: =Summary!#REF! -> #REF! | G15: =Summary!#REF! -> #REF! | H15: =Summary!#REF! -> #REF! | I15: =Summary!#REF! -> #REF! | ... K15: =Summary!#REF! -> #REF!
B16: =Summary!#REF! -> #REF! | C16: =Summary!#REF! -> #REF! | D16: =Summary!#REF! -> #REF! | E16: =Summary!#REF! -> #REF! | F16: =Summary!#REF! -> #REF! | G16: =Summary!#REF! -> #REF! | H16: =Summary!#REF! -> #REF! | I16: =Summary!#REF! -> #REF! | ... K16: =Summary!#REF! -> #REF!
B17: =Summary!#REF! -> #REF! | C17: =Summary!#REF! -> #REF! | D17: =Summary!#REF! -> #REF! | E17: =Summary!#REF! -> #REF! | F17: =Summary!#REF! -> #REF! | G17: =Summary!#REF! -> #REF! | H17: =Summary!#REF! -> #REF! | I17: =Summary!#REF! -> #REF! | ... K17: =Summary!#REF! -> #REF!
B18: =Summary!#REF! -> #REF! | C18: =Summary!#REF! -> #REF! | D18: =Summary!#REF! -> #REF! | E18: =Summary!#REF! -> #REF! | F18: =Summary!#REF! -> #REF! | G18: =Summary!#REF! -> #REF! | H18: =Summary!#REF! -> #REF! | I18: =Summary!#REF! -> #REF! | ... K18: =Summary!#REF! -> #REF!
... B33: =Summary!#REF! -> #REF! | C33: =Summary!#REF! -> #REF! | D33: =Summary!#REF! -> #REF! | E33: =Summary!#REF! -> #REF! | F33: =Summary!#REF! -> #REF! | G33: =Summary!#REF! -> #REF! | H33: =Summary!#REF! -> #REF! | I33: =Summary!#REF! -> #REF! | ... K33: =Summary!#REF! -> #REF!
G34: Teaching Textbooks | I34: Total | K34: =SUBTOTAL(9,K7:K33) -> #REF!
B38: Filled By: _________________________
B42: Filled Date: ________________________

Sheet Math U See
B1: Curriculum Request Form | G1: Spring 2021-22
A2: =#REF! -> #REF! | D2: =#REF! -> #REF! | G2: Date:
A3: =#REF! -> #REF! | D3: =#REF! -> #REF!
A4: =#REF! -> #REF! | D4: =#REF! -> #REF!
A5: =#REF! -> #REF! | D5: =#REF! -> #REF!
A6: Filled | B6: Student Name | C6: Quantity | D6: Product # | E6: Title | F6: Grade | G6: Vendor | H6: Subject | I6: Cost | J6: Price | K6: Total
B7: =Summary!#REF! -> #REF! | C7: =Summary!#REF! -> #REF! | D7: =Summary!#REF! -> #REF! | E7: =Summary!#REF! -> #REF! | F7: =Summary!#REF! -> #REF! | G7: =Summary!#REF! -> #REF! | H7: =Summary!#REF! -> #REF! | I7: =Summary!#REF! -> #REF! | ... K7: =Summary!#REF! -> #REF!
B8: =Summary!#REF! -> #REF! | C8: =Summary!#REF! -> #REF! | D8: =Summary!#REF! -> #REF! | E8: =Summary!#REF! -> #REF! | F8: =Summary!#REF! -> #REF! | G8: =Summary!#REF! -> #REF! | H8: =Summary!#REF! -> #REF! | I8: =Summary!#REF! -> #REF! | ... K8: =Summary!#REF! -> #REF!
B9: =Summary!#REF! -> #REF! | C9: =Summary!#REF! -> #REF! | D9: =Summary!#REF! -> #REF! | E9: =Summary!#REF! -> #REF! | F9: =Summary!#REF! -> #REF! | G9: =Summary!#REF! -> #REF! | H9: =Summary!#REF! -> #REF! | I9: =Summary!#REF! -> #REF! | ... K9: =Summary!#REF! -> #REF!
B10: =Summary!#REF! -> #REF! | C10: =Summary!#REF! -> #REF! | D10: =Summary!#REF! -> #REF! | E10: =Summary!#REF! -> #REF! | F10: =Summary!#REF! -> #REF! | G10: =Summary!#REF! -> #REF! | H10: =Summary!#REF! -> #REF! | I10: =Summary!#REF! -> #REF! | ... K10: =Summary!#REF! -> #REF!
B11: =Summary!#REF! -> #REF! | C11: =Summary!#REF! -> #REF! | D11: =Summary!#REF! -> #REF! | E11: =Summary!#REF! -> #REF! | F11: =Summary!#REF! -> #REF! | G11: =Summary!#REF! -> #REF! | H11: =Summary!#REF! -> #REF! | I11: =Summary!#REF! -> #REF! | ... K11: =Summary!#REF! -> #REF!
B12: =Summary!#REF! -> #REF! | C12: =Summary!#REF! -> #REF! | D12: =Summary!#REF! -> #REF! | E12: =Summary!#REF! -> #REF! | F12: =Summary!#REF! -> #REF! | G12: =Summary!#REF! -> #REF! | H12: =Summary!#REF! -> #REF! | I12: =Summary!#REF! -> #REF! | ... K12: =Summary!#REF! -> #REF!
B13: =Summary!#REF! -> #REF! | C13: =Summary!#REF! -> #REF! | D13: =Summary!#REF! -> #REF! | E13: =Summary!#REF! -> #REF! | F13: =Summary!#REF! -> #REF! | G13: =Summary!#REF! -> #REF! | H13: =Summary!#REF! -> #REF! | I13: =Summary!#REF! -> #REF! | ... K13: =Summary!#REF! -> #REF!
B14: =Summary!#REF! -> #REF! | C14: =Summary!#REF! -> #REF! | D14: =Summary!#REF! -> #REF! | E14: =Summary!#REF! -> #REF! | F14: =Summary!#REF! -> #REF! | G14: =Summary!#REF! -> #REF! | H14: =Summary!#REF! -> #REF! | I14: =Summary!#REF! -> #REF! | ... K14: =Summary!#REF! -> #REF!
B15: =Summary!#REF! -> #REF! | C15: =Summary!#REF! -> #REF! | D15: =Summary!#REF! -> #REF! | E15: =Summary!#REF! -> #REF! | F15: =Summary!#REF! -> #REF! | G15: =Summary!#REF! -> #REF! | H15: =Summary!#REF! -> #REF! | I15: =Summary!#REF! -> #REF! | ... K15: =Summary!#REF! -> #REF!
B16: =Summary!#REF! -> #REF! | C16: =Summary!#REF! -> #REF! | D16: =Summary!#REF! -> #REF! | E16: =Summary!#REF! -> #REF! | F16: =Summary!#REF! -> #REF! | G16: =Summary!#REF! -> #REF! | H16: =Summary!#REF! -> #REF! | I16: =Summary!#REF! -> #REF! | ... K16: =Summary!#REF! -> #REF!
B17: =Summary!#REF! -> #REF! | C17: =Summary!#REF! -> #REF! | D17: =Summary!#REF! -> #REF! | E17: =Summary!#REF! -> #REF! | F17: =Summary!#REF! -> #REF! | G17: =Summary!#REF! -> #REF! | H17: =Summary!#REF! -> #REF! | I17: =Summary!#REF! -> #REF! | ... K17: =Summary!#REF! -> #REF!
B18: =Summary!#REF! -> #REF! | C18: =Summary!#REF! -> #REF! | D18: =Summary!#REF! -> #REF! | E18: =Summary!#REF! -> #REF! | F18: =Summary!#REF! -> #REF! | G18: =Summary!#REF! -> #REF! | H18: =Summary!#REF! -> #REF! | I18: =Summary!#REF! -> #REF! | ... K18: =Summary!#REF! -> #REF!
... B44: =Summary!#REF! -> #REF! | C44: =Summary!#REF! -> #REF! | D44: =Summary!#REF! -> #REF! | E44: =Summary!#REF! -> #REF! | F44: =Summary!#REF! -> #REF! | G44: =Summary!#REF! -> #REF! | H44: =Summary!#REF! -> #REF! | I44: =Summary!#REF! -> #REF! | ... K44: =Summary!#REF! -> #REF!
G45: Math U See | I45: Total | K45: =SUBTOTAL(9,K7:K44) -> #REF!
B49: Filled By: _________________________
B53: Filled Date: ________________________

Sheet Logic of English
B1: Curriculum Request Form | G1: Spring 2021-22
A2: =#REF! -> #REF! | D2: =#REF! -> #REF! | G2: Date:
A3: =#REF! -> #REF! | D3: =#REF! -> #REF!
A4: =#REF! -> #REF! | D4: =#REF! -> #REF!
A5: =#REF! -> #REF! | D5: =#REF! -> #REF!
A6: Filled | B6: Student Name | C6: Quantity | D6: Product # | E6: Title | F6: Grade | G6: Vendor | H6: Subject | I6: Cost | J6: Price | K6: Total
B7: =Summary!#REF! -> #REF! | C7: =Summary!#REF! -> #REF! | D7: =Summary!#REF! -> #REF! | E7: =Summary!#REF! -> #REF! | F7: =Summary!#REF! -> #REF! | G7: =Summary!#REF! -> #REF! | H7: =Summary!#REF! -> #REF! | I7: =Summary!#REF! -> #REF! | ... K7: =Summary!#REF! -> #REF!
B8: =Summary!#REF! -> #REF! | C8: =Summary!#REF! -> #REF! | D8: =Summary!#REF! -> #REF! | E8: =Summary!#REF! -> #REF! | F8: =Summary!#REF! -> #REF! | G8: =Summary!#REF! -> #REF! | H8: =Summary!#REF! -> #REF! | I8: =Summary!#REF! -> #REF! | ... K8: =Summary!#REF! -> #REF!
B9: =Summary!#REF! -> #REF! | C9: =Summary!#REF! -> #REF! | D9: =Summary!#REF! -> #REF! | E9: =Summary!#REF! -> #REF! | F9: =Summary!#REF! -> #REF! | G9: =Summary!#REF! -> #REF! | H9: =Summary!#REF! -> #REF! | I9: =Summary!#REF! -> #REF! | ... K9: =Summary!#REF! -> #REF!
B10: =Summary!#REF! -> #REF! | C10: =Summary!#REF! -> #REF! | D10: =Summary!#REF! -> #REF! | E10: =Summary!#REF! -> #REF! | F10: =Summary!#REF! -> #REF! | G10: =Summary!#REF! -> #REF! | H10: =Summary!#REF! -> #REF! | I10: =Summary!#REF! -> #REF! | ... K10: =Summary!#REF! -> #REF!
B11: =Summary!#REF! -> #REF! | C11: =Summary!#REF! -> #REF! | D11: =Summary!#REF! -> #REF! | E11: =Summary!#REF! -> #REF! | F11: =Summary!#REF! -> #REF! | G11: =Summary!#REF! -> #REF! | H11: =Summary!#REF! -> #REF! | I11: =Summary!#REF! -> #REF! | ... K11: =Summary!#REF! -> #REF!
B12: =Summary!#REF! -> #REF! | C12: =Summary!#REF! -> #REF! | D12: =Summary!#REF! -> #REF! | E12: =Summary!#REF! -> #REF! | F12: =Summary!#REF! -> #REF! | G12: =Summary!#REF! -> #REF! | H12: =Summary!#REF! -> #REF! | I12: =Summary!#REF! -> #REF! | ... K12: =Summary!#REF! -> #REF!
B13: =Summary!#REF! -> #REF! | C13: =Summary!#REF! -> #REF! | D13: =Summary!#REF! -> #REF! | E13: =Summary!#REF! -> #REF! | F13: =Summary!#REF! -> #REF! | G13: =Summary!#REF! -> #REF! | H13: =Summary!#REF! -> #REF! | I13: =Summary!#REF! -> #REF! | ... K13: =Summary!#REF! -> #REF!
B14: =Summary!#REF! -> #REF! | C14: =Summary!#REF! -> #REF! | D14: =Summary!#REF! -> #REF! | E14: =Summary!#REF! -> #REF! | F14: =Summary!#REF! -> #REF! | G14: =Summary!#REF! -> #REF! | H14: =Summary!#REF! -> #REF! | I14: =Summary!#REF! -> #REF! | ... K14: =Summary!#REF! -> #REF!
B15: =Summary!#REF! -> #REF! | C15: =Summary!#REF! -> #REF! | D15: =Summary!#REF! -> #REF! | E15: =Summary!#REF! -> #REF! | F15: =Summary!#REF! -> #REF! | G15: =Summary!#REF! -> #REF! | H15: =Summary!#REF! -> #REF! | I15: =Summary!#REF! -> #REF! | ... K15: =Summary!#REF! -> #REF!
B16: =Summary!#REF! -> #REF! | C16: =Summary!#REF! -> #REF! | D16: =Summary!#REF! -> #REF! | E16: =Summary!#REF! -> #REF! | F16: =Summary!#REF! -> #REF! | G16: =Summary!#REF! -> #REF! | H16: =Summary!#REF! -> #REF! | I16: =Summary!#REF! -> #REF! | ... K16: =Summary!#REF! -> #REF!
B17: =Summary!#REF! -> #REF! | C17: =Summary!#REF! -> #REF! | D17: =Summary!#REF! -> #REF! | E17: =Summary!#REF! -> #REF! | F17: =Summary!#REF! -> #REF! | G17: =Summary!#REF! -> #REF! | H17: =Summary!#REF! -> #REF! | I17: =Summary!#REF! -> #REF! | ... K17: =Summary!#REF! -> #REF!
B18: =Summary!#REF! -> #REF! | C18: =Summary!#REF! -> #REF! | D18: =Summary!#REF! -> #REF! | E18: =Summary!#REF! -> #REF! | F18: =Summary!#REF! -> #REF! | G18: =Summary!#REF! -> #REF! | H18: =Summary!#REF! -> #REF! | I18: =Summary!#REF! -> #REF! | ... K18: =Summary!#REF! -> #REF!
... B24: =Summary!#REF! -> #REF! | C24: =Summary!#REF! -> #REF! | D24: =Summary!#REF! -> #REF! | E24: =Summary!#REF! -> #REF! | F24: =Summary!#REF! -> #REF! | G24: =Summary!#REF! -> #REF! | H24: =Summary!#REF! -> #REF! | I24: =Summary!#REF! -> #REF! | ... K24: =Summary!#REF! -> #REF!
G25: Logic of English | I25: Total | K25: =SUBTOTAL(9,K7:K24) -> #REF!
B29: Filled By: _________________________
B33: Filled Date: ________________________

Sheet Delta
B1: Curriculum Request Form | G1: Spring 2021-22
A2: =#REF! -> #REF! | D2: =#REF! -> #REF! | G2: Date:
A3: =#REF! -> #REF! | D3: =#REF! -> #REF!
A4: =#REF! -> #REF! | D4: =#REF! -> #REF!
A5: =#REF! -> #REF! | D5: =#REF! -> #REF!
A6: Filled | B6: Student Name | C6: Quantity | D6: Product # | E6: Title | F6: Grade | G6: Vendor | H6: Subject | I6: Cost | J6: Price | K6: Total
B7: =Summary!#REF! -> #REF! | C7: =Summary!#REF! -> #REF! | D7: =Summary!#REF! -> #REF! | E7: =Summary!#REF! -> #REF! | F7: =Summary!#REF! -> #REF! | G7: =Summary!#REF! -> #REF! | H7: =Summary!#REF! -> #REF! | I7: =Summary!#REF! -> #REF! | ... K7: =Summary!#REF! -> #REF!
B8: =Summary!#REF! -> #REF! | C8: =Summary!#REF! -> #REF! | D8: =Summary!#REF! -> #REF! | E8: =Summary!#REF! -> #REF! | F8: =Summary!#REF! -> #REF! | G8: =Summary!#REF! -> #REF! | H8: =Summary!#REF! -> #REF! | I8: =Summary!#REF! -> #REF! | ... K8: =Summary!#REF! -> #REF!
B9: =Summary!#REF! -> #REF! | C9: =Summary!#REF! -> #REF! | D9: =Summary!#REF! -> #REF! | E9: =Summary!#REF! -> #REF! | F9: =Summary!#REF! -> #REF! | G9: =Summary!#REF! -> #REF! | H9: =Summary!#REF! -> #REF! | I9: =Summary!#REF! -> #REF! | ... K9: =Summary!#REF! -> #REF!
B10: =Summary!#REF! -> #REF! | C10: =Summary!#REF! -> #REF! | D10: =Summary!#REF! -> #REF! | E10: =Summary!#REF! -> #REF! | F10: =Summary!#REF! -> #REF! | G10: =Summary!#REF! -> #REF! | H10: =Summary!#REF! -> #REF! | I10: =Summary!#REF! -> #REF! | ... K10: =Summary!#REF! -> #REF!
B11: =Summary!#REF! -> #REF! | C11: =Summary!#REF! -> #REF! | D11: =Summary!#REF! -> #REF! | E11: =Summary!#REF! -> #REF! | F11: =Summary!#REF! -> #REF! | G11: =Summary!#REF! -> #REF! | H11: =Summary!#REF! -> #REF! | I11: =Summary!#REF! -> #REF! | ... K11: =Summary!#REF! -> #REF!
B12: =Summary!#REF! -> #REF! | C12: =Summary!#REF! -> #REF! | D12: =Summary!#REF! -> #REF! | E12: =Summary!#REF! -> #REF! | F12: =Summary!#REF! -> #REF! | G12: =Summary!#REF! -> #REF! | H12: =Summary!#REF! -> #REF! | I12: =Summary!#REF! -> #REF! | ... K12: =Summary!#REF! -> #REF!
B13: =Summary!#REF! -> #REF! | C13: =Summary!#REF! -> #REF! | D13: =Summary!#REF! -> #REF! | E13: =Summary!#REF! -> #REF! | F13: =Summary!#REF! -> #REF! | G13: =Summary!#REF! -> #REF! | H13: =Summary!#REF! -> #REF! | I13: =Summary!#REF! -> #REF! | ... K13: =Summary!#REF! -> #REF!
B14: =Summary!#REF! -> #REF! | C14: =Summary!#REF! -> #REF! | D14: =Summary!#REF! -> #REF! | E14: =Summary!#REF! -> #REF! | F14: =Summary!#REF! -> #REF! | G14: =Summary!#REF! -> #REF! | H14: =Summary!#REF! -> #REF! | I14: =Summary!#REF! -> #REF! | ... K14: =Summary!#REF! -> #REF!
B15: =Summary!#REF! -> #REF! | C15: =Summary!#REF! -> #REF! | D15: =Summary!#REF! -> #REF! | E15: =Summary!#REF! -> #REF! | F15: =Summary!#REF! -> #REF! | G15: =Summary!#REF! -> #REF! | H15: =Summary!#REF! -> #REF! | I15: =Summary!#REF! -> #REF! | ... K15: =Summary!#REF! -> #REF!
